Workbook

Sheet Orçamento
H2: SERPO
H3: Serviços Públicos e Obras
A4: PLANILHA ORÇAMENTÁRIA | G4: REV. | J4: 46289
A5: OBRA: | B5: REVITALIZAÇÃO DA PRAÇA LAUDELINO DO AMARAL NO BAIRRO VILA NOVA SOROCABA | G5: BDI Obra: | J5: 0.2354
A6: LOCAL: | B6: PRAÇA LAUDELINO DO AMARAL - VILA NOVA SOROCABA, SOROCABA/SP | G6: Área Principal de Intervenção(m²): | J6: 311.55
A8: ITEM | B8: CÓDIGO | C8: REFERÊNCIA | D8: DISCRIMINAÇÃO DO SERVIÇO | E8: UNIDADE | F8: QUANTIDADE | G8: PREÇO UNITÁRIO (S/ BDI) | H8: PREÇO UNITÁRIO (C/ BDI) | I8: PREÇO TOTAL (SEM BDI) | J8: PREÇO TOTAL (COM BDI) | K8: $ sem BDI | L8: $ com BDI | M8: Caso tenha alguma observação no item, escrever abaixo | O8: Conferências
A9: 1 | D9: SERVIÇOS PRELIMINARES | K9: =I18 -> 17468.67 | L9: =J18 -> 21579.06 | M9: OBSERVAÇÃO | N9: =A9 -> 1 | O9: =IF(L9=SUM(L10:L18),"OK","NOK") -> OK
A10: 1.1 | D10: PLACA E CANTEIRO | H10: SUBTOTAL | I10: =SUBTOTAL(9,I11:I14) -> 17191.83 | J10: =SUBTOTAL(109,J11:J14) -> 21238.17 | K10: =SUM(I11:I14) -> 17191.83 | L10: =SUM(J11:J14) -> 21238.17
A11: 1.1.1 | B11: 02.08.040 | C11: CDHU | D11: PLACA EM LONA COM IMPRESSÃO DIGITAL E REQUADRO EM METALON | E11: M2 | F11: 6 | G11: 450.11 | H11: =TRUNC(G11*(1+$J$5),2) -> 556.06 | I11: =TRUNC(G11*F11,2) -> 2700.66 | J11: =TRUNC(H11*F11,2) -> 3336.36
A12: 1.1.2 | B12: 02.01.180 | C12: CDHU | D12: BANHEIRO QUÍMICO MODELO STANDARD, COM MANUTENÇÃO CONFORME EXIGÊNCIAS DA CETESB | E12: UNMES | F12: 3 | G12: 1259.83 | H12: =TRUNC(G12*(1+$J$5),2) -> 1556.39 | I12: =TRUNC(G12*F12,2) -> 3779.49 | J12: =TRUNC(H12*F12,2) -> 4669.17
A13: 1.1.3 | B13: 02.02.150 | C13: CDHU | D13: LOCAÇÃO DE CONTAINER TIPO DEPÓSITO - ÁREA MÍNIMA DE 13,80 M² | E13: UNMES | F13: 3 | G13: 1010.89 | H13: =TRUNC(G13*(1+$J$5),2) -> 1248.85 | I13: =TRUNC(G13*F13,2) -> 3032.67 | J13: =TRUNC(H13*F13,2) -> 3746.55
A14: 1.1.4 | B14: 01-005-040 | C14: SIURB - EDIF | D14: TELA PARA PROTEÇÃO DE OBRAS, MALHA 2 MM | E14: M2 | F14: 219.84 | G14: 34.93 | H14: =TRUNC(G14*(1+$J$5),2) -> 43.15 | I14: =TRUNC(G14*F14,2) -> 7679.01 | J14: =TRUNC(H14*F14,2) -> 9486.09
A15: 1.2 | D15: LOCAÇÃO DE OBRA | H15: SUBTOTAL | I15: =SUBTOTAL(9,I16:I17) -> 276.84 | J15: =SUBTOTAL(109,J16:J17) -> 340.89 | K15: =SUM(I16:I17) -> 276.84 | L15: =SUM(J16:J17) -> 340.89
A16: 1.2.1 | B16: 02.10.050 | C16: CDHU | D16: LOCAÇÃO PARA MUROS, CERCAS E ALAMBRADOS | E16: M | F16: 149.23 | G16: 1.6 | H16: =TRUNC(G16*(1+$J$5),2) -> 1.97 | I16: =TRUNC(G16*F16,2) -> 238.76 | J16: =TRUNC(H16*F16,2) -> 293.98
A17: 1.2.2 | B17: 02.10.060 | C17: CDHU | D17: LOCAÇÃO DE VIAS, CALÇADAS, TANQUES E LAGOAS | E17: M2 | F17: 19.63 | G17: 1.94 | H17: =TRUNC(G17*(1+$J$5),2) -> 2.39 | I17: =TRUNC(G17*F17,2) -> 38.08 | J17: =TRUNC(H17*F17,2) -> 46.91
H18: TOTAL ITEM | I18: =SUBTOTAL(9,I10:I17) -> 17468.67 | J18: =SUBTOTAL(9,J10:J17) -> 21579.06
A19: 2 | D19: LIMPEZA, TERRAPLENAGEM E DEMOLIÇÕES | K19: =I32 -> 24392.19 | L19: =J32 -> 30119.5 | N19: =A19 -> 2 | O19: =IF(L19=SUM(L20:L31),"OK","NOK") -> OK
A20: 2.1 | D20: LIMPEZA DO TERRENO | H20: SUBTOTAL | I20: =SUBTOTAL(9,I21) -> 305.16 | J20: =SUBTOTAL(9,J21) -> 373.42 | K20: =SUM(I21) -> 305.16 | L20: =SUM(J21) -> 373.42
A21: 2.1.1 | B21: 98525 | C21: SINAPI | D21: LIMPEZA MECANIZADA DE CAMADA VEGETAL, VEGETAÇÃO E PEQUENAS ÁRVORES (DIÂMETRO DE TRONCO MENOR QUE 0,20 M), COM TRATOR DE ESTEIRAS. AF_03/2024 | E21: M2 | F21: 401.53 | G21: 0.76 | H21: =TRUNC(G21*(1+$J$5),2) -> 0.93 | I21: =TRUNC(G21*F21,2) -> 305.16 | J21: =TRUNC(H21*F21,2) -> 373.42
A22: 2.2 | D22: TERRAPLENAGEM | H22: SUBTOTAL | I22: =SUBTOTAL(9,I23:I28) -> 23068.63 | J22: =SUBTOTAL(9,J23:J28) -> 28488 | K22: =SUM(I23:I28) -> 23068.63 | L22: =SUM(J23:J28) -> 28488
A23: 2.2.1 | B23: 06.01.020 | C23: CDHU | D23: ESCAVAÇÃO MANUAL EM SOLO DE 1ª E 2ª CATEGORIA EM CAMPO ABERTO | E23: M3 | F23: 155.71 | G23: 59.75 | H23: =TRUNC(G23*(1+$J$5),2) -> 73.81 | I23: =TRUNC(G23*F23,2) -> 9303.67 | J23: =TRUNC(H23*F23,2) -> 11492.95
A24: 2.2.2 | B24: 06.02.040 | C24: CDHU | D24: ESCAVAÇÃO MANUAL EM SOLO DE 1ª E 2ª CATEGORIA EM VALA OU CAVA ALÉM DE 1,5 M | E24: M3 | F24: 1.98 | G24: 92.73 | H24: =TRUNC(G24*(1+$J$5),2) -> 114.55 | I24: =TRUNC(G24*F24,2) -> 183.6 | J24: =TRUNC(H24*F24,2) -> 226.8
A25: 2.2.3 | B25: 100980 | C25: SINAPI | D25: CARGA, MANOBRA E DESCARGA DE SOLOS E MATERIAIS GRANULARES EM CAMINHÃO BASCULANTE 18 M³ - CARGA COM ESCAVADEIRA HIDRÁULICA (CAÇAMBA DE 1,20 M³ / 155 HP) E DESCARGA LIVRE (UNIDADE: M3). AF_02/2026 | E25: M3 | F25: 222.21 | G25: 6.88 | H25: =TRUNC(G25*(1+$J$5),2) -> 8.49 | I25: =TRUNC(G25*F25,2) -> 1528.8 | J25: =TRUNC(H25*F25,2) -> 1886.56
A26: 2.2.4 | B26: 95877 | C26: SINAPI | D26: TRANSPORTE COM CAMINHÃO BASCULANTE DE 18 M³, EM VIA URBANA PAVIMENTADA, DMT ATÉ 30 KM (UNIDADE: M3XKM). AF_02/2026 | E26: M3XKM | F26: 2222.1 | G26: 2.09 | H26: =TRUNC(G26*(1+$J$5),2) -> 2.58 | I26: =TRUNC(G26*F26,2) -> 4644.18 | J26: =TRUNC(H26*F26,2) -> 5733.01
A27: 2.2.5 | B27: 05.09.007 | C27: CDHU | D27: TAXA DE DESTINAÇÃO DE RESÍDUO SÓLIDO EM ATERRO, TIPO SOLO/TERRA | E27: M3 | F27: 222.21 | G27: 31.37 | H27: =TRUNC(G27*(1+$J$5),2) -> 38.75 | I27: =TRUNC(G27*F27,2) -> 6970.72 | J27: =TRUNC(H27*F27,2) -> 8610.63
A28: 2.2.6 | B28: 97084 | C28: SINAPI | D28: COMPACTAÇÃO MECÂNICA DE SOLO PARA EXECUÇÃO DE RADIER, PISO DE CONCRETO OU LAJE SOBRE SOLO, COM COMPACTADOR DE SOLOS TIPO PLACA VIBRATÓRIA. AF_07/2026 | E28: M2 | F28: 401.53 | G28: 1.09 | H28: =TRUNC(G28*(1+$J$5),2) -> 1.34 | I28: =TRUNC(G28*F28,2) -> 437.66 | J28: =TRUNC(H28*F28,2) -> 538.05
A29: 2.3 | D29: DEMOLIÇÕES | H29: SUBTOTAL | I29: =SUBTOTAL(9,I30:I31) -> 1018.4 | J29: =SUBTOTAL(9,J30:J31) -> 1258.08 | K29: =SUM(I30:I31) -> 1018.4 | L29: =SUM(J30:J31) -> 1258.08
A30: 2.3.1 | B30: 97622 | C30: SINAPI | D30: DEMOLIÇÃO DE ALVENARIA DE BLOCO FURADO, DE FORMA MANUAL, SEM REAPROVEITAMENTO. AF_09/2023 | E30: M3 | F30: 4 | G30: 83.84 | H30: =TRUNC(G30*(1+$J$5),2) -> 103.57 | I30: =TRUNC(G30*F30,2) -> 335.36 | J30: =TRUNC(H30*F30,2) -> 414.28
A31: 2.3.2 | B31: 01-001-007 | C31: SIURB - EDIF | D31: REMOÇÃO DE ENTULHO COM CAÇAMBA METÁLICA, INCLUSIVE CARGA MANUAL E DESCARGA EM BOTA-FORA | E31: M3 | F31: 4 | G31: 170.76 | H31: =TRUNC(G31*(1+$J$5),2) -> 210.95 | I31: =TRUNC(G31*F31,2) -> 683.04 | J31: =TRUNC(H31*F31,2) -> 843.8
H32: TOTAL ITEM | I32: =SUBTOTAL(9,I20:I31) -> 24392.19 | J32: =SUBTOTAL(9,J20:J31) -> 30119.5
A33: 3 | D33: REVITALIZAÇÃO DO PLAYGROUND | K33: =I56 -> 67186.4 | L33: =J56 -> 82998.76 | N33: =A33 -> 3 | O33: =IF(L33=SUM(L34:L55),"OK","NOK") -> OK
A34: 3.1 | D34: RETIRADA E RECOLOCAÇÃO DE BRINQUEDOS | H34: SUBTOTAL | I34: =SUBTOTAL(9,I35:I40) -> 16740.79 | J34: =SUBTOTAL(9,J35:J40) -> 20681.54 | K34: =SUM(I35:I40) -> 16740.79 | L34: =SUM(J35:J40) -> 20681.54
A35: 3.1.1 | B35: C.37 | C35: COMPOSIÇÃO | D35: RETIRADA E REINSTALAÇÃO DE BRINQUEDO CENTOPÉIA (GANGORRA) - ESTRUTURA METÁLICA | E35: UN. | F35: 1 | G35: 6363.36 | H35: =TRUNC(G35*(1+$J$5),2) -> 7861.29 | I35: =TRUNC(G35*F35,2) -> 6363.36 | J35: =TRUNC(H35*F35,2) -> 7861.29
A36: 3.1.2 | B36: C.38 | C36: COMPOSIÇÃO | D36: RETIRADA E REINSTALAÇÃO DE BRINQUEDO CARROSSEL BASE FECHADA - ESTRUTURA METÁLICA | E36: UN. | F36: 1 | G36: 1853.13 | H36: =TRUNC(G36*(1+$J$5),2) -> 2289.35 | I36: =TRUNC(G36*F36,2) -> 1853.13 | J36: =TRUNC(H36*F36,2) -> 2289.35
A37: 3.1.3 | B37: C.39 | C37: COMPOSIÇÃO | D37: RETIRADA E REINSTALAÇÃO DE BRINQUEDO BALANÇO 6 LUGARES - ESTRUTURA METÁLICA | E37: UN. | F37: 1 | G37: 1374.98 | H37: =TRUNC(G37*(1+$J$5),2) -> 1698.65 | I37: =TRUNC(G37*F37,2) -> 1374.98 | J37: =TRUNC(H37*F37,2) -> 1698.65
A38: 3.1.4 | B38: C.40 | C38: COMPOSIÇÃO | D38: RETIRADA E REINSTALAÇÃO DE BRINQUEDO ESCALADA TIPO ARANHA - ESTRUTURA METÁLICA | E38: UN. | F38: 1 | G38: 2874.59 | H38: =TRUNC(G38*(1+$J$5),2) -> 3551.26 | I38: =TRUNC(G38*F38,2) -> 2874.59 | J38: =TRUNC(H38*F38,2) -> 3551.26
A39: 3.1.5 | B39: C.41 | C39: COMPOSIÇÃO | D39: RETIRADA E REINSTALAÇÃO DE BRINQUEDO ESCORREGADOR 4 PRANCHAS TIPO DINOSSAURO - ESTRUTURA METÁLICA | E39: UN. | F39: 1 | G39: 3196.29 | H39: =TRUNC(G39*(1+$J$5),2) -> 3948.69 | I39: =TRUNC(G39*F39,2) -> 3196.29 | J39: =TRUNC(H39*F39,2) -> 3948.69
A40: 3.1.6 | B40: C.42 | C40: COMPOSIÇÃO | D40: RETIRADA E REINSTALAÇÃO DE BRINQUEDO ESCALADA TIPO TRENZINHO - ESTRUTURA METÁLICA | E40: UN. | F40: 1 | G40: 1078.44 | H40: =TRUNC(G40*(1+$J$5),2) -> 1332.3 | I40: =TRUNC(G40*F40,2) -> 1078.44 | J40: =TRUNC(H40*F40,2) -> 1332.3
A41: 3.2 | D41: BASE DOS BRINQUEDOS - TANQUES DE AREIA | H41: SUBTOTAL | I41: =SUBTOTAL(9,I42:I47) -> 40445.2 | J41: =SUBTOTAL(9,J42:J47) -> 49963.05 | K41: =SUM(I42:I47) -> 40445.2 | L41: =SUM(J42:J47) -> 49963.05
A42: 3.2.1 | B42: 08.05.100 | C42: CDHU | D42: DRENO COM PEDRA BRITADA | E42: M3 | F42: 1.98 | G42: 183.38 | H42: =TRUNC(G42*(1+$J$5),2) -> 226.54 | I42: =TRUNC(G42*F42,2) -> 363.09 | J42: =TRUNC(H42*F42,2) -> 448.54
A43: 3.2.2 | B43: 05-013-000 | C43: SIURB - INFRA | D43: INC.27 - BASE DE CONCRETO FCK=15,00MPA PARA GUIAS, SARJETAS OU SARJETÕES | E43: M3 | F43: 2.24 | G43: 548.79 | H43: =TRUNC(G43*(1+$J$5),2) -> 677.97 | I43: =TRUNC(G43*F43,2) -> 1229.28 | J43: =TRUNC(H43*F43,2) -> 1518.65
A44: 3.2.3 | B44: 96622 | C44: SINAPI | D44: LASTRO COM MATERIAL GRANULAR, APLICADO EM PISOS OU LAJES SOBRE SOLO, ESPESSURA DE *5 CM*. AF_01/2024 | E44: M3 | F44: 19.09 | G44: 218.13 | H44: =TRUNC(G44*(1+$J$5),2) -> 269.47 | I44: =TRUNC(G44*F44,2) -> 4164.1 | J44: =TRUNC(H44*F44,2) -> 5144.18
A45: 3.2.4 | B45: 94274 | C45: SINAPI | D45: ASSENTAMENTO DE GUIA (MEIO-FIO) EM TRECHO CURVO, CONFECCIONADA EM CONCRETO PRÉ-FABRICADO, DIMENSÕES 100X15X13X30 CM (COMPRIMENTO X BASE INFERIOR X BASE SUPERIOR X ALTURA). AF_01/2024 | E45: M | F45: 149.23 | G45: 53.55 | H45: =TRUNC(G45*(1+$J$5),2) -> 66.15 | I45: =TRUNC(G45*F45,2) -> 7991.26 | J45: =TRUNC(H45*F45,2) -> 9871.56
A46: 3.2.5 | B46: 06-069-001 | C46: SIURB - INFRA | D46: IHD.23 - FORNECIMENTO E COLOCAÇÃO DE MANTA GEOTÊXTIL COM RESISTÊNCIA À TRAÇÃO LONGITUDINAL DE 7KN/M E TRAÇÃO TRANSVERSAL DE 6KN/M | E46: M2 | F46: 381.9 | G46: 5.83 | H46: =TRUNC(G46*(1+$J$5),2) -> 7.2 | I46: =TRUNC(G46*F46,2) -> 2226.47 | J46: =TRUNC(H46*F46,2) -> 2749.68
A47: 3.2.6 | B47: 18-013-046 | C47: SIURB - EDIF | D47: RV.11 - TANQUE DE AREIA - GENÉRICO - FORNECIMENTO E APLICAÇÃO DE AREIA LAVADA | E47: M3 | F47: 114.57 | G47: 213.59 | H47: =TRUNC(G47*(1+$J$5),2) -> 263.86 | I47: =TRUNC(G47*F47,2) -> 24471 | J47: =TRUNC(H47*F47,2) -> 30230.44
A48: 3.3 | D48: EQUIPAMENTOS NOVOS - BRINQUEDO PNE E PLACA | H48: SUBTOTAL | I48: =SUBTOTAL(9,I49:I55) -> 10000.41 | J48: =SUBTOTAL(9,J49:J55) -> 12354.17 | K48: =SUM(I49:I55) -> 10000.41 | L48: =SUM(J49:J55) -> 12354.17
A49: 3.3.1 | B49: 97086 | C49: SINAPI | D49: FABRICAÇÃO, MONTAGEM E DESMONTAGEM DE FORMA PARA RADIER, PISO DE CONCRETO OU LAJE SOBRE SOLO, EM MADEIRA SERRADA, 4 UTILIZAÇÕES. AF_07/2026 | E49: M2 | F49: 2.36 | G49: 136.45 | H49: =TRUNC(G49*(1+$J$5),2) -> 168.57 | I49: =TRUNC(G49*F49,2) -> 322.02 | J49: =TRUNC(H49*F49,2) -> 397.82
A50: 3.3.2 | B50: 96622 | C50: SINAPI | D50: LASTRO COM MATERIAL GRANULAR, APLICADO EM PISOS OU LAJES SOBRE SOLO, ESPESSURA DE *5 CM*. AF_01/2024 | E50: M3 | F50: 0.98 | G50: 218.13 | H50: =TRUNC(G50*(1+$J$5),2) -> 269.47 | I50: =TRUNC(G50*F50,2) -> 213.76 | J50: =TRUNC(H50*F50,2) -> 264.08
A51: 3.3.3 | B51: 97088 | C51: SINAPI | D51: ARMAÇÃO PARA EXECUÇÃO DE RADIER, PISO DE CONCRETO OU LAJE SOBRE SOLO, COM USO DE TELA Q-92. AF_07/2026 | E51: KG | F51: 29.06 | G51: 14.91 | H51: =TRUNC(G51*(1+$J$5),2) -> 18.41 | I51: =TRUNC(G51*F51,2) -> 433.28 | J51: =TRUNC(H51*F51,2) -> 534.99
A52: 3.3.4 | B52: 97096 | C52: SINAPI | D52: CONCRETAGEM DE RADIER, PISO OU LAJE SOBRE SOLO, FCK 30 MPA - LANÇAMENTO, ADENSAMENTO E ACABAMENTO. AF_07/2026 | E52: M3 | F52: 1.96 | G52: 644.36 | H52: =TRUNC(G52*(1+$J$5),2) -> 796.04 | I52: =TRUNC(G52*F52,2) -> 1262.94 | J52: =TRUNC(H52*F52,2) -> 1560.23
A53: 3.3.5 | B53: 11.20.050 | C53: CDHU | D53: CORTE DE JUNTA DE DILATAÇÃO, COM SERRA DE DISCO DIAMANTADO PARA PISOS | E53: M | F53: 10 | G53: 12.12 | H53: =TRUNC(G53*(1+$J$5),2) -> 14.97 | I53: =TRUNC(G53*F53,2) -> 121.2 | J53: =TRUNC(H53*F53,2) -> 149.7
A54: 3.3.6 | B54: C.13 | C54: COMPOSIÇÃO | D54: GANGORRA ADAPTADA PARA CADEIRANTE – 1,50 X 3,00 M | E54: UN. | F54: 1 | G54: 5424.96 | H54: =TRUNC(G54*(1+$J$5),2) -> 6701.99 | I54: =TRUNC(G54*F54,2) -> 5424.96 | J54: =TRUNC(H54*F54,2) -> 6701.99
A55: 3.3.7 | B55: 103195 | C55: SINAPI | D55: INSTALAÇÃO DE PLACA ORIENTATIVA SOBRE EXERCÍCIOS, 2,00M X 1,00M, EM TUBO DE AÇO CARBONO - PARA ACADEMIA AO AR LIVRE / ACADEMIA DA TERCEIRA IDADE - ATI, INSTALADO SOBRE SOLO. AF_10/2021 | E55: UN | F55: 1 | G55: 2222.25 | H55: =TRUNC(G55*(1+$J$5),2) -> 2745.36 | I55: =TRUNC(G55*F55,2) -> 2222.25 | J55: =TRUNC(H55*F55,2) -> 2745.36
H56: TOTAL ITEM | I56: =SUBTOTAL(9,I34:I55) -> 67186.4 | J56: =SUBTOTAL(9,J34:J55) -> 82998.76
A57: 4 | D57: REVITALIZAÇÃO QUIOSQUE | K57: =I70 -> 7469.18 | L57: =J70 -> 9225.66 | N57: =A57 -> 4 | O57: =IF(L57=SUM(L58:L69),"OK","NOK") -> OK
A58: 4.1 | D58: MOBILIZAÇÃO | H58: SUBTOTAL | I58: =SUBTOTAL(9,I59:I60) -> 174.08 | J58: =SUBTOTAL(9,J59:J60) -> 215.04 | K58: =SUM(I59:I60) -> 174.08 | L58: =SUM(J59:J60) -> 215.04
A59: 4.1.1 | B59: 02.05.060 | C59: CDHU | D59: MONTAGEM E DESMONTAGEM DE ANDAIME TORRE METÁLICA COM ALTURA ATÉ 10 M | E59: M | F59: 4 | G59: 14.54 | H59: =TRUNC(G59*(1+$J$5),2) -> 17.96 | I59: =TRUNC(G59*F59,2) -> 58.16 | J59: =TRUNC(H59*F59,2) -> 71.84
A60: 4.1.2 | B60: 02.05.202 | C60: CDHU | D60: ANDAIME TORRE METÁLICO (1,5 X 1,5 M) COM PISO METÁLICO | E60: MXMES | F60: 4 | G60: 28.98 | H60: =TRUNC(G60*(1+$J$5),2) -> 35.8 | I60: =TRUNC(G60*F60,2) -> 115.92 | J60: =TRUNC(H60*F60,2) -> 143.2
A61: 4.2 | D61: PINTURA COBERTURA | H61: SUBTOTAL | I61: =SUBTOTAL(9,I62:I64) -> 4743.57 | J61: =SUBTOTAL(9,J62:J64) -> 5859.85 | K61: =SUM(I62:I64) -> 4743.57 | L61: =SUM(J62:J64) -> 5859.85
A62: 4.2.1 | B62: 100717 | C62: SINAPI | D62: LIXAMENTO MANUAL EM SUPERFÍCIES METÁLICAS EM OBRA. AF_01/2020 | E62: M2 | F62: 82.14 | G62: 12.79 | H62: =TRUNC(G62*(1+$J$5),2) -> 15.8 | I62: =TRUNC(G62*F62,2) -> 1050.57 | J62: =TRUNC(H62*F62,2) -> 1297.81
A63: 4.2.2 | B63: 100733 | C63: SINAPI | D63: PINTURA COM TINTA ACRILICA DE FUNDO PULVERIZADA SOBRE SUPERFICIES METALICAS (EXCETO PERFIL) EXECUTADO EM OBRA (POR DEMAO). AF_01/2020 | E63: M2 | F63: 82.14 | G63: 16.06 | H63: =TRUNC(G63*(1+$J$5),2) -> 19.84 | I63: =TRUNC(G63*F63,2) -> 1319.16 | J63: =TRUNC(H63*F63,2) -> 1629.65
A64: 4.2.3 | B64: 100753 | C64: SINAPI | D64: PINTURA COM TINTA ACRILICA DE ACABAMENTO PULVERIZADA SOBRE SUPERFICIES METALICAS (EXCETO PERFIL) EXECUTADO EM OBRA (02 DEMAOS). AF_01/2020 | E64: M2 | F64: 82.14 | G64: 28.9 | H64: =TRUNC(G64*(1+$J$5),2) -> 35.7 | I64: =TRUNC(G64*F64,2) -> 2373.84 | J64: =TRUNC(H64*F64,2) -> 2932.39
A65: 4.3 | D65: PINTURA EM ALVENARIAS | H65: SUBTOTAL | I65: =SUBTOTAL(9,I66:I67) -> 2267.83 | J65: =SUBTOTAL(9,J66:J67) -> 2800.85 | K65: =SUM(I66:I67) -> 2267.83 | L65: =SUM(J66:J67) -> 2800.85
A66: 4.3.1 | B66: 10-108-001 | C66: SIURB - INFRA | D66: LIXAMENTO MANUAL DE SUPERFÍCIE DE CONCRETO | E66: M2 | F66: 71.07 | G66: 3.35 | H66: =TRUNC(G66*(1+$J$5),2) -> 4.13 | I66: =TRUNC(G66*F66,2) -> 238.08 | J66: =TRUNC(H66*F66,2) -> 293.51
A67: 4.3.2 | B67: 15-001-019 | C67: SIURB - EDIF | D67: TINTA ACRÍLICA TEXTURADA | E67: M2 | F67: 71.07 | G67: 28.56 | H67: =TRUNC(G67*(1+$J$5),2) -> 35.28 | I67: =TRUNC(G67*F67,2) -> 2029.75 | J67: =TRUNC(H67*F67,2) -> 2507.34
A68: 4.4 | D68: LIMPEZA DO PISO | H68: SUBTOTAL | I68: =SUBTOTAL(9,I69) -> 283.7 | J68: =SUBTOTAL(9,J69) -> 349.92 | K68: =SUM(I69) -> 283.7 | L68: =SUM(J69) -> 349.92
A69: 4.4.1 | B69: 03-040-005 | C69: SIURB - EDIF | D69: LIMPEZA DE SUPERFÍCIES COM HIDROJATEAMENTO | E69: M2 | F69: 60.75 | G69: 4.67 | H69: =TRUNC(G69*(1+$J$5),2) -> 5.76 | I69: =TRUNC(G69*F69,2) -> 283.7 | J69: =TRUNC(H69*F69,2) -> 349.92
H70: TOTAL ITEM | I70: =SUBTOTAL(9,I58:I69) -> 7469.18 | J70: =SUBTOTAL(9,J58:J69) -> 9225.66
A71: 5 | D71: REVITALIZAÇÃO CORETO | K71: =I92 -> 11907.8 | L71: =J92 -> 14709.11 | N71: =A71 -> 5 | O71: =IF(L71=SUM(L72:L91),"OK","NOK") -> OK
A72: 5.1 | D72: MOBILIZAÇÃO | H72: SUBTOTAL | I72: =SUBTOTAL(9,I73:I74) -> 261.12 | J72: =SUBTOTAL(9,J73:J74) -> 322.56 | K72: =SUM(I73:I74) -> 261.12 | L72: =SUM(J73:J74) -> 322.56
A73: 5.1.1 | B73: 02.05.060 | C73: CDHU | D73: MONTAGEM E DESMONTAGEM DE ANDAIME TORRE METÁLICA COM ALTURA ATÉ 10 M | E73: M | F73: 6 | G73: 14.54 | H73: =TRUNC(G73*(1+$J$5),2) -> 17.96 | I73: =TRUNC(G73*F73,2) -> 87.24 | J73: =TRUNC(H73*F73,2) -> 107.76
A74: 5.1.2 | B74: 02.05.202 | C74: CDHU | D74: ANDAIME TORRE METÁLICO (1,5 X 1,5 M) COM PISO METÁLICO | E74: MXMES | F74: 6 | G74: 28.98 | H74: =TRUNC(G74*(1+$J$5),2) -> 35.8 | I74: =TRUNC(G74*F74,2) -> 173.88 | J74: =TRUNC(H74*F74,2) -> 214.8
A75: 5.2 | D75: PINTURA COBERTURA | H75: SUBTOTAL | I75: =SUBTOTAL(9,I76:I78) -> 5530.13 | J75: =SUBTOTAL(9,J76:J78) -> 6831.5 | K75: =SUM(I76:I78) -> 5530.13 | L75: =SUM(J76:J78) -> 6831.5
A76: 5.2.1 | B76: 100717 | C76: SINAPI | D76: LIXAMENTO MANUAL EM SUPERFÍCIES METÁLICAS EM OBRA. AF_01/2020 | E76: M2 | F76: 95.76 | G76: 12.79 | H76: =TRUNC(G76*(1+$J$5),2) -> 15.8 | I76: =TRUNC(G76*F76,2) -> 1224.77 | J76: =TRUNC(H76*F76,2) -> 1513
A77: 5.2.2 | B77: 100733 | C77: SINAPI | D77: PINTURA COM TINTA ACRILICA DE FUNDO PULVERIZADA SOBRE SUPERFICIES METALICAS (EXCETO PERFIL) EXECUTADO EM OBRA (POR DEMAO). AF_01/2020 | E77: M2 | F77: 95.76 | G77: 16.06 | H77: =TRUNC(G77*(1+$J$5),2) -> 19.84 | I77: =TRUNC(G77*F77,2) -> 1537.9 | J77: =TRUNC(H77*F77,2) -> 1899.87
A78: 5.2.3 | B78: 100753 | C78: SINAPI | D78: PINTURA COM TINTA ACRILICA DE ACABAMENTO PULVERIZADA SOBRE SUPERFICIES METALICAS (EXCETO PERFIL) EXECUTADO EM OBRA (02 DEMAOS). AF_01/2020 | E78: M2 | F78: 95.76 | G78: 28.9 | H78: =TRUNC(G78*(1+$J$5),2) -> 35.7 | I78: =TRUNC(G78*F78,2) -> 2767.46 | J78: =TRUNC(H78*F78,2) -> 3418.63
A79: 5.3 | D79: PINTURA EM ALVENARIAS | H79: SUBTOTAL | I79: =SUBTOTAL(9,I80:I84) -> 3688.46 | J79: =SUBTOTAL(9,J80:J84) -> 4556.12 | K79: =SUM(I80:I84) -> 3688.46 | L79: =SUM(J80:J84) -> 4556.12
A80: 5.3.1 | B80: 03.03.040 | C80: CDHU | D80: DEMOLIÇÃO MANUAL DE REVESTIMENTO EM MASSA DE PAREDE OU TETO | E80: M2 | F80: 27.44 | G80: 7.17 | H80: =TRUNC(G80*(1+$J$5),2) -> 8.85 | I80: =TRUNC(G80*F80,2) -> 196.74 | J80: =TRUNC(H80*F80,2) -> 242.84
A81: 5.3.2 | B81: 98555 | C81: SINAPI | D81: IMPERMEABILIZAÇÃO DE SUPERFÍCIE COM ARGAMASSA POLIMÉRICA / MEMBRANA ACRÍLICA, 3 DEMÃOS. AF_09/2023 | E81: M2 | F81: 27.44 | G81: 38.07 | H81: =TRUNC(G81*(1+$J$5),2) -> 47.03 | I81: =TRUNC(G81*F81,2) -> 1044.64 | J81: =TRUNC(H81*F81,2) -> 1290.5
A82: 5.3.3 | B82: 87794 | C82: SINAPI | D82: EMBOÇO OU MASSA ÚNICA EM ARGAMASSA TRAÇO 1:2:8, PREPARO MANUAL, APLICADA MANUALMENTE EM PANOS CEGOS DE FACHADA (SEM PRESENÇA DE VÃOS), ESPESSURA DE 25 MM. AF_09/2022 | E82: M2 | F82: 27.44 | G82: 54.68 | H82: =TRUNC(G82*(1+$J$5),2) -> 67.55 | I82: =TRUNC(G82*F82,2) -> 1500.41 | J82: =TRUNC(H82*F82,2) -> 1853.57
A83: 5.3.4 | B83: 88485 | C83: SINAPI | D83: FUNDO SELADOR ACRÍLICO, APLICAÇÃO MANUAL EM PAREDE, UMA DEMÃO. AF_04/2023 | E83: M2 | F83: 27.44 | G83: 5.17 | H83: =TRUNC(G83*(1+$J$5),2) -> 6.38 | I83: =TRUNC(G83*F83,2) -> 141.86 | J83: =TRUNC(H83*F83,2) -> 175.06
A84: 5.3.5 | B84: 88431 | C84: SINAPI | D84: APLICAÇÃO MANUAL DE PINTURA COM TINTA TEXTURIZADA ACRÍLICA EM PAREDES EXTERNAS DE CASAS, DUAS CORES. AF_03/2024 | E84: M2 | F84: 27.44 | G84: 29.33 | H84: =TRUNC(G84*(1+$J$5),2) -> 36.23 | I84: =TRUNC(G84*F84,2) -> 804.81 | J84: =TRUNC(H84*F84,2) -> 994.15
A85: 5.4 | D85: GUARDA-CORPO E CORRIMÃO | H85: SUBTOTAL | I85: =SUBTOTAL(9,I86:I89) -> 2269.69 | J85: =SUBTOTAL(9,J86:J89) -> 2803.56 | K85: =SUM(I86:I89) -> 2269.69 | L85: =SUM(J86:J89) -> 2803.56
A86: 5.4.1 | B86: 99855 | C86: SINAPI | D86: CORRIMÃO SIMPLES FIXADO EM PAREDE, DIÂMETRO EXTERNO = 1 1/2", EM AÇO GALVANIZADO. AF_10/2025 | E86: M | F86: 2.2 | G86: 97.44 | H86: =TRUNC(G86*(1+$J$5),2) -> 120.37 | I86: =TRUNC(G86*F86,2) -> 214.36 | J86: =TRUNC(H86*F86,2) -> 264.81
A87: 5.4.2 | B87: 100717 | C87: SINAPI | D87: LIXAMENTO MANUAL EM SUPERFÍCIES METÁLICAS EM OBRA. AF_01/2020 | E87: M2 | F87: 14.68 | G87: 12.79 | H87: =TRUNC(G87*(1+$J$5),2) -> 15.8 | I87: =TRUNC(G87*F87,2) -> 187.75 | J87: =TRUNC(H87*F87,2) -> 231.94
A88: 5.4.3 | B88: 100722 | C88: SINAPI | D88: PINTURA COM TINTA ALQUÍDICA DE FUNDO (TIPO ZARCÃO) APLICADA A ROLO OU PINCEL SOBRE SUPERFÍCIES METÁLICAS (EXCETO PERFIL) EXECUTADO EM OBRA (POR DEMÃO). AF_01/2020 | E88: M2 | F88: 29.36 | G88: 31.6 | H88: =TRUNC(G88*(1+$J$5),2) -> 39.03 | I88: =TRUNC(G88*F88,2) -> 927.77 | J88: =TRUNC(H88*F88,2) -> 1145.92
A89: 5.4.4 | B89: 100746 | C89: SINAPI | D89: PINTURA COM TINTA ALQUÍDICA DE ACABAMENTO (ESMALTE SINTÉTICO BRILHANTE) APLICADA A ROLO OU PINCEL SOBRE SUPERFÍCIES METÁLICAS (EXCETO PERFIL) EXECUTADO EM OBRA (POR DEMÃO). AF_01/2020 | E89: M2 | F89: 29.36 | G89: 32.01 | H89: =TRUNC(G89*(1+$J$5),2) -> 39.54 | I89: =TRUNC(G89*F89,2) -> 939.81 | J89: =TRUNC(H89*F89,2) -> 1160.89
A90: 5.5 | D90: LIMPEZA DO PISO | H90: SUBTOTAL | I90: =SUBTOTAL(9,I91) -> 158.4 | J90: =SUBTOTAL(9,J91) -> 195.37 | K90: =SUM(I91) -> 158.4 | L90: =SUM(J91) -> 195.37
A91: 5.5.1 | B91: 03-040-005 | C91: SIURB - EDIF | D91: LIMPEZA DE SUPERFÍCIES COM HIDROJATEAMENTO | E91: M2 | F91: 33.92 | G91: 4.67 | H91: =TRUNC(G91*(1+$J$5),2) -> 5.76 | I91: =TRUNC(G91*F91,2) -> 158.4 | J91: =TRUNC(H91*F91,2) -> 195.37
H92: TOTAL ITEM | I92: =SUBTOTAL(9,I72:I91) -> 11907.8 | J92: =SUBTOTAL(9,J72:J91) -> 14709.11
A93: 6 | D93: CALÇADA EXTERNA E PASSEIO DA PRAÇA | K93: =I101 -> 14903.78 | L93: =J101 -> 18392.39 | N93: =A93 -> 6 | O93: =IF(L93=SUM(L94:L100),"OK","NOK") -> OK
A94: 6.1 | D94: REVITALIZAÇÃO DE PINTURA RECREATIVA | H94: SUBTOTAL | I94: =SUBTOTAL(9,I95:I98) -> 5848.23 | J94: =SUBTOTAL(9,J95:J98) -> 7223.24 | K94: =SUM(I95:I98) -> 5848.23 | L94: =SUM(J95:J98) -> 7223.24
A95: 6.1.1 | B95: 102488 | C95: SINAPI | D95: PREPARO DO PISO CIMENTADO PARA PINTURA - LIXAMENTO E LIMPEZA. AF_05/2021 | E95: M2 | F95: 170 | G95: 4.95 | H95: =TRUNC(G95*(1+$J$5),2) -> 6.11 | I95: =TRUNC(G95*F95,2) -> 841.5 | J95: =TRUNC(H95*F95,2) -> 1038.7
A96: 6.1.2 | B96: 18-015-010 | C96: SIURB - EDIF | D96: RD.06 - CARACOL - DEMARCAÇÃO DE PISO | E96: UN | F96: 1 | G96: 460.09 | H96: =TRUNC(G96*(1+$J$5),2) -> 568.39 | I96: =TRUNC(G96*F96,2) -> 460.09 | J96: =TRUNC(H96*F96,2) -> 568.39
A97: 6.1.3 | B97: 18-015-013 | C97: SIURB - EDIF | D97: RD.04 - AMARELINHA DEMARCAÇÃO DE PISO | E97: UN | F97: 1 | G97: 203.14 | H97: =TRUNC(G97*(1+$J$5),2) -> 250.95 | I97: =TRUNC(G97*F97,2) -> 203.14 | J97: =TRUNC(H97*F97,2) -> 250.95
A98: 6.1.4 | B98: 102491 | C98: SINAPI | D98: PINTURA DE PISO COM TINTA ACRÍLICA, APLICAÇÃO MANUAL, 2 DEMÃOS, INCLUSO FUNDO PREPARADOR. AF_05/2021 | E98: M2 | F98: 170 | G98: 25.55 | H98: =TRUNC(G98*(1+$J$5),2) -> 31.56 | I98: =TRUNC(G98*F98,2) -> 4343.5 | J98: =TRUNC(H98*F98,2) -> 5365.2
A99: 6.2 | D99: LIMPEZA GERAL | H99: SUBTOTAL | I99: =SUBTOTAL(9,I100) -> 9055.55 | J99: =SUBTOTAL(9,J100) -> 11169.15 | K99: =SUM(I100) -> 9055.55 | L99: =SUM(J100) -> 11169.15
A100: 6.2.1 | B100: 03-040-005 | C100: SIURB - EDIF | D100: LIMPEZA DE SUPERFÍCIES COM HIDROJATEAMENTO | E100: M2 | F100: 1939.09 | G100: 4.67 | H100: =TRUNC(G100*(1+$J$5),2) -> 5.76 | I100: =TRUNC(G100*F100,2) -> 9055.55 | J100: =TRUNC(H100*F100,2) -> 11169.15
H101: TOTAL ITEM | I101: =SUBTOTAL(9,I94:I100) -> 14903.78 | J101: =SUBTOTAL(9,J94:J100) -> 18392.39
A102: 7 | D102: SERVIÇOS COMPLEMENTARES | K102: =I110 -> 16613.62 | L102: =J110 -> 20519 | N102: =A102 -> 7 | O102: =IF(L102=SUM(L103:L109),"OK","NOK") -> OK
...

Sheet Composições
G2: SERPO
G3: Serviços Públicos e Obras
A4: COMPOSIÇÕES | G4: REV. | I4: 46289
A5: OBRA: | B5: REVITALIZAÇÃO DA PRAÇA LAUDELINO DO AMARAL NO BAIRRO VILA NOVA SOROCABA | G5: BDI Obra: | I5: 0.2354
A6: LOCAL: | B6: PRAÇA LAUDELINO DO AMARAL - VILA NOVA SOROCABA, SOROCABA/SP | G6: Á. Princip. de Interv.(m²): | I6: 311.55
A8: TIPO / ITEM | B8: BASE | C8: CÓDIGO / REF. | D8: DESCRIÇÃO | E8: UNID | F8: COEF. / QTD | G8: PREÇO UNIT. | H8: CUSTO TOTAL | I8: CONFERÊNCIA
A9: 1.1.1 | B9: CDHU | C9: 02.08.040 | D9: PLACA EM LONA COM IMPRESSÃO DIGITAL E REQUADRO EM METALON | E9: M2 | F9: QTD: 6 | G9: =SUM(H10:H13) -> 450.11 | H9: =TRUNC(G9 * VALUE(SUBSTITUTE(F9,"QTD: ","")), 2) -> 2700.66 | I9: =IF(ROUND(ABS(G9-Orçamento!G11),2)<0.01,"OK","DIVERGENTE") -> OK
A10: INSUMO | B10: CDHU | C10: B.01.000.010144 | D10: Serralheiro | E10: H | F10: 0,5 | G10: 37.91 | H10: =ROUND(F10*G10,2) -> 18.96
A11: INSUMO | B11: CDHU | C11: B.01.000.010145 | D11: Ajudante serralheiro | E11: H | F11: 0,5 | G11: 23.9 | H11: =ROUND(F11*G11,2) -> 11.95
A12: INSUMO | B12: CDHU | C12: N.04.000.039114 | D12: Banner em lona com impressão digitalmente, com bainha reforçada e ilhoses | E12: M2 | F12: 1 | G12: 113.44 | H12: =ROUND(F12*G12,2) -> 113.44
A13: INSUMO | B13: CDHU | C13: N.04.000.039115 | D13: Requadro em metalon para banner em lona impresso | E13: M | F13: 0,917 | G13: 333.43 | H13: =ROUND(F13*G13,2) -> 305.76
A15: 1.1.2 | B15: CDHU | C15: 02.01.180 | D15: BANHEIRO QUÍMICO MODELO STANDARD, COM MANUTENÇÃO CONFORME EXIGÊNCIAS DA CETESB | E15: UNMES | F15: QTD: 3 | G15: =SUM(H16) -> 1259.83 | H15: =TRUNC(G15 * VALUE(SUBSTITUTE(F15,"QTD: ","")), 2) -> 3779.49 | I15: =IF(ROUND(ABS(G15-Orçamento!G12),2)<0.01,"OK","DIVERGENTE") -> OK
A16: INSUMO | B16: CDHU | C16: A.14.000.081900 | D16: Banheiro químico, modelo Standard, com limpeza 1 vez por semana e descarte conforme exigências da CETESB | E16: UNMES | F16: 1 | G16: 1259.83 | H16: =ROUND(F16*G16,2) -> 1259.83
A18: 1.1.3 | B18: CDHU | C18: 02.02.150 | D18: LOCAÇÃO DE CONTAINER TIPO DEPÓSITO - ÁREA MÍNIMA DE 13,80 M² | E18: UNMES | F18: QTD: 3 | G18: =SUM(H19:H22) -> 1010.89 | H18: =TRUNC(G18 * VALUE(SUBSTITUTE(F18,"QTD: ","")), 2) -> 3032.67 | I18: =IF(ROUND(ABS(G18-Orçamento!G13),2)<0.01,"OK","DIVERGENTE") -> OK
A19: INSUMO | B19: CDHU | C19: A.12.000.021099 | D19: Container depósito, módulo metálico em aço galvanizado de 6,0x2,3x2,5m, vão livre, piso de concreto, cimentado, madeira ou material equivalente | E19: UNMES | F19: 1 | G19: 913.31 | H19: =ROUND(F19*G19,2) -> 913.31
A20: INSUMO | B20: CDHU | C20: B.01.000.010101 | D20: Ajudante geral | E20: H | F20: 1,32 | G20: 23.9 | H20: =ROUND(F20*G20,2) -> 31.55
A21: INSUMO | B21: CDHU | C21: B.01.000.010115 | D21: Eletricista | E21: H | F21: 0,99 | G21: 34.83 | H21: =ROUND(F21*G21,2) -> 34.48
A22: INSUMO | B22: CDHU | C22: B.01.000.010116 | D22: Ajudante eletricista | E22: H | F22: 1,32 | G22: 23.9 | H22: =ROUND(F22*G22,2) -> 31.55
A24: 1.1.4 | B24: SIURB - EDIF | C24: 01-005-040 | D24: TELA PARA PROTEÇÃO DE OBRAS, MALHA 2 MM | E24: M2 | F24: QTD: 219,84 | G24: =SUM(H25:H30) -> 34.93 | H24: =TRUNC(G24 * VALUE(SUBSTITUTE(F24,"QTD: ","")), 2) -> 7679.01 | I24: =IF(ROUND(ABS(G24-Orçamento!G14),2)<0.01,"OK","DIVERGENTE") -> OK
A25: INSUMO | B25: SIURB - EDIF | C25: 02013 | D25: CARPINTEIRO (SGSP) | E25: H | F25: 0,44 | G25: 35.1 | H25: =ROUND(F25*G25,2) -> 15.44
A26: INSUMO | B26: SIURB - EDIF | C26: 02099 | D26: SERVENTE (SGSP) | E26: H | F26: 0,53 | G26: 27.12 | H26: =ROUND(F26*G26,2) -> 14.37
A27: INSUMO | B27: SIURB - EDIF | C27: 11046 | D27: PINUS - PONTALETE DE 3" X 3" - BRUTO | E27: M | F27: 0,06 | G27: 7.59 | H27: =ROUND(F27*G27,2) -> 0.46
A28: INSUMO | B28: SIURB - EDIF | C28: 11066 | D28: PINUS - SARRAFO DE 1" X 4" - BRUTO | E28: M | F28: 0,2 | G28: 3.2 | H28: =ROUND(F28*G28,2) -> 0.64
A29: INSUMO | B29: SIURB - EDIF | C29: 17515 | D29: PREGO 18 X 27 COMUM - POLIDO | E29: Kg | F29: 0,01 | G29: 10.98 | H29: =ROUND(F29*G29,2) -> 0.11
A30: INSUMO | B30: SIURB - EDIF | C30: 38043 | D30: TELA POLIETILENO P/ PROTEÇÃO DE FACHADA-TRAMA 2,2MM | E30: M2 | F30: 1,1 | G30: 3.55 | H30: =ROUND(F30*G30,2) -> 3.91
A32: 1.2.1 | B32: CDHU | C32: 02.10.050 | D32: LOCAÇÃO PARA MUROS, CERCAS E ALAMBRADOS | E32: M | F32: QTD: 149,23 | G32: =SUM(H33:H35) -> 1.6 | H32: =TRUNC(G32 * VALUE(SUBSTITUTE(F32,"QTD: ","")), 2) -> 238.76 | I32: =IF(ROUND(ABS(G32-Orçamento!G16),2)<0.01,"OK","DIVERGENTE") -> OK
A33: INSUMO | B33: CDHU | C33: B.01.000.010160 | D33: Ajudante de topógrafo | E33: H | F33: 0,012 | G33: 23.9 | H33: =ROUND(F33*G33,2) -> 0.29
A34: INSUMO | B34: CDHU | C34: B.01.000.010185 | D34: Topografo | E34: H | F34: 0,004 | G34: 50.21 | H34: =ROUND(F34*G34,2) -> 0.2
A35: INSUMO | B35: CDHU | C35: S.01.000.080352 | D35: Veículo utilitário com capacidade para 9 pessoas - 1.600 CC - COND.D | E35: H | F35: 0,01 | G35: 111.24 | H35: =ROUND(F35*G35,2) -> 1.11
A37: 1.2.2 | B37: CDHU | C37: 02.10.060 | D37: LOCAÇÃO DE VIAS, CALÇADAS, TANQUES E LAGOAS | E37: M2 | F37: QTD: 19,63 | G37: =SUM(H38:H43) -> 1.94 | H37: =TRUNC(G37 * VALUE(SUBSTITUTE(F37,"QTD: ","")), 2) -> 38.08 | I37: =IF(ROUND(ABS(G37-Orçamento!G17),2)<0.01,"OK","DIVERGENTE") -> OK
A38: INSUMO | B38: CDHU | C38: B.01.000.010160 | D38: Ajudante de topógrafo | E38: H | F38: 0,024 | G38: 23.9 | H38: =ROUND(F38*G38,2) -> 0.57
A39: INSUMO | B39: CDHU | C39: B.01.000.010185 | D39: Topografo | E39: H | F39: 0,008 | G39: 50.21 | H39: =ROUND(F39*G39,2) -> 0.4
A40: INSUMO | B40: CDHU | C40: D.02.000.021009 | D40: Pontalete de cedrinho de 75 mm x 75 mm - 3ª construção | E40: M | F40: 0,0093 | G40: 23.43 | H40: =ROUND(F40*G40,2) -> 0.22
A41: INSUMO | B41: CDHU | C41: E.02.000.026760 | D41: Prego diversas bitolas (referência 18 x 27) | E41: KG | F41: 0,001 | G41: 10.77 | H41: =ROUND(F41*G41,2) -> 0.01
A42: INSUMO | B42: CDHU | C42: E.02.000.027025 | D42: Arame galvanizado nº 16 BWG | E42: KG | F42: 0,0115 | G42: 15.79 | H42: =ROUND(F42*G42,2) -> 0.18
A43: INSUMO | B43: CDHU | C43: S.01.000.080352 | D43: Veículo utilitário com capacidade para 9 pessoas - 1.600 CC - COND.D | E43: H | F43: 0,005 | G43: 111.24 | H43: =ROUND(F43*G43,2) -> 0.56
A45: SUBTOTAL 1 | D45: SUBTOTAL DO GRUPO 1 | H45: =SUMIFS(H8:H44,A8:A44,"1.*",A8:A44,"<>INSUMO",A8:A44,"<>AUXILIAR*") -> 17468.67
A47: 2.1.1 | B47: SINAPI | C47: 98525 | D47: LIMPEZA MECANIZADA DE CAMADA VEGETAL, VEGETAÇÃO E PEQUENAS ÁRVORES (DIÂMETRO DE TRONCO MENOR QUE 0,20 M), COM TRATOR DE ESTEIRAS. AF_03/2024 | E47: M2 | F47: QTD: 401,53 | G47: =SUM(H48:H50) -> 0.76 | H47: =TRUNC(G47 * VALUE(SUBSTITUTE(F47,"QTD: ","")), 2) -> 305.16 | I47: =IF(ROUND(ABS(G47-Orçamento!G21),2)<0.01,"OK","DIVERGENTE") -> OK
A48: AUXILIAR (N1) | B48: SINAPI | C48: 89032 | D48: TRATOR DE ESTEIRAS, POTÊNCIA 100 HP, PESO OPERACIONAL 9,4 T, COM LÂMINA 2,19 M3 - CHP DIURNO. AF_06/2014 | E48: CHP | F48: 0,0017 | G48: 215.94 | H48: =TRUNC(F48*G48,2) -> 0.36 | I48: =IFERROR(IF(ROUND(G48, 2) <> ROUND(VLOOKUP("C"&C48,C:G, 5, FALSE), 2), "VALOR AUXILIAR DIVERGENTE", "OK"), "NÃO ENCONTRADO") -> OK
A49: AUXILIAR (N1) | B49: SINAPI | C49: 89031 | D49: TRATOR DE ESTEIRAS, POTÊNCIA 100 HP, PESO OPERACIONAL 9,4 T, COM LÂMINA 2,19 M3 - CHI DIURNO. AF_06/2014 | E49: CHI | F49: 0,0029 | G49: 88.36 | H49: =TRUNC(F49*G49,2) -> 0.25 | I49: =IFERROR(IF(ROUND(G49, 2) <> ROUND(VLOOKUP("C"&C49,C:G, 5, FALSE), 2), "VALOR AUXILIAR DIVERGENTE", "OK"), "NÃO ENCONTRADO") -> OK
A50: AUXILIAR (N1) | B50: SINAPI | C50: 88441 | D50: JARDINEIRO COM ENCARGOS COMPLEMENTARES | E50: H | F50: 0,0046 | G50: 33.53 | H50: =TRUNC(F50*G50,2) -> 0.15 | I50: =IFERROR(IF(ROUND(G50, 2) <> ROUND(VLOOKUP("C"&C50,C:G, 5, FALSE), 2), "VALOR AUXILIAR DIVERGENTE", "OK"), "NÃO ENCONTRADO") -> OK
A52: 2.2.1 | B52: CDHU | C52: 06.01.020 | D52: ESCAVAÇÃO MANUAL EM SOLO DE 1ª E 2ª CATEGORIA EM CAMPO ABERTO | E52: M3 | F52: QTD: 155,71 | G52: =SUM(H53) -> 59.75 | H52: =TRUNC(G52 * VALUE(SUBSTITUTE(F52,"QTD: ","")), 2) -> 9303.67 | I52: =IF(ROUND(ABS(G52-Orçamento!G23),2)<0.01,"OK","DIVERGENTE") -> OK
A53: INSUMO | B53: CDHU | C53: B.01.000.010146 | D53: Servente | E53: H | F53: 2,5 | G53: 23.9 | H53: =ROUND(F53*G53,2) -> 59.75
A55: 2.2.2 | B55: CDHU | C55: 06.02.040 | D55: ESCAVAÇÃO MANUAL EM SOLO DE 1ª E 2ª CATEGORIA EM VALA OU CAVA ALÉM DE 1,5 M | E55: M3 | F55: QTD: 1,98 | G55: =SUM(H56) -> 92.73 | H55: =TRUNC(G55 * VALUE(SUBSTITUTE(F55,"QTD: ","")), 2) -> 183.6 | I55: =IF(ROUND(ABS(G55-Orçamento!G24),2)<0.01,"OK","DIVERGENTE") -> OK
A56: INSUMO | B56: CDHU | C56: B.01.000.010146 | D56: Servente | E56: H | F56: 3,88 | G56: 23.9 | H56: =ROUND(F56*G56,2) -> 92.73
A58: 2.2.3 | B58: SINAPI | C58: 100980 | D58: CARGA, MANOBRA E DESCARGA DE SOLOS E MATERIAIS GRANULARES EM CAMINHÃO BASCULANTE 18 M³ - CARGA COM ESCAVADEIRA HIDRÁULICA (CAÇAMBA DE 1,20 M³ / 155 HP) E DESCARGA LIVRE (UNIDADE: M3). AF_02/2026 | E58: M3 | F58: QTD: 222,21 | G58: =SUM(H59:H62) -> 6.88 | H58: =TRUNC(G58 * VALUE(SUBSTITUTE(F58,"QTD: ","")), 2) -> 1528.8 | I58: =IF(ROUND(ABS(G58-Orçamento!G25),2)<0.01,"OK","DIVERGENTE") -> OK
A59: AUXILIAR (N1) | B59: SINAPI | C59: 89884 | D59: CAMINHÃO BASCULANTE 18 M3, COM CAVALO MECÂNICO DE CAPACIDADE MÁXIMA DE TRAÇÃO COMBINADO DE 45000 KG, POTÊNCIA 330 CV, INCLUSIVE SEMIREBOQUE COM CAÇAMBA METÁLICA - CHI DIURNO. AF_12/2014 | E59: CHI | F59: 0,0071014 | G59: 104.24 | H59: =TRUNC(F59*G59,2) -> 0.74 | I59: =IFERROR(IF(ROUND(G59, 2) <> ROUND(VLOOKUP("C"&C59,C:G, 5, FALSE), 2), "VALOR AUXILIAR DIVERGENTE", "OK"), "NÃO ENCONTRADO") -> OK
A60: AUXILIAR (N1) | B60: SINAPI | C60: 89883 | D60: CAMINHÃO BASCULANTE 18 M3, COM CAVALO MECÂNICO DE CAPACIDADE MÁXIMA DE TRAÇÃO COMBINADO DE 45000 KG, POTÊNCIA 330 CV, INCLUSIVE SEMIREBOQUE COM CAÇAMBA METÁLICA - CHP DIURNO. AF_12/2014 | E60: CHP | F60: 0,0110732 | G60: 396.81 | H60: =TRUNC(F60*G60,2) -> 4.39 | I60: =IFERROR(IF(ROUND(G60, 2) <> ROUND(VLOOKUP("C"&C60,C:G, 5, FALSE), 2), "VALOR AUXILIAR DIVERGENTE", "OK"), "NÃO ENCONTRADO") -> OK
A61: AUXILIAR (N1) | B61: SINAPI | C61: 88908 | D61: ESCAVADEIRA HIDRÁULICA SOBRE ESTEIRAS, CAÇAMBA 1,20 M3, PESO OPERACIONAL 21 T, POTÊNCIA BRUTA 155 HP - CHI DIURNO. AF_06/2014 | E61: CHI | F61: 0,0053852 | G61: 115.87 | H61: =TRUNC(F61*G61,2) -> 0.62 | I61: =IFERROR(IF(ROUND(G61, 2) <> ROUND(VLOOKUP("C"&C61,C:G, 5, FALSE), 2), "VALOR AUXILIAR DIVERGENTE", "OK"), "NÃO ENCONTRADO") -> OK
A62: AUXILIAR (N1) | B62: SINAPI | C62: 88907 | D62: ESCAVADEIRA HIDRÁULICA SOBRE ESTEIRAS, CAÇAMBA 1,20 M3, PESO OPERACIONAL 21 T, POTÊNCIA BRUTA 155 HP - CHP DIURNO. AF_06/2014 | E62: CHP | F62: 0,0040582 | G62: 280.43 | H62: =TRUNC(F62*G62,2) -> 1.13 | I62: =IFERROR(IF(ROUND(G62, 2) <> ROUND(VLOOKUP("C"&C62,C:G, 5, FALSE), 2), "VALOR AUXILIAR DIVERGENTE", "OK"), "NÃO ENCONTRADO") -> OK
A64: 2.2.4 | B64: SINAPI | C64: 95877 | D64: TRANSPORTE COM CAMINHÃO BASCULANTE DE 18 M³, EM VIA URBANA PAVIMENTADA, DMT ATÉ 30 KM (UNIDADE: M3XKM). AF_02/2026 | E64: M3XKM | F64: QTD: 2222,1 | G64: =SUM(H65:H66) -> 2.09 | H64: =TRUNC(G64 * VALUE(SUBSTITUTE(F64,"QTD: ","")), 2) -> 4644.18 | I64: =IF(ROUND(ABS(G64-Orçamento!G26),2)<0.01,"OK","DIVERGENTE") -> OK
A65: AUXILIAR (N1) | B65: SINAPI | C65: 89884 | D65: CAMINHÃO BASCULANTE 18 M3, COM CAVALO MECÂNICO DE CAPACIDADE MÁXIMA DE TRAÇÃO COMBINADO DE 45000 KG, POTÊNCIA 330 CV, INCLUSIVE SEMIREBOQUE COM CAÇAMBA METÁLICA - CHI DIURNO. AF_12/2014 | E65: CHI | F65: 0,0018152 | G65: 104.24 | H65: =TRUNC(F65*G65,2) -> 0.18 | I65: =IFERROR(IF(ROUND(G65, 2) <> ROUND(VLOOKUP("C"&C65,C:G, 5, FALSE), 2), "VALOR AUXILIAR DIVERGENTE", "OK"), "NÃO ENCONTRADO") -> OK
A66: AUXILIAR (N1) | B66: SINAPI | C66: 89883 | D66: CAMINHÃO BASCULANTE 18 M3, COM CAVALO MECÂNICO DE CAPACIDADE MÁXIMA DE TRAÇÃO COMBINADO DE 45000 KG, POTÊNCIA 330 CV, INCLUSIVE SEMIREBOQUE COM CAÇAMBA METÁLICA - CHP DIURNO. AF_12/2014 | E66: CHP | F66: 0,0048309 | G66: 396.81 | H66: =TRUNC(F66*G66,2) -> 1.91 | I66: =IFERROR(IF(ROUND(G66, 2) <> ROUND(VLOOKUP("C"&C66,C:G, 5, FALSE), 2), "VALOR AUXILIAR DIVERGENTE", "OK"), "NÃO ENCONTRADO") -> OK
A68: 2.2.5 | B68: CDHU | C68: 05.09.007 | D68: TAXA DE DESTINAÇÃO DE RESÍDUO SÓLIDO EM ATERRO, TIPO SOLO/TERRA | E68: M3 | F68: QTD: 222,21 | G68: =SUM(H69) -> 31.37 | H68: =TRUNC(G68 * VALUE(SUBSTITUTE(F68,"QTD: ","")), 2) -> 6970.72 | I68: =IF(ROUND(ABS(G68-Orçamento!G27),2)<0.01,"OK","DIVERGENTE") -> OK
A69: INSUMO | B69: CDHU | C69: A.05.000.020306 | D69: Taxa de destinação de resíduo sólido em aterro, tipo solo/terra | E69: M3 | F69: 1 | G69: 31.37 | H69: =ROUND(F69*G69,2) -> 31.37
A71: 2.2.6 | B71: SINAPI | C71: 97084 | D71: COMPACTAÇÃO MECÂNICA DE SOLO PARA EXECUÇÃO DE RADIER, PISO DE CONCRETO OU LAJE SOBRE SOLO, COM COMPACTADOR DE SOLOS TIPO PLACA VIBRATÓRIA. AF_07/2026 | E71: M2 | F71: QTD: 401,53 | G71: =SUM(H72:H75) -> 1.09 | H71: =TRUNC(G71 * VALUE(SUBSTITUTE(F71,"QTD: ","")), 2) -> 437.66 | I71: =IF(ROUND(ABS(G71-Orçamento!G28),2)<0.01,"OK","DIVERGENTE") -> OK
A72: AUXILIAR (N1) | B72: SINAPI | C72: 91278 | D72: PLACA VIBRATÓRIA REVERSÍVEL COM MOTOR 4 TEMPOS A GASOLINA, FORÇA CENTRÍFUGA DE 25 KN (2500 KGF), POTÊNCIA 5,5 CV - CHI DIURNO. AF_08/2015 | E72: CHI | F72: 0,0096975 | G72: 0.64 | H72: =TRUNC(F72*G72,2) -> 0 | I72: =IFERROR(IF(ROUND(G72, 2) <> ROUND(VLOOKUP("C"&C72,C:G, 5, FALSE), 2), "VALOR AUXILIAR DIVERGENTE", "OK"), "NÃO ENCONTRADO") -> OK
A73: AUXILIAR (N1) | B73: SINAPI | C73: 91277 | D73: PLACA VIBRATÓRIA REVERSÍVEL COM MOTOR 4 TEMPOS A GASOLINA, FORÇA CENTRÍFUGA DE 25 KN (2500 KGF), POTÊNCIA 5,5 CV - CHP DIURNO. AF_08/2015 | E73: CHP | F73: 0,0053763 | G73: 10.41 | H73: =TRUNC(F73*G73,2) -> 0.05 | I73: =IFERROR(IF(ROUND(G73, 2) <> ROUND(VLOOKUP("C"&C73,C:G, 5, FALSE), 2), "VALOR AUXILIAR DIVERGENTE", "OK"), "NÃO ENCONTRADO") -> OK
A74: AUXILIAR (N1) | B74: SINAPI | C74: 88316 | D74: SERVENTE COM ENCARGOS COMPLEMENTARES | E74: H | F74: 0,0150739 | G74: 32.18 | H74: =TRUNC(F74*G74,2) -> 0.48 | I74: =IFERROR(IF(ROUND(G74, 2) <> ROUND(VLOOKUP("C"&C74,C:G, 5, FALSE), 2), "VALOR AUXILIAR DIVERGENTE", "OK"), "NÃO ENCONTRADO") -> OK
A75: AUXILIAR (N1) | B75: SINAPI | C75: 88309 | D75: PEDREIRO COM ENCARGOS COMPLEMENTARES | E75: H | F75: 0,0150739 | G75: 37.26 | H75: =TRUNC(F75*G75,2) -> 0.56 | I75: =IFERROR(IF(ROUND(G75, 2) <> ROUND(VLOOKUP("C"&C75,C:G, 5, FALSE), 2), "VALOR AUXILIAR DIVERGENTE", "OK"), "NÃO ENCONTRADO") -> OK
A77: 2.3.1 | B77: SINAPI | C77: 97622 | D77: DEMOLIÇÃO DE ALVENARIA DE BLOCO FURADO, DE FORMA MANUAL, SEM REAPROVEITAMENTO. AF_09/2023 | E77: M3 | F77: QTD: 4 | G77: =SUM(H78:H79) -> 83.84 | H77: =TRUNC(G77 * VALUE(SUBSTITUTE(F77,"QTD: ","")), 2) -> 335.36 | I77: =IF(ROUND(ABS(G77-Orçamento!G30),2)<0.01,"OK","DIVERGENTE") -> OK
A78: AUXILIAR (N1) | B78: SINAPI | C78: 88316 | D78: SERVENTE COM ENCARGOS COMPLEMENTARES | E78: H | F78: 2,1957 | G78: 32.18 | H78: =TRUNC(F78*G78,2) -> 70.65 | I78: =IFERROR(IF(ROUND(G78, 2) <> ROUND(VLOOKUP("C"&C78,C:G, 5, FALSE), 2), "VALOR AUXILIAR DIVERGENTE", "OK"), "NÃO ENCONTRADO") -> OK
A79: AUXILIAR (N1) | B79: SINAPI | C79: 88309 | D79: PEDREIRO COM ENCARGOS COMPLEMENTARES | E79: H | F79: 0,3541 | G79: 37.26 | H79: =TRUNC(F79*G79,2) -> 13.19 | I79: =IFERROR(IF(ROUND(G79, 2) <> ROUND(VLOOKUP("C"&C79,C:G, 5, FALSE), 2), "VALOR AUXILIAR DIVERGENTE", "OK"), "NÃO ENCONTRADO") -> OK
A81: 2.3.2 | B81: SIURB - EDIF | C81: 01-001-007 | D81: REMOÇÃO DE ENTULHO COM CAÇAMBA METÁLICA, INCLUSIVE CARGA MANUAL E DESCARGA EM BOTA-FORA | E81: M3 | F81: QTD: 4 | G81: =SUM(H82:H83) -> 170.76 | H81: =TRUNC(G81 * VALUE(SUBSTITUTE(F81,"QTD: ","")), 2) -> 683.04 | I81: =IF(ROUND(ABS(G81-Orçamento!G31),2)<0.01,"OK","DIVERGENTE") -> OK
A82: INSUMO | B82: SIURB - EDIF | C82: 02099 | D82: SERVENTE (SGSP) | E82: H | F82: 1,7404 | G82: 27.12 | H82: =ROUND(F82*G82,2) -> 47.2
A83: INSUMO | B83: SIURB - EDIF | C83: 79722 | D83: ALUGUEL DE CAÇAMBA METÁLICA - CAPACIDADE 4 M3 P/ ENTULHO DE ALVENARIA | E83: Un | F83: 0,25 | G83: 494.25 | H83: =ROUND(F83*G83,2) -> 123.56
A85: SUBTOTAL 2 | D85: SUBTOTAL DO GRUPO 2 | H85: =SUMIFS(H8:H84,A8:A84,"2.*",A8:A84,"<>INSUMO",A8:A84,"<>AUXILIAR*") -> 24392.19
A87: 3.1.1 | B87: COMPOSIÇÃO | C87: C.37 | D87: RETIRADA E REINSTALAÇÃO DE BRINQUEDO CENTOPÉIA (GANGORRA) - ESTRUTURA METÁLICA | E87: UN. | F87: QTD: 1 | G87: =SUM(H88:H93) -> 6363.36 | H87: =TRUNC(G87 * VALUE(SUBSTITUTE(F87,"QTD: ","")), 2) -> 6363.36 | I87: =IF(ROUND(ABS(G87-Orçamento!G35),2)<0.01,"OK","DIVERGENTE") -> OK
A88: AUXILIAR (N1) | B88: CDHU | C88: 04.02.140 | D88: RETIRADA DE ESTRUTURA METÁLICA | E88: KG | F88: 600 | G88: 2.56 | H88: =ROUND(F88*G88,2) -> 1536 | I88: =IFERROR(IF(ROUND(G88, 2) <> ROUND(VLOOKUP("C"&C88,C:G, 5, FALSE), 2), "VALOR AUXILIAR DIVERGENTE", "OK"), "NÃO ENCONTRADO") -> OK
A89: AUXILIAR (N1) | B89: CDHU | C89: 03.01.020 | D89: DEMOLIÇÃO MANUAL DE CONCRETO SIMPLES | E89: M3 | F89: 0,26 | G89: 262.9 | H89: =ROUND(F89*G89,2) -> 68.35 | I89: =IFERROR(IF(ROUND(G89, 2) <> ROUND(VLOOKUP("C"&C89,C:G, 5, FALSE), 2), "VALOR AUXILIAR DIVERGENTE", "OK"), "NÃO ENCONTRADO") -> OK
A90: INSUMO | B90: CDHU | C90: C.04.000.020530 | D90: Concreto usinado fck= 15 MPa, slump 5 ± 1cm | E90: M3 | F90: 0,26 | G90: 474.96 | H90: =ROUND(F90*G90,2) -> 123.49
A91: AUXILIAR (N1) | B91: CDHU | C91: 15.03.090 | D91: MONTAGEM DE ESTRUTURA METÁLICA EM AÇO, SEM PINTURA | E91: KG | F91: 600 | G91: 6.8 | H91: =ROUND(F91*G91,2) -> 4080 | I91: =IFERROR(IF(ROUND(G91, 2) <> ROUND(VLOOKUP("C"&C91,C:G, 5, FALSE), 2), "VALOR AUXILIAR DIVERGENTE", "OK"), "NÃO ENCONTRADO") -> OK
A92: AUXILIAR (N1) | B92: SINAPI | C92: 88309 | D92: PEDREIRO COM ENCARGOS COMPLEMENTARES | E92: H | F92: 8 | G92: 37.26 | H92: =ROUND(F92*G92,2) -> 298.08 | I92: =IFERROR(IF(ROUND(G92, 2) <> ROUND(VLOOKUP("C"&C92,C:G, 5, FALSE), 2), "VALOR AUXILIAR DIVERGENTE", "OK"), "NÃO ENCONTRADO") -> OK
A93: AUXILIAR (N1) | B93: SINAPI | C93: 88316 | D93: SERVENTE COM ENCARGOS COMPLEMENTARES | E93: H | F93: 8 | G93: 32.18 | H93: =ROUND(F93*G93,2) -> 257.44 | I93: =IFERROR(IF(ROUND(G93, 2) <> ROUND(VLOOKUP("C"&C93,C:G, 5, FALSE), 2), "VALOR AUXILIAR DIVERGENTE", "OK"), "NÃO ENCONTRADO") -> OK
A95: 3.1.2 | B95: COMPOSIÇÃO | C95: C.38 | D95: RETIRADA E REINSTALAÇÃO DE BRINQUEDO CARROSSEL BASE FECHADA - ESTRUTURA METÁLICA | E95: UN. | F95: QTD: 1 | G95: =SUM(H96:H101) -> 1853.13 | H95: =TRUNC(G95 * VALUE(SUBSTITUTE(F95,"QTD: ","")), 2) -> 1853.13 | I95: =IF(ROUND(ABS(G95-Orçamento!G36),2)<0.01,"OK","DIVERGENTE") -> OK
A96: AUXILIAR (N1) | B96: CDHU | C96: 04.02.140 | D96: RETIRADA DE ESTRUTURA METÁLICA | E96: KG | F96: 180 | G96: 2.56 | H96: =ROUND(F96*G96,2) -> 460.8 | I96: =IFERROR(IF(ROUND(G96, 2) <> ROUND(VLOOKUP("C"&C96,C:G, 5, FALSE), 2), "VALOR AUXILIAR DIVERGENTE", "OK"), "NÃO ENCONTRADO") -> OK
A97: AUXILIAR (N1) | B97: CDHU | C97: 03.01.020 | D97: DEMOLIÇÃO MANUAL DE CONCRETO SIMPLES | E97: M3 | F97: 0,09 | G97: 262.9 | H97: =ROUND(F97*G97,2) -> 23.66 | I97: =IFERROR(IF(ROUND(G97, 2) <> ROUND(VLOOKUP("C"&C97,C:G, 5, FALSE), 2), "VALOR AUXILIAR DIVERGENTE", "OK"), "NÃO ENCONTRADO") -> OK
A98: INSUMO | B98: CDHU | C98: C.04.000.020530 | D98: Concreto usinado fck= 15 MPa, slump 5 ± 1cm | E98: M3 | F98: 0,09 | G98: 474.96 | H98: =ROUND(F98*G98,2) -> 42.75
A99: AUXILIAR (N1) | B99: CDHU | C99: 15.03.090 | D99: MONTAGEM DE ESTRUTURA METÁLICA EM AÇO, SEM PINTURA | E99: KG | F99: 180 | G99: 6.8 | H99: =ROUND(F99*G99,2) -> 1224 | I99: =IFERROR(IF(ROUND(G99, 2) <> ROUND(VLOOKUP("C"&C99,C:G, 5, FALSE), 2), "VALOR AUXILIAR DIVERGENTE", "OK"), "NÃO ENCONTRADO") -> OK
A100: AUXILIAR (N1) | B100: SINAPI | C100: 88309 | D100: PEDREIRO COM ENCARGOS COMPLEMENTARES | E100: H | F100: 1,44 | G100: 37.26 | H100: =ROUND(F100*G100,2) -> 53.65 | I100: =IFERROR(IF(ROUND(G100, 2) <> ROUND(VLOOKUP("C"&C100,C:G, 5, FALSE), 2), "VALOR AUXILIAR DIVERGENTE", "OK"), "NÃO ENCONTRADO") -> OK
A101: AUXILIAR (N1) | B101: SINAPI | C101: 88316 | D101: SERVENTE COM ENCARGOS COMPLEMENTARES | E101: H | F101: 1,5 | G101: 32.18 | H101: =ROUND(F101*G101,2) -> 48.27 | I101: =IFERROR(IF(ROUND(G101, 2) <> ROUND(VLOOKUP("C"&C101,C:G, 5, FALSE), 2), "VALOR AUXILIAR DIVERGENTE", "OK"), "NÃO ENCONTRADO") -> OK
A103: 3.1.3 | B103: COMPOSIÇÃO | C103: C.39 | D103: RETIRADA E REINSTALAÇÃO DE BRINQUEDO BALANÇO 6 LUGARES - ESTRUTURA METÁLICA | E103: UN. | F103: QTD: 1 | G103: =SUM(H104:H109) -> 1374.98 | H103: =TRUNC(G103 * VALUE(SUBSTITUTE(F103,"QTD: ","")), 2) -> 1374.98 | I103: =IF(ROUND(ABS(G103-Orçamento!G37),2)<0.01,"OK","DIVERGENTE") -> OK
A104: AUXILIAR (N1) | B104: CDHU | C104: 04.02.140 | D104: RETIRADA DE ESTRUTURA METÁLICA | E104: KG | F104: 120 | G104: 2.56 | H104: =ROUND(F104*G104,2) -> 307.2 | I104: =IFERROR(IF(ROUND(G104, 2) <> ROUND(VLOOKUP("C"&C104,C:G, 5, FALSE), 2), "VALOR AUXILIAR DIVERGENTE", "OK"), "NÃO ENCONTRADO") -> OK
A105: AUXILIAR (N1) | B105: CDHU | C105: 03.01.020 | D105: DEMOLIÇÃO MANUAL DE CONCRETO SIMPLES | E105: M3 | F105: 0,16 | G105: 262.9 | H105: =ROUND(F105*G105,2) -> 42.06 | I105: =IFERROR(IF(ROUND(G105, 2) <> ROUND(VLOOKUP("C"&C105,C:G, 5, FALSE), 2), "VALOR AUXILIAR DIVERGENTE", "OK"), "NÃO ENCONTRADO") -> OK
A106: INSUMO | B106: CDHU | C106: C.04.000.020530 | D106: Concreto usinado fck= 15 MPa, slump 5 ± 1cm | E106: M3 | F106: 0,16 | G106: 474.96 | H106: =ROUND(F106*G106,2) -> 75.99
A107: AUXILIAR (N1) | B107: CDHU | C107: 15.03.090 | D107: MONTAGEM DE ESTRUTURA METÁLICA EM AÇO, SEM PINTURA | E107: KG | F107: 120 | G107: 6.8 | H107: =ROUND(F107*G107,2) -> 816 | I107: =IFERROR(IF(ROUND(G107, 2) <> ROUND(VLOOKUP("C"&C107,C:G, 5, FALSE), 2), "VALOR AUXILIAR DIVERGENTE", "OK"), "NÃO ENCONTRADO") -> OK
A108: AUXILIAR (N1) | B108: SINAPI | C108: 88309 | D108: PEDREIRO COM ENCARGOS COMPLEMENTARES | E108: H | F108: 1,24 | G108: 37.26 | H108: =ROUND(F108*G108,2) -> 46.2 | I108: =IFERROR(IF(ROUND(G108, 2) <> ROUND(VLOOKUP("C"&C108,C:G, 5, FALSE), 2), "VALOR AUXILIAR DIVERGENTE", "OK"), "NÃO ENCONTRADO") -> OK
A109: AUXILIAR (N1) | B109: SINAPI | C109: 88316 | D109: SERVENTE COM ENCARGOS COMPLEMENTARES | E109: H | F109: 2,72 | G109: 32.18 | H109: =ROUND(F109*G109,2) -> 87.53 | I109: =IFERROR(IF(ROUND(G109, 2) <> ROUND(VLOOKUP("C"&C109,C:G, 5, FALSE), 2), "VALOR AUXILIAR DIVERGENTE", "OK"), "NÃO ENCONTRADO") -> OK
A111: 3.1.4 | B111: COMPOSIÇÃO | C111: C.40 | D111: RETIRADA E REINSTALAÇÃO DE BRINQUEDO ESCALADA TIPO ARANHA - ESTRUTURA METÁLICA | E111: UN. | F111: QTD: 1 | G111: =SUM(H112:H117) -> 2874.59 | H111: =TRUNC(G111 * VALUE(SUBSTITUTE(F111,"QTD: ","")), 2) -> 2874.59 | I111: =IF(ROUND(ABS(G111-Orçamento!G38),2)<0.01,"OK","DIVERGENTE") -> OK
A112: AUXILIAR (N1) | B112: CDHU | C112: 04.02.140 | D112: RETIRADA DE ESTRUTURA METÁLICA | E112: KG | F112: 240 | G112: 2.56 | H112: =ROUND(F112*G112,2) -> 614.4 | I112: =IFERROR(IF(ROUND(G112, 2) <> ROUND(VLOOKUP("C"&C112,C:G, 5, FALSE), 2), "VALOR AUXILIAR DIVERGENTE", "OK"), "NÃO ENCONTRADO") -> OK
A113: AUXILIAR (N1) | B113: CDHU | C113: 03.01.020 | D113: DEMOLIÇÃO MANUAL DE CONCRETO SIMPLES | E113: M3 | F113: 0,24 | G113: 262.9 | H113: =ROUND(F113*G113,2) -> 63.1 | I113: =IFERROR(IF(ROUND(G113, 2) <> ROUND(VLOOKUP("C"&C113,C:G, 5, FALSE), 2), "VALOR AUXILIAR DIVERGENTE", "OK"), "NÃO ENCONTRADO") -> OK
A114: INSUMO | B114: CDHU | C114: C.04.000.020530 | D114: Concreto usinado fck= 15 MPa, slump 5 ± 1cm | E114: M3 | F114: 0,24 | G114: 474.96 | H114: =ROUND(F114*G114,2) -> 113.99
A115: AUXILIAR (N1) | B115: CDHU | C115: 15.03.090 | D115: MONTAGEM DE ESTRUTURA METÁLICA EM AÇO, SEM PINTURA | E115: KG | F115: 240 | G115: 6.8 | H115: =ROUND(F115*G115,2) -> 1632 | I115: =IFERROR(IF(ROUND(G115, 2) <> ROUND(VLOOKUP("C"&C115,C:G, 5, FALSE), 2), "VALOR AUXILIAR DIVERGENTE", "OK"), "NÃO ENCONTRADO") -> OK
A116: AUXILIAR (N1) | B116: SINAPI | C116: 88309 | D116: PEDREIRO COM ENCARGOS COMPLEMENTARES | E116: H | F116: 2,52 | G116: 37.26 | H116: =ROUND(F116*G116,2) -> 93.9 | I116: =IFERROR(IF(ROUND(G116, 2) <> ROUND(VLOOKUP("C"&C116,C:G, 5, FALSE), 2), "VALOR AUXILIAR DIVERGENTE", "OK"), "NÃO ENCONTRADO") -> OK
A117: AUXILIAR (N1) | B117: SINAPI | C117: 88316 | D117: SERVENTE COM ENCARGOS COMPLEMENTARES | E117: H | F117: 11,1 | G117: 32.18 | H117: =ROUND(F117*G117,2) -> 357.2 | I117: =IFERROR(IF(ROUND(G117, 2) <> ROUND(VLOOKUP("C"&C117,C:G, 5, FALSE), 2), "VALOR AUXILIAR DIVERGENTE", "OK"), "NÃO ENCONTRADO") -> OK
A119: 3.1.5 | B119: COMPOSIÇÃO | C119: C.41 | D119: RETIRADA E REINSTALAÇÃO DE BRINQUEDO ESCORREGADOR 4 PRANCHAS TIPO DINOSSAURO - ESTRUTURA METÁLICA | E119: UN. | F119: QTD: 1 | G119: =SUM(H120:H125) -> 3196.29 | H119: =TRUNC(G119 * VALUE(SUBSTITUTE(F119,"QTD: ","")), 2) -> 3196.29 | I119: =IF(ROUND(ABS(G119-Orçamento!G39),2)<0.01,"OK","DIVERGENTE") -> OK
A120: AUXILIAR (N1) | B120: CDHU | C120: 04.02.140 | D120: RETIRADA DE ESTRUTURA METÁLICA | E120: KG | F120: 252 | G120: 2.56 | H120: =ROUND(F120*G120,2) -> 645.12 | I120: =IFERROR(IF(ROUND(G120, 2) <> ROUND(VLOOKUP("C"&C120,C:G, 5, FALSE), 2), "VALOR AUXILIAR DIVERGENTE", "OK"), "NÃO ENCONTRADO") -> OK
A121: AUXILIAR (N1) | B121: CDHU | C121: 03.01.020 | D121: DEMOLIÇÃO MANUAL DE CONCRETO SIMPLES | E121: M3 | F121: 0,32 | G121: 262.9 | H121: =ROUND(F121*G121,2) -> 84.13 | I121: =IFERROR(IF(ROUND(G121, 2) <> ROUND(VLOOKUP("C"&C121,C:G, 5, FALSE), 2), "VALOR AUXILIAR DIVERGENTE", "OK"), "NÃO ENCONTRADO") -> OK
A122: INSUMO | B122: CDHU | C122: C.04.000.020530 | D122: Concreto usinado fck= 15 MPa, slump 5 ± 1cm | E122: M3 | F122: 0,32 | G122: 474.96 | H122: =ROUND(F122*G122,2) -> 151.99
A123: AUXILIAR (N1) | B123: CDHU | C123: 15.03.090 | D123: MONTAGEM DE ESTRUTURA METÁLICA EM AÇO, SEM PINTURA | E123: KG | F123: 252 | G123: 6.8 | H123: =ROUND(F123*G123,2) -> 1713.6 | I123: =IFERROR(IF(ROUND(G123, 2) <> ROUND(VLOOKUP("C"&C123,C:G, 5, FALSE), 2), "VALOR AUXILIAR DIVERGENTE", "OK"), "NÃO ENCONTRADO") -> OK
...

Sheet Cron. Auxiliar
A1: NÃO ALTERAR ESSA ABA, TRATA-SE DE BASE DE DADOS PARA AS DEMAIS. NÃO É NECESSÁRIA A IMPRESSÃO.
N6: =COLUMN() -> 14 | P6: =COLUMN() -> 16 | R6: =COLUMN() -> 18 | T6: =COLUMN() -> 20 | V6: =COLUMN() -> 22
A8: ITEM | B8: DISCRIMINAÇÃO DO SERVIÇO | C8: 1º MÊS | D8: 2º MÊS | E8: 3º MÊS | F8: 4º MÊS | G8: 5º MÊS | H8: UNIDADE | I8: QUANTIDADE TOTAL | J8: PREÇO UNITÁRIO (C/ BDI) | K8: PREÇO TOTAL (COM BDI) | M8: 1º MÊS | O8: 2º MÊS | Q8: 3º MÊS | S8: 4º MÊS | U8: 5º MÊS | Y8: CONFERÊNCIA
A9: 1 | B9: =VLOOKUP($A9,Orçamento!$A$9:$J$117,4,0) -> SERVIÇOS PRELIMINARES | M9: QTDE | N9: Valor | O9: QTDE | P9: Valor | Q9: QTDE | R9: Valor | S9: QTDE | T9: Valor | U9: QTDE | V9: Valor
A10: 1.1 | B10: =VLOOKUP($A10,Orçamento!$A$9:$J$117,4,0) -> PLACA E CANTEIRO | C10: EVENTO 1 | D10: EVENTO 2 | E10: EVENTO 3 | N10: =SUM(N11:N14) -> 15627.69 | P10: =SUM(P11:P14) -> 2805.24 | R10: =SUM(R11:R14) -> 2805.24 | T10: =SUM(T11:T14) -> 0 | V10: =SUM(V11:V14) -> 0
A11: 1.1.1 | B11: =VLOOKUP($A11,Orçamento!$A$9:$J$117,4,0) -> PLACA EM LONA COM IMPRESSÃO DIGITAL E REQUADRO EM METALON | C11: =IF(M11=0,"",CONCATENATE(M11," ",$H11)) -> 6 M2 | D11: =IF(O11=0,"",CONCATENATE(O11," ",$H11)) | E11: =IF(Q11=0,"",CONCATENATE(Q11," ",$H11)) | F11: =IF(S11=0,"",CONCATENATE(S11," ",$H11)) | G11: =IF(U11=0,"",CONCATENATE(U11," ",$H11)) | H11: =VLOOKUP($A11,Orçamento!$A$9:$J$117,5,0) -> M2 | I11: =VLOOKUP($A11,Orçamento!$A$9:$J$117,6,0) -> 6 | J11: =VLOOKUP($A11,Orçamento!$A$9:$J$117,8,0) -> 556.06 | K11: =VLOOKUP($A11,Orçamento!$A$9:$J$117,10,0) -> 3336.36 | M11: 6 | N11: =IF(M11=0,"",TRUNC($J11*M11,2)) -> 3336.36 | P11: =IF(O11=0,"",TRUNC($J11*O11,2)) | R11: =IF(Q11=0,"",TRUNC($J11*Q11,2)) | T11: =IF(S11=0,"",TRUNC($J11*S11,2)) | V11: =IF(U11=0,"",TRUNC($J11*U11,2)) | Y11: =SUMIF($M$9:$V$9,$M$9,M11:V11) -> 6 | Z11: =IF(Y11=I11,"","FALTA") | AA11: =SUMIF($M$9:$V$9,$N$9,M11:V11) -> 3336.36 | AB11: =IF(AA11=K11,"","FALTA")
A12: 1.1.2 | B12: =VLOOKUP($A12,Orçamento!$A$9:$J$117,4,0) -> BANHEIRO QUÍMICO MODELO STANDARD, COM MANUTENÇÃO CONFORME EXIGÊNCIAS DA CETESB | C12: =IF(M12=0,"",CONCATENATE(M12," ",$H12)) -> 1 UNMES | D12: =IF(O12=0,"",CONCATENATE(O12," ",$H12)) -> 1 UNMES | E12: =IF(Q12=0,"",CONCATENATE(Q12," ",$H12)) -> 1 UNMES | F12: =IF(S12=0,"",CONCATENATE(S12," ",$H12)) | G12: =IF(U12=0,"",CONCATENATE(U12," ",$H12)) | H12: =VLOOKUP($A12,Orçamento!$A$9:$J$117,5,0) -> UNMES | I12: =VLOOKUP($A12,Orçamento!$A$9:$J$117,6,0) -> 3 | J12: =VLOOKUP($A12,Orçamento!$A$9:$J$117,8,0) -> 1556.39 | K12: =VLOOKUP($A12,Orçamento!$A$9:$J$117,10,0) -> 4669.17 | M12: =I12/3 -> 1 | N12: =IF(M12=0,"",TRUNC($J12*M12,2)) -> 1556.39 | O12: =I12/3 -> 1 | P12: =IF(O12=0,"",TRUNC($J12*O12,2)) -> 1556.39 | Q12: =I12/3 -> 1 | R12: =IF(Q12=0,"",TRUNC($J12*Q12,2)) -> 1556.39 | T12: =IF(S12=0,"",TRUNC($J12*S12,2)) | V12: =IF(U12=0,"",TRUNC($J12*U12,2)) | Y12: =SUMIF($M$9:$V$9,$M$9,M12:V12) -> 3 | Z12: =IF(Y12=I12,"","FALTA") | AA12: =SUMIF($M$9:$V$9,$N$9,M12:V12) -> 4669.17 | AB12: =IF(AA12=K12,"","FALTA")
A13: 1.1.3 | B13: =VLOOKUP($A13,Orçamento!$A$9:$J$117,4,0) -> LOCAÇÃO DE CONTAINER TIPO DEPÓSITO - ÁREA MÍNIMA DE 13,80 M² | C13: =IF(M13=0,"",CONCATENATE(M13," ",$H13)) -> 1 UNMES | D13: =IF(O13=0,"",CONCATENATE(O13," ",$H13)) -> 1 UNMES | E13: =IF(Q13=0,"",CONCATENATE(Q13," ",$H13)) -> 1 UNMES | F13: =IF(S13=0,"",CONCATENATE(S13," ",$H13)) | G13: =IF(U13=0,"",CONCATENATE(U13," ",$H13)) | H13: =VLOOKUP($A13,Orçamento!$A$9:$J$117,5,0) -> UNMES | I13: =VLOOKUP($A13,Orçamento!$A$9:$J$117,6,0) -> 3 | J13: =VLOOKUP($A13,Orçamento!$A$9:$J$117,8,0) -> 1248.85 | K13: =VLOOKUP($A13,Orçamento!$A$9:$J$117,10,0) -> 3746.55 | M13: =I13/3 -> 1 | N13: =IF(M13=0,"",TRUNC($J13*M13,2)) -> 1248.85 | O13: =I13/3 -> 1 | P13: =IF(O13=0,"",TRUNC($J13*O13,2)) -> 1248.85 | Q13: =I13/3 -> 1 | R13: =IF(Q13=0,"",TRUNC($J13*Q13,2)) -> 1248.85 | T13: =IF(S13=0,"",TRUNC($J13*S13,2)) | V13: =IF(U13=0,"",TRUNC($J13*U13,2)) | Y13: =SUMIF($M$9:$V$9,$M$9,M13:V13) -> 3 | Z13: =IF(Y13=I13,"","FALTA") | AA13: =SUMIF($M$9:$V$9,$N$9,M13:V13) -> 3746.55 | AB13: =IF(AA13=K13,"","FALTA")
A14: 1.1.4 | B14: =VLOOKUP($A14,Orçamento!$A$9:$J$117,4,0) -> TELA PARA PROTEÇÃO DE OBRAS, MALHA 2 MM | C14: =IF(M14=0,"",CONCATENATE(M14," ",$H14)) -> 219,84 M2 | D14: =IF(O14=0,"",CONCATENATE(O14," ",$H14)) | E14: =IF(Q14=0,"",CONCATENATE(Q14," ",$H14)) | F14: =IF(S14=0,"",CONCATENATE(S14," ",$H14)) | G14: =IF(U14=0,"",CONCATENATE(U14," ",$H14)) | H14: =VLOOKUP($A14,Orçamento!$A$9:$J$117,5,0) -> M2 | I14: =VLOOKUP($A14,Orçamento!$A$9:$J$117,6,0) -> 219.84 | J14: =VLOOKUP($A14,Orçamento!$A$9:$J$117,8,0) -> 43.15 | K14: =VLOOKUP($A14,Orçamento!$A$9:$J$117,10,0) -> 9486.09 | M14: =I14 -> 219.84 | N14: =IF(M14=0,"",TRUNC($J14*M14,2)) -> 9486.09 | P14: =IF(O14=0,"",TRUNC($J14*O14,2)) | R14: =IF(Q14=0,"",TRUNC($J14*Q14,2)) | T14: =IF(S14=0,"",TRUNC($J14*S14,2)) | V14: =IF(U14=0,"",TRUNC($J14*U14,2)) | Y14: =SUMIF($M$9:$V$9,$M$9,M14:V14) -> 219.84 | Z14: =IF(Y14=I14,"","FALTA") | AA14: =SUMIF($M$9:$V$9,$N$9,M14:V14) -> 9486.09 | AB14: =IF(AA14=K14,"","FALTA")
A16: 1.2 | B16: =VLOOKUP($A16,Orçamento!$A$9:$J$117,4,0) -> LOCAÇÃO DE OBRA | C16: EVENTO 4 | N16: =SUM(N17:N18) -> 340.89 | P16: =SUM(P17:P18) -> 0 | R16: =SUM(R17:R18) -> 0 | T16: =SUM(T17:T18) -> 0 | V16: =SUM(V17:V18) -> 0
A17: 1.2.1 | B17: =VLOOKUP($A17,Orçamento!$A$9:$J$117,4,0) -> LOCAÇÃO PARA MUROS, CERCAS E ALAMBRADOS | C17: =IF(M17=0,"",CONCATENATE(M17," ",$H17)) -> 149,23 M | D17: =IF(O17=0,"",CONCATENATE(O17," ",$H17)) | E17: =IF(Q17=0,"",CONCATENATE(Q17," ",$H17)) | F17: =IF(S17=0,"",CONCATENATE(S17," ",$H17)) | G17: =IF(U17=0,"",CONCATENATE(U17," ",$H17)) | H17: =VLOOKUP($A17,Orçamento!$A$9:$J$117,5,0) -> M | I17: =VLOOKUP($A17,Orçamento!$A$9:$J$117,6,0) -> 149.23 | J17: =VLOOKUP($A17,Orçamento!$A$9:$J$117,8,0) -> 1.97 | K17: =VLOOKUP($A17,Orçamento!$A$9:$J$117,10,0) -> 293.98 | M17: =I17 -> 149.23 | N17: =IF(M17=0,"",TRUNC($J17*M17,2)) -> 293.98 | P17: =IF(O17=0,"",TRUNC($J17*O17,2)) | R17: =IF(Q17=0,"",TRUNC($J17*Q17,2)) | T17: =IF(S17=0,"",TRUNC($J17*S17,2)) | V17: =IF(U17=0,"",TRUNC($J17*U17,2)) | Y17: =SUMIF($M$9:$V$9,$M$9,M17:V17) -> 149.23 | Z17: =IF(Y17=I17,"","FALTA") | AA17: =SUMIF($M$9:$V$9,$N$9,M17:V17) -> 293.98 | AB17: =IF(AA17=K17,"","FALTA")
A18: 1.2.2 | B18: =VLOOKUP($A18,Orçamento!$A$9:$J$117,4,0) -> LOCAÇÃO DE VIAS, CALÇADAS, TANQUES E LAGOAS | C18: =IF(M18=0,"",CONCATENATE(M18," ",$H18)) -> 19,63 M2 | D18: =IF(O18=0,"",CONCATENATE(O18," ",$H18)) | E18: =IF(Q18=0,"",CONCATENATE(Q18," ",$H18)) | F18: =IF(S18=0,"",CONCATENATE(S18," ",$H18)) | G18: =IF(U18=0,"",CONCATENATE(U18," ",$H18)) | H18: =VLOOKUP($A18,Orçamento!$A$9:$J$117,5,0) -> M2 | I18: =VLOOKUP($A18,Orçamento!$A$9:$J$117,6,0) -> 19.63 | J18: =VLOOKUP($A18,Orçamento!$A$9:$J$117,8,0) -> 2.39 | K18: =VLOOKUP($A18,Orçamento!$A$9:$J$117,10,0) -> 46.91 | M18: =I18 -> 19.63 | N18: =IF(M18=0,"",TRUNC($J18*M18,2)) -> 46.91 | P18: =IF(O18=0,"",TRUNC($J18*O18,2)) | R18: =IF(Q18=0,"",TRUNC($J18*Q18,2)) | T18: =IF(S18=0,"",TRUNC($J18*S18,2)) | V18: =IF(U18=0,"",TRUNC($J18*U18,2)) | Y18: =SUMIF($M$9:$V$9,$M$9,M18:V18) -> 19.63 | Z18: =IF(Y18=I18,"","FALTA") | AA18: =SUMIF($M$9:$V$9,$N$9,M18:V18) -> 46.91 | AB18: =IF(AA18=K18,"","FALTA")
A20: 2 | B20: =VLOOKUP($A20,Orçamento!$A$9:$J$117,4,0) -> LIMPEZA, TERRAPLENAGEM E DEMOLIÇÕES
A21: 2.1 | B21: =VLOOKUP($A21,Orçamento!$A$9:$J$117,4,0) -> LIMPEZA DO TERRENO | C21: EVENTO 5 | N21: =SUM(N22) -> 373.42 | P21: =SUM(P22) -> 0 | R21: =SUM(R22) -> 0 | T21: =SUM(T22) -> 0 | V21: =SUM(V22) -> 0
A22: 2.1.1 | B22: =VLOOKUP($A22,Orçamento!$A$9:$J$117,4,0) -> LIMPEZA MECANIZADA DE CAMADA VEGETAL, VEGETAÇÃO E PEQUENAS ÁRVORES (DIÂMETRO DE TRONCO MENOR QUE 0,20 M), COM TRATOR DE ESTEIRAS. AF_03/2024 | C22: =IF(M22=0,"",CONCATENATE(M22," ",$H22)) -> 401,53 M2 | D22: =IF(O22=0,"",CONCATENATE(O22," ",$H22)) | E22: =IF(Q22=0,"",CONCATENATE(Q22," ",$H22)) | F22: =IF(S22=0,"",CONCATENATE(S22," ",$H22)) | G22: =IF(U22=0,"",CONCATENATE(U22," ",$H22)) | H22: =VLOOKUP($A22,Orçamento!$A$9:$J$117,5,0) -> M2 | I22: =VLOOKUP($A22,Orçamento!$A$9:$J$117,6,0) -> 401.53 | J22: =VLOOKUP($A22,Orçamento!$A$9:$J$117,8,0) -> 0.93 | K22: =VLOOKUP($A22,Orçamento!$A$9:$J$117,10,0) -> 373.42 | M22: =I22 -> 401.53 | N22: =IF(M22=0,"",TRUNC($J22*M22,2)) -> 373.42 | P22: =IF(O22=0,"",TRUNC($J22*O22,2)) | R22: =IF(Q22=0,"",TRUNC($J22*Q22,2)) | T22: =IF(S22=0,"",TRUNC($J22*S22,2)) | V22: =IF(U22=0,"",TRUNC($J22*U22,2)) | Y22: =SUMIF($M$9:$V$9,$M$9,M22:V22) -> 401.53 | Z22: =IF(Y22=I22,"","FALTA") | AA22: =SUMIF($M$9:$V$9,$N$9,M22:V22) -> 373.42 | AB22: =IF(AA22=K22,"","FALTA")
A24: 2.2 | B24: =VLOOKUP($A24,Orçamento!$A$9:$J$117,4,0) -> TERRAPLENAGEM | C24: EVENTO 6 | N24: =SUM(N25:N30) -> 28488 | P24: =SUM(P25:P30) -> 0 | R24: =SUM(R25:R30) -> 0 | T24: =SUM(T25:T30) -> 0 | V24: =SUM(V25:V30) -> 0
A25: 2.2.1 | B25: =VLOOKUP($A25,Orçamento!$A$9:$J$117,4,0) -> ESCAVAÇÃO MANUAL EM SOLO DE 1ª E 2ª CATEGORIA EM CAMPO ABERTO | C25: =IF(M25=0,"",CONCATENATE(M25," ",$H25)) -> 155,71 M3 | D25: =IF(O25=0,"",CONCATENATE(O25," ",$H25)) | E25: =IF(Q25=0,"",CONCATENATE(Q25," ",$H25)) | F25: =IF(S25=0,"",CONCATENATE(S25," ",$H25)) | G25: =IF(U25=0,"",CONCATENATE(U25," ",$H25)) | H25: =VLOOKUP($A25,Orçamento!$A$9:$J$117,5,0) -> M3 | I25: =VLOOKUP($A25,Orçamento!$A$9:$J$117,6,0) -> 155.71 | J25: =VLOOKUP($A25,Orçamento!$A$9:$J$117,8,0) -> 73.81 | K25: =VLOOKUP($A25,Orçamento!$A$9:$J$117,10,0) -> 11492.95 | M25: =I25 -> 155.71 | N25: =IF(M25=0,"",TRUNC($J25*M25,2)) -> 11492.95 | P25: =IF(O25=0,"",TRUNC($J25*O25,2)) | R25: =IF(Q25=0,"",TRUNC($J25*Q25,2)) | T25: =IF(S25=0,"",TRUNC($J25*S25,2)) | V25: =IF(U25=0,"",TRUNC($J25*U25,2)) | Y25: =SUMIF($M$9:$V$9,$M$9,M25:V25) -> 155.71 | Z25: =IF(Y25=I25,"","FALTA") | AA25: =SUMIF($M$9:$V$9,$N$9,M25:V25) -> 11492.95 | AB25: =IF(AA25=K25,"","FALTA")
A26: 2.2.2 | B26: =VLOOKUP($A26,Orçamento!$A$9:$J$117,4,0) -> ESCAVAÇÃO MANUAL EM SOLO DE 1ª E 2ª CATEGORIA EM VALA OU CAVA ALÉM DE 1,5 M | C26: =IF(M26=0,"",CONCATENATE(M26," ",$H26)) -> 1,98 M3 | D26: =IF(O26=0,"",CONCATENATE(O26," ",$H26)) | E26: =IF(Q26=0,"",CONCATENATE(Q26," ",$H26)) | F26: =IF(S26=0,"",CONCATENATE(S26," ",$H26)) | G26: =IF(U26=0,"",CONCATENATE(U26," ",$H26)) | H26: =VLOOKUP($A26,Orçamento!$A$9:$J$117,5,0) -> M3 | I26: =VLOOKUP($A26,Orçamento!$A$9:$J$117,6,0) -> 1.98 | J26: =VLOOKUP($A26,Orçamento!$A$9:$J$117,8,0) -> 114.55 | K26: =VLOOKUP($A26,Orçamento!$A$9:$J$117,10,0) -> 226.8 | M26: =I26 -> 1.98 | N26: =IF(M26=0,"",TRUNC($J26*M26,2)) -> 226.8 | P26: =IF(O26=0,"",TRUNC($J26*O26,2)) | R26: =IF(Q26=0,"",TRUNC($J26*Q26,2)) | T26: =IF(S26=0,"",TRUNC($J26*S26,2)) | V26: =IF(U26=0,"",TRUNC($J26*U26,2)) | Y26: =SUMIF($M$9:$V$9,$M$9,M26:V26) -> 1.98 | Z26: =IF(Y26=I26,"","FALTA") | AA26: =SUMIF($M$9:$V$9,$N$9,M26:V26) -> 226.8 | AB26: =IF(AA26=K26,"","FALTA")
A27: 2.2.3 | B27: =VLOOKUP($A27,Orçamento!$A$9:$J$117,4,0) -> CARGA, MANOBRA E DESCARGA DE SOLOS E MATERIAIS GRANULARES EM CAMINHÃO BASCULANTE 18 M³ - CARGA COM ESCAVADEIRA HIDRÁULICA (CAÇAMBA DE 1,20 M³ / 155 HP) E DESCARGA LIVRE (UNIDADE: M3). AF_02/2026 | C27: =IF(M27=0,"",CONCATENATE(M27," ",$H27)) -> 222,21 M3 | D27: =IF(O27=0,"",CONCATENATE(O27," ",$H27)) | E27: =IF(Q27=0,"",CONCATENATE(Q27," ",$H27)) | F27: =IF(S27=0,"",CONCATENATE(S27," ",$H27)) | G27: =IF(U27=0,"",CONCATENATE(U27," ",$H27)) | H27: =VLOOKUP($A27,Orçamento!$A$9:$J$117,5,0) -> M3 | I27: =VLOOKUP($A27,Orçamento!$A$9:$J$117,6,0) -> 222.21 | J27: =VLOOKUP($A27,Orçamento!$A$9:$J$117,8,0) -> 8.49 | K27: =VLOOKUP($A27,Orçamento!$A$9:$J$117,10,0) -> 1886.56 | M27: =I27 -> 222.21 | N27: =IF(M27=0,"",TRUNC($J27*M27,2)) -> 1886.56 | P27: =IF(O27=0,"",TRUNC($J27*O27,2)) | R27: =IF(Q27=0,"",TRUNC($J27*Q27,2)) | T27: =IF(S27=0,"",TRUNC($J27*S27,2)) | V27: =IF(U27=0,"",TRUNC($J27*U27,2)) | Y27: =SUMIF($M$9:$V$9,$M$9,M27:V27) -> 222.21 | Z27: =IF(Y27=I27,"","FALTA") | AA27: =SUMIF($M$9:$V$9,$N$9,M27:V27) -> 1886.56 | AB27: =IF(AA27=K27,"","FALTA")
A28: 2.2.4 | B28: =VLOOKUP($A28,Orçamento!$A$9:$J$117,4,0) -> TRANSPORTE COM CAMINHÃO BASCULANTE DE 18 M³, EM VIA URBANA PAVIMENTADA, DMT ATÉ 30 KM (UNIDADE: M3XKM). AF_02/2026 | C28: =IF(M28=0,"",CONCATENATE(M28," ",$H28)) -> 2222,1 M3XKM | D28: =IF(O28=0,"",CONCATENATE(O28," ",$H28)) | E28: =IF(Q28=0,"",CONCATENATE(Q28," ",$H28)) | F28: =IF(S28=0,"",CONCATENATE(S28," ",$H28)) | G28: =IF(U28=0,"",CONCATENATE(U28," ",$H28)) | H28: =VLOOKUP($A28,Orçamento!$A$9:$J$117,5,0) -> M3XKM | I28: =VLOOKUP($A28,Orçamento!$A$9:$J$117,6,0) -> 2222.1 | J28: =VLOOKUP($A28,Orçamento!$A$9:$J$117,8,0) -> 2.58 | K28: =VLOOKUP($A28,Orçamento!$A$9:$J$117,10,0) -> 5733.01 | M28: =I28 -> 2222.1 | N28: =IF(M28=0,"",TRUNC($J28*M28,2)) -> 5733.01 | P28: =IF(O28=0,"",TRUNC($J28*O28,2)) | R28: =IF(Q28=0,"",TRUNC($J28*Q28,2)) | T28: =IF(S28=0,"",TRUNC($J28*S28,2)) | V28: =IF(U28=0,"",TRUNC($J28*U28,2)) | Y28: =SUMIF($M$9:$V$9,$M$9,M28:V28) -> 2222.1 | Z28: =IF(Y28=I28,"","FALTA") | AA28: =SUMIF($M$9:$V$9,$N$9,M28:V28) -> 5733.01 | AB28: =IF(AA28=K28,"","FALTA")
A29: 2.2.5 | B29: =VLOOKUP($A29,Orçamento!$A$9:$J$117,4,0) -> TAXA DE DESTINAÇÃO DE RESÍDUO SÓLIDO EM ATERRO, TIPO SOLO/TERRA | C29: =IF(M29=0,"",CONCATENATE(M29," ",$H29)) -> 222,21 M3 | D29: =IF(O29=0,"",CONCATENATE(O29," ",$H29)) | E29: =IF(Q29=0,"",CONCATENATE(Q29," ",$H29)) | F29: =IF(S29=0,"",CONCATENATE(S29," ",$H29)) | G29: =IF(U29=0,"",CONCATENATE(U29," ",$H29)) | H29: =VLOOKUP($A29,Orçamento!$A$9:$J$117,5,0) -> M3 | I29: =VLOOKUP($A29,Orçamento!$A$9:$J$117,6,0) -> 222.21 | J29: =VLOOKUP($A29,Orçamento!$A$9:$J$117,8,0) -> 38.75 | K29: =VLOOKUP($A29,Orçamento!$A$9:$J$117,10,0) -> 8610.63 | M29: =I29 -> 222.21 | N29: =IF(M29=0,"",TRUNC($J29*M29,2)) -> 8610.63 | P29: =IF(O29=0,"",TRUNC($J29*O29,2)) | R29: =IF(Q29=0,"",TRUNC($J29*Q29,2)) | T29: =IF(S29=0,"",TRUNC($J29*S29,2)) | V29: =IF(U29=0,"",TRUNC($J29*U29,2)) | Y29: =SUMIF($M$9:$V$9,$M$9,M29:V29) -> 222.21 | Z29: =IF(Y29=I29,"","FALTA") | AA29: =SUMIF($M$9:$V$9,$N$9,M29:V29) -> 8610.63 | AB29: =IF(AA29=K29,"","FALTA")
A30: 2.2.6 | B30: =VLOOKUP($A30,Orçamento!$A$9:$J$117,4,0) -> COMPACTAÇÃO MECÂNICA DE SOLO PARA EXECUÇÃO DE RADIER, PISO DE CONCRETO OU LAJE SOBRE SOLO, COM COMPACTADOR DE SOLOS TIPO PLACA VIBRATÓRIA. AF_07/2026 | C30: =IF(M30=0,"",CONCATENATE(M30," ",$H30)) -> 401,53 M2 | D30: =IF(O30=0,"",CONCATENATE(O30," ",$H30)) | E30: =IF(Q30=0,"",CONCATENATE(Q30," ",$H30)) | F30: =IF(S30=0,"",CONCATENATE(S30," ",$H30)) | G30: =IF(U30=0,"",CONCATENATE(U30," ",$H30)) | H30: =VLOOKUP($A30,Orçamento!$A$9:$J$117,5,0) -> M2 | I30: =VLOOKUP($A30,Orçamento!$A$9:$J$117,6,0) -> 401.53 | J30: =VLOOKUP($A30,Orçamento!$A$9:$J$117,8,0) -> 1.34 | K30: =VLOOKUP($A30,Orçamento!$A$9:$J$117,10,0) -> 538.05 | M30: =I30 -> 401.53 | N30: =IF(M30=0,"",TRUNC($J30*M30,2)) -> 538.05 | P30: =IF(O30=0,"",TRUNC($J30*O30,2)) | R30: =IF(Q30=0,"",TRUNC($J30*Q30,2)) | T30: =IF(S30=0,"",TRUNC($J30*S30,2)) | V30: =IF(U30=0,"",TRUNC($J30*U30,2)) | Y30: =SUMIF($M$9:$V$9,$M$9,M30:V30) -> 401.53 | Z30: =IF(Y30=I30,"","FALTA") | AA30: =SUMIF($M$9:$V$9,$N$9,M30:V30) -> 538.05 | AB30: =IF(AA30=K30,"","FALTA")
A32: 2.3 | B32: =VLOOKUP($A32,Orçamento!$A$9:$J$117,4,0) -> DEMOLIÇÕES | C32: EVENTO 7 | N32: =SUM(N33:N34) -> 1258.08 | P32: =SUM(P33:P34) -> 0 | R32: =SUM(R33:R34) -> 0 | T32: =SUM(T33:T34) -> 0 | V32: =SUM(V33:V34) -> 0
A33: 2.3.1 | B33: =VLOOKUP($A33,Orçamento!$A$9:$J$117,4,0) -> DEMOLIÇÃO DE ALVENARIA DE BLOCO FURADO, DE FORMA MANUAL, SEM REAPROVEITAMENTO. AF_09/2023 | C33: =IF(M33=0,"",CONCATENATE(M33," ",$H33)) -> 4 M3 | D33: =IF(O33=0,"",CONCATENATE(O33," ",$H33)) | E33: =IF(Q33=0,"",CONCATENATE(Q33," ",$H33)) | F33: =IF(S33=0,"",CONCATENATE(S33," ",$H33)) | G33: =IF(U33=0,"",CONCATENATE(U33," ",$H33)) | H33: =VLOOKUP($A33,Orçamento!$A$9:$J$117,5,0) -> M3 | I33: =VLOOKUP($A33,Orçamento!$A$9:$J$117,6,0) -> 4 | J33: =VLOOKUP($A33,Orçamento!$A$9:$J$117,8,0) -> 103.57 | K33: =VLOOKUP($A33,Orçamento!$A$9:$J$117,10,0) -> 414.28 | M33: =I33 -> 4 | N33: =IF(M33=0,"",TRUNC($J33*M33,2)) -> 414.28 | P33: =IF(O33=0,"",TRUNC($J33*O33,2)) | R33: =IF(Q33=0,"",TRUNC($J33*Q33,2)) | T33: =IF(S33=0,"",TRUNC($J33*S33,2)) | V33: =IF(U33=0,"",TRUNC($J33*U33,2)) | Y33: =SUMIF($M$9:$V$9,$M$9,M33:V33) -> 4 | Z33: =IF(Y33=I33,"","FALTA") | AA33: =SUMIF($M$9:$V$9,$N$9,M33:V33) -> 414.28 | AB33: =IF(AA33=K33,"","FALTA")
A34: 2.3.2 | B34: =VLOOKUP($A34,Orçamento!$A$9:$J$117,4,0) -> REMOÇÃO DE ENTULHO COM CAÇAMBA METÁLICA, INCLUSIVE CARGA MANUAL E DESCARGA EM BOTA-FORA | C34: =IF(M34=0,"",CONCATENATE(M34," ",$H34)) -> 4 M3 | D34: =IF(O34=0,"",CONCATENATE(O34," ",$H34)) | E34: =IF(Q34=0,"",CONCATENATE(Q34," ",$H34)) | F34: =IF(S34=0,"",CONCATENATE(S34," ",$H34)) | G34: =IF(U34=0,"",CONCATENATE(U34," ",$H34)) | H34: =VLOOKUP($A34,Orçamento!$A$9:$J$117,5,0) -> M3 | I34: =VLOOKUP($A34,Orçamento!$A$9:$J$117,6,0) -> 4 | J34: =VLOOKUP($A34,Orçamento!$A$9:$J$117,8,0) -> 210.95 | K34: =VLOOKUP($A34,Orçamento!$A$9:$J$117,10,0) -> 843.8 | M34: =I34 -> 4 | N34: =IF(M34=0,"",TRUNC($J34*M34,2)) -> 843.8 | P34: =IF(O34=0,"",TRUNC($J34*O34,2)) | R34: =IF(Q34=0,"",TRUNC($J34*Q34,2)) | T34: =IF(S34=0,"",TRUNC($J34*S34,2)) | V34: =IF(U34=0,"",TRUNC($J34*U34,2)) | Y34: =SUMIF($M$9:$V$9,$M$9,M34:V34) -> 4 | Z34: =IF(Y34=I34,"","FALTA") | AA34: =SUMIF($M$9:$V$9,$N$9,M34:V34) -> 843.8 | AB34: =IF(AA34=K34,"","FALTA")
A36: 3 | B36: =VLOOKUP($A36,Orçamento!$A$9:$J$117,4,0) -> REVITALIZAÇÃO DO PLAYGROUND
A37: 3.1 | B37: =VLOOKUP($A37,Orçamento!$A$9:$J$117,4,0) -> RETIRADA E RECOLOCAÇÃO DE BRINQUEDOS | C37: EVENTO 8 | N37: =SUM(N38:N43) -> 20681.54 | P37: =SUM(P38:P43) -> 0 | R37: =SUM(R38:R43) -> 0 | T37: =SUM(T38:T43) -> 0 | V37: =SUM(V38:V43) -> 0
A38: 3.1.1 | B38: =VLOOKUP($A38,Orçamento!$A$9:$J$117,4,0) -> RETIRADA E REINSTALAÇÃO DE BRINQUEDO CENTOPÉIA (GANGORRA) - ESTRUTURA METÁLICA | C38: =IF(M38=0,"",CONCATENATE(M38," ",$H38)) -> 1 UN. | D38: =IF(O38=0,"",CONCATENATE(O38," ",$H38)) | E38: =IF(Q38=0,"",CONCATENATE(Q38," ",$H38)) | F38: =IF(S38=0,"",CONCATENATE(S38," ",$H38)) | G38: =IF(U38=0,"",CONCATENATE(U38," ",$H38)) | H38: =VLOOKUP($A38,Orçamento!$A$9:$J$117,5,0) -> UN. | I38: =VLOOKUP($A38,Orçamento!$A$9:$J$117,6,0) -> 1 | J38: =VLOOKUP($A38,Orçamento!$A$9:$J$117,8,0) -> 7861.29 | K38: =VLOOKUP($A38,Orçamento!$A$9:$J$117,10,0) -> 7861.29 | M38: =I38 -> 1 | N38: =IF(M38=0,"",TRUNC($J38*M38,2)) -> 7861.29 | P38: =IF(O38=0,"",TRUNC($J38*O38,2)) | R38: =IF(Q38=0,"",TRUNC($J38*Q38,2)) | T38: =IF(S38=0,"",TRUNC($J38*S38,2)) | V38: =IF(U38=0,"",TRUNC($J38*U38,2)) | Y38: =SUMIF($M$9:$V$9,$M$9,M38:V38) -> 1 | Z38: =IF(Y38=I38,"","FALTA") | AA38: =SUMIF($M$9:$V$9,$N$9,M38:V38) -> 7861.29 | AB38: =IF(AA38=K38,"","FALTA")
A39: 3.1.2 | B39: =VLOOKUP($A39,Orçamento!$A$9:$J$117,4,0) -> RETIRADA E REINSTALAÇÃO DE BRINQUEDO CARROSSEL BASE FECHADA - ESTRUTURA METÁLICA | C39: =IF(M39=0,"",CONCATENATE(M39," ",$H39)) -> 1 UN. | D39: =IF(O39=0,"",CONCATENATE(O39," ",$H39)) | E39: =IF(Q39=0,"",CONCATENATE(Q39," ",$H39)) | F39: =IF(S39=0,"",CONCATENATE(S39," ",$H39)) | G39: =IF(U39=0,"",CONCATENATE(U39," ",$H39)) | H39: =VLOOKUP($A39,Orçamento!$A$9:$J$117,5,0) -> UN. | I39: =VLOOKUP($A39,Orçamento!$A$9:$J$117,6,0) -> 1 | J39: =VLOOKUP($A39,Orçamento!$A$9:$J$117,8,0) -> 2289.35 | K39: =VLOOKUP($A39,Orçamento!$A$9:$J$117,10,0) -> 2289.35 | M39: =I39 -> 1 | N39: =IF(M39=0,"",TRUNC($J39*M39,2)) -> 2289.35 | P39: =IF(O39=0,"",TRUNC($J39*O39,2)) | R39: =IF(Q39=0,"",TRUNC($J39*Q39,2)) | T39: =IF(S39=0,"",TRUNC($J39*S39,2)) | V39: =IF(U39=0,"",TRUNC($J39*U39,2)) | Y39: =SUMIF($M$9:$V$9,$M$9,M39:V39) -> 1 | Z39: =IF(Y39=I39,"","FALTA") | AA39: =SUMIF($M$9:$V$9,$N$9,M39:V39) -> 2289.35 | AB39: =IF(AA39=K39,"","FALTA")
A40: 3.1.3 | B40: =VLOOKUP($A40,Orçamento!$A$9:$J$117,4,0) -> RETIRADA E REINSTALAÇÃO DE BRINQUEDO BALANÇO 6 LUGARES - ESTRUTURA METÁLICA | C40: =IF(M40=0,"",CONCATENATE(M40," ",$H40)) -> 1 UN. | D40: =IF(O40=0,"",CONCATENATE(O40," ",$H40)) | E40: =IF(Q40=0,"",CONCATENATE(Q40," ",$H40)) | F40: =IF(S40=0,"",CONCATENATE(S40," ",$H40)) | G40: =IF(U40=0,"",CONCATENATE(U40," ",$H40)) | H40: =VLOOKUP($A40,Orçamento!$A$9:$J$117,5,0) -> UN. | I40: =VLOOKUP($A40,Orçamento!$A$9:$J$117,6,0) -> 1 | J40: =VLOOKUP($A40,Orçamento!$A$9:$J$117,8,0) -> 1698.65 | K40: =VLOOKUP($A40,Orçamento!$A$9:$J$117,10,0) -> 1698.65 | M40: =I40 -> 1 | N40: =IF(M40=0,"",TRUNC($J40*M40,2)) -> 1698.65 | P40: =IF(O40=0,"",TRUNC($J40*O40,2)) | R40: =IF(Q40=0,"",TRUNC($J40*Q40,2)) | T40: =IF(S40=0,"",TRUNC($J40*S40,2)) | V40: =IF(U40=0,"",TRUNC($J40*U40,2)) | Y40: =SUMIF($M$9:$V$9,$M$9,M40:V40) -> 1 | Z40: =IF(Y40=I40,"","FALTA") | AA40: =SUMIF($M$9:$V$9,$N$9,M40:V40) -> 1698.65 | AB40: =IF(AA40=K40,"","FALTA")
A41: 3.1.4 | B41: =VLOOKUP($A41,Orçamento!$A$9:$J$117,4,0) -> RETIRADA E REINSTALAÇÃO DE BRINQUEDO ESCALADA TIPO ARANHA - ESTRUTURA METÁLICA | C41: =IF(M41=0,"",CONCATENATE(M41," ",$H41)) -> 1 UN. | D41: =IF(O41=0,"",CONCATENATE(O41," ",$H41)) | E41: =IF(Q41=0,"",CONCATENATE(Q41," ",$H41)) | F41: =IF(S41=0,"",CONCATENATE(S41," ",$H41)) | G41: =IF(U41=0,"",CONCATENATE(U41," ",$H41)) | H41: =VLOOKUP($A41,Orçamento!$A$9:$J$117,5,0) -> UN. | I41: =VLOOKUP($A41,Orçamento!$A$9:$J$117,6,0) -> 1 | J41: =VLOOKUP($A41,Orçamento!$A$9:$J$117,8,0) -> 3551.26 | K41: =VLOOKUP($A41,Orçamento!$A$9:$J$117,10,0) -> 3551.26 | M41: =I41 -> 1 | N41: =IF(M41=0,"",TRUNC($J41*M41,2)) -> 3551.26 | P41: =IF(O41=0,"",TRUNC($J41*O41,2)) | R41: =IF(Q41=0,"",TRUNC($J41*Q41,2)) | T41: =IF(S41=0,"",TRUNC($J41*S41,2)) | V41: =IF(U41=0,"",TRUNC($J41*U41,2)) | Y41: =SUMIF($M$9:$V$9,$M$9,M41:V41) -> 1 | Z41: =IF(Y41=I41,"","FALTA") | AA41: =SUMIF($M$9:$V$9,$N$9,M41:V41) -> 3551.26 | AB41: =IF(AA41=K41,"","FALTA")
A42: 3.1.5 | B42: =VLOOKUP($A42,Orçamento!$A$9:$J$117,4,0) -> RETIRADA E REINSTALAÇÃO DE BRINQUEDO ESCORREGADOR 4 PRANCHAS TIPO DINOSSAURO - ESTRUTURA METÁLICA | C42: =IF(M42=0,"",CONCATENATE(M42," ",$H42)) -> 1 UN. | D42: =IF(O42=0,"",CONCATENATE(O42," ",$H42)) | E42: =IF(Q42=0,"",CONCATENATE(Q42," ",$H42)) | F42: =IF(S42=0,"",CONCATENATE(S42," ",$H42)) | G42: =IF(U42=0,"",CONCATENATE(U42," ",$H42)) | H42: =VLOOKUP($A42,Orçamento!$A$9:$J$117,5,0) -> UN. | I42: =VLOOKUP($A42,Orçamento!$A$9:$J$117,6,0) -> 1 | J42: =VLOOKUP($A42,Orçamento!$A$9:$J$117,8,0) -> 3948.69 | K42: =VLOOKUP($A42,Orçamento!$A$9:$J$117,10,0) -> 3948.69 | M42: =I42 -> 1 | N42: =IF(M42=0,"",TRUNC($J42*M42,2)) -> 3948.69 | P42: =IF(O42=0,"",TRUNC($J42*O42,2)) | R42: =IF(Q42=0,"",TRUNC($J42*Q42,2)) | T42: =IF(S42=0,"",TRUNC($J42*S42,2)) | V42: =IF(U42=0,"",TRUNC($J42*U42,2)) | Y42: =SUMIF($M$9:$V$9,$M$9,M42:V42) -> 1 | Z42: =IF(Y42=I42,"","FALTA") | AA42: =SUMIF($M$9:$V$9,$N$9,M42:V42) -> 3948.69 | AB42: =IF(AA42=K42,"","FALTA")
A43: 3.1.6 | B43: =VLOOKUP($A43,Orçamento!$A$9:$J$117,4,0) -> RETIRADA E REINSTALAÇÃO DE BRINQUEDO ESCALADA TIPO TRENZINHO - ESTRUTURA METÁLICA | C43: =IF(M43=0,"",CONCATENATE(M43," ",$H43)) -> 1 UN. | D43: =IF(O43=0,"",CONCATENATE(O43," ",$H43)) | E43: =IF(Q43=0,"",CONCATENATE(Q43," ",$H43)) | F43: =IF(S43=0,"",CONCATENATE(S43," ",$H43)) | G43: =IF(U43=0,"",CONCATENATE(U43," ",$H43)) | H43: =VLOOKUP($A43,Orçamento!$A$9:$J$117,5,0) -> UN. | I43: =VLOOKUP($A43,Orçamento!$A$9:$J$117,6,0) -> 1 | J43: =VLOOKUP($A43,Orçamento!$A$9:$J$117,8,0) -> 1332.3 | K43: =VLOOKUP($A43,Orçamento!$A$9:$J$117,10,0) -> 1332.3 | M43: =I43 -> 1 | N43: =IF(M43=0,"",TRUNC($J43*M43,2)) -> 1332.3 | P43: =IF(O43=0,"",TRUNC($J43*O43,2)) | R43: =IF(Q43=0,"",TRUNC($J43*Q43,2)) | T43: =IF(S43=0,"",TRUNC($J43*S43,2)) | V43: =IF(U43=0,"",TRUNC($J43*U43,2)) | Y43: =SUMIF($M$9:$V$9,$M$9,M43:V43) -> 1 | Z43: =IF(Y43=I43,"","FALTA") | AA43: =SUMIF($M$9:$V$9,$N$9,M43:V43) -> 1332.3 | AB43: =IF(AA43=K43,"","FALTA")
A45: 3.2 | B45: =VLOOKUP($A45,Orçamento!$A$9:$J$117,4,0) -> BASE DOS BRINQUEDOS - TANQUES DE AREIA | D45: EVENTO 9 | E45: EVENTO 10 | N45: =SUM(N46:N51) -> 0 | P45: =SUM(P46:P51) -> 19732.61 | R45: =SUM(R46:R51) -> 30230.44 | T45: =SUM(T46:T51) -> 0 | V45: =SUM(V46:V51) -> 0
A46: 3.2.1 | B46: =VLOOKUP($A46,Orçamento!$A$9:$J$117,4,0) -> DRENO COM PEDRA BRITADA | C46: =IF(M46=0,"",CONCATENATE(M46," ",$H46)) | D46: =IF(O46=0,"",CONCATENATE(O46," ",$H46)) -> 1,98 M3 | E46: =IF(Q46=0,"",CONCATENATE(Q46," ",$H46)) | F46: =IF(S46=0,"",CONCATENATE(S46," ",$H46)) | G46: =IF(U46=0,"",CONCATENATE(U46," ",$H46)) | H46: =VLOOKUP($A46,Orçamento!$A$9:$J$117,5,0) -> M3 | I46: =VLOOKUP($A46,Orçamento!$A$9:$J$117,6,0) -> 1.98 | J46: =VLOOKUP($A46,Orçamento!$A$9:$J$117,8,0) -> 226.54 | K46: =VLOOKUP($A46,Orçamento!$A$9:$J$117,10,0) -> 448.54 | N46: =IF(M46=0,"",TRUNC($J46*M46,2)) | O46: =I46 -> 1.98 | P46: =IF(O46=0,"",TRUNC($J46*O46,2)) -> 448.54 | R46: =IF(Q46=0,"",TRUNC($J46*Q46,2)) | T46: =IF(S46=0,"",TRUNC($J46*S46,2)) | V46: =IF(U46=0,"",TRUNC($J46*U46,2)) | Y46: =SUMIF($M$9:$V$9,$M$9,M46:V46) -> 1.98 | Z46: =IF(Y46=I46,"","FALTA") | AA46: =SUMIF($M$9:$V$9,$N$9,M46:V46) -> 448.54 | AB46: =IF(AA46=K46,"","FALTA")
A47: 3.2.2 | B47: =VLOOKUP($A47,Orçamento!$A$9:$J$117,4,0) -> INC.27 - BASE DE CONCRETO FCK=15,00MPA PARA GUIAS, SARJETAS OU SARJETÕES | C47: =IF(M47=0,"",CONCATENATE(M47," ",$H47)) | D47: =IF(O47=0,"",CONCATENATE(O47," ",$H47)) -> 2,24 M3 | E47: =IF(Q47=0,"",CONCATENATE(Q47," ",$H47)) | F47: =IF(S47=0,"",CONCATENATE(S47," ",$H47)) | G47: =IF(U47=0,"",CONCATENATE(U47," ",$H47)) | H47: =VLOOKUP($A47,Orçamento!$A$9:$J$117,5,0) -> M3 | I47: =VLOOKUP($A47,Orçamento!$A$9:$J$117,6,0) -> 2.24 | J47: =VLOOKUP($A47,Orçamento!$A$9:$J$117,8,0) -> 677.97 | K47: =VLOOKUP($A47,Orçamento!$A$9:$J$117,10,0) -> 1518.65 | N47: =IF(M47=0,"",TRUNC($J47*M47,2)) | O47: =I47 -> 2.24 | P47: =IF(O47=0,"",TRUNC($J47*O47,2)) -> 1518.65 | R47: =IF(Q47=0,"",TRUNC($J47*Q47,2)) | T47: =IF(S47=0,"",TRUNC($J47*S47,2)) | V47: =IF(U47=0,"",TRUNC($J47*U47,2)) | Y47: =SUMIF($M$9:$V$9,$M$9,M47:V47) -> 2.24 | Z47: =IF(Y47=I47,"","FALTA") | AA47: =SUMIF($M$9:$V$9,$N$9,M47:V47) -> 1518.65 | AB47: =IF(AA47=K47,"","FALTA")
A48: 3.2.3 | B48: =VLOOKUP($A48,Orçamento!$A$9:$J$117,4,0) -> LASTRO COM MATERIAL GRANULAR, APLICADO EM PISOS OU LAJES SOBRE SOLO, ESPESSURA DE *5 CM*. AF_01/2024 | C48: =IF(M48=0,"",CONCATENATE(M48," ",$H48)) | D48: =IF(O48=0,"",CONCATENATE(O48," ",$H48)) -> 19,09 M3 | E48: =IF(Q48=0,"",CONCATENATE(Q48," ",$H48)) | F48: =IF(S48=0,"",CONCATENATE(S48," ",$H48)) | G48: =IF(U48=0,"",CONCATENATE(U48," ",$H48)) | H48: =VLOOKUP($A48,Orçamento!$A$9:$J$117,5,0) -> M3 | I48: =VLOOKUP($A48,Orçamento!$A$9:$J$117,6,0) -> 19.09 | J48: =VLOOKUP($A48,Orçamento!$A$9:$J$117,8,0) -> 269.47 | K48: =VLOOKUP($A48,Orçamento!$A$9:$J$117,10,0) -> 5144.18 | N48: =IF(M48=0,"",TRUNC($J48*M48,2)) | O48: =I48 -> 19.09 | P48: =IF(O48=0,"",TRUNC($J48*O48,2)) -> 5144.18 | R48: =IF(Q48=0,"",TRUNC($J48*Q48,2)) | T48: =IF(S48=0,"",TRUNC($J48*S48,2)) | V48: =IF(U48=0,"",TRUNC($J48*U48,2)) | Y48: =SUMIF($M$9:$V$9,$M$9,M48:V48) -> 19.09 | Z48: =IF(Y48=I48,"","FALTA") | AA48: =SUMIF($M$9:$V$9,$N$9,M48:V48) -> 5144.18 | AB48: =IF(AA48=K48,"","FALTA")
A49: 3.2.4 | B49: =VLOOKUP($A49,Orçamento!$A$9:$J$117,4,0) -> ASSENTAMENTO DE GUIA (MEIO-FIO) EM TRECHO CURVO, CONFECCIONADA EM CONCRETO PRÉ-FABRICADO, DIMENSÕES 100X15X13X30 CM (COMPRIMENTO X BASE INFERIOR X BASE SUPERIOR X ALTURA). AF_01/2024 | C49: =IF(M49=0,"",CONCATENATE(M49," ",$H49)) | D49: =IF(O49=0,"",CONCATENATE(O49," ",$H49)) -> 149,23 M | E49: =IF(Q49=0,"",CONCATENATE(Q49," ",$H49)) | F49: =IF(S49=0,"",CONCATENATE(S49," ",$H49)) | G49: =IF(U49=0,"",CONCATENATE(U49," ",$H49)) | H49: =VLOOKUP($A49,Orçamento!$A$9:$J$117,5,0) -> M | I49: =VLOOKUP($A49,Orçamento!$A$9:$J$117,6,0) -> 149.23 | J49: =VLOOKUP($A49,Orçamento!$A$9:$J$117,8,0) -> 66.15 | K49: =VLOOKUP($A49,Orçamento!$A$9:$J$117,10,0) -> 9871.56 | N49: =IF(M49=0,"",TRUNC($J49*M49,2)) | O49: =I49 -> 149.23 | P49: =IF(O49=0,"",TRUNC($J49*O49,2)) -> 9871.56 | R49: =IF(Q49=0,"",TRUNC($J49*Q49,2)) | T49: =IF(S49=0,"",TRUNC($J49*S49,2)) | V49: =IF(U49=0,"",TRUNC($J49*U49,2)) | Y49: =SUMIF($M$9:$V$9,$M$9,M49:V49) -> 149.23 | Z49: =IF(Y49=I49,"","FALTA") | AA49: =SUMIF($M$9:$V$9,$N$9,M49:V49) -> 9871.56 | AB49: =IF(AA49=K49,"","FALTA")
A50: 3.2.5 | B50: =VLOOKUP($A50,Orçamento!$A$9:$J$117,4,0) -> IHD.23 - FORNECIMENTO E COLOCAÇÃO DE MANTA GEOTÊXTIL COM RESISTÊNCIA À TRAÇÃO LONGITUDINAL DE 7KN/M E TRAÇÃO TRANSVERSAL DE 6KN/M | C50: =IF(M50=0,"",CONCATENATE(M50," ",$H50)) | D50: =IF(O50=0,"",CONCATENATE(O50," ",$H50)) -> 381,9 M2 | E50: =IF(Q50=0,"",CONCATENATE(Q50," ",$H50)) | F50: =IF(S50=0,"",CONCATENATE(S50," ",$H50)) | G50: =IF(U50=0,"",CONCATENATE(U50," ",$H50)) | H50: =VLOOKUP($A50,Orçamento!$A$9:$J$117,5,0) -> M2 | I50: =VLOOKUP($A50,Orçamento!$A$9:$J$117,6,0) -> 381.9 | J50: =VLOOKUP($A50,Orçamento!$A$9:$J$117,8,0) -> 7.2 | K50: =VLOOKUP($A50,Orçamento!$A$9:$J$117,10,0) -> 2749.68 | N50: =IF(M50=0,"",TRUNC($J50*M50,2)) | O50: =I50 -> 381.9 | P50: =IF(O50=0,"",TRUNC($J50*O50,2)) -> 2749.68 | R50: =IF(Q50=0,"",TRUNC($J50*Q50,2)) | T50: =IF(S50=0,"",TRUNC($J50*S50,2)) | V50: =IF(U50=0,"",TRUNC($J50*U50,2)) | Y50: =SUMIF($M$9:$V$9,$M$9,M50:V50) -> 381.9 | Z50: =IF(Y50=I50,"","FALTA") | AA50: =SUMIF($M$9:$V$9,$N$9,M50:V50) -> 2749.68 | AB50: =IF(AA50=K50,"","FALTA")
A51: 3.2.6 | B51: =VLOOKUP($A51,Orçamento!$A$9:$J$117,4,0) -> RV.11 - TANQUE DE AREIA - GENÉRICO - FORNECIMENTO E APLICAÇÃO DE AREIA LAVADA | C51: =IF(M51=0,"",CONCATENATE(M51," ",$H51)) | D51: =IF(O51=0,"",CONCATENATE(O51," ",$H51)) | E51: =IF(Q51=0,"",CONCATENATE(Q51," ",$H51)) -> 114,57 M3 | F51: =IF(S51=0,"",CONCATENATE(S51," ",$H51)) | G51: =IF(U51=0,"",CONCATENATE(U51," ",$H51)) | H51: =VLOOKUP($A51,Orçamento!$A$9:$J$117,5,0) -> M3 | I51: =VLOOKUP($A51,Orçamento!$A$9:$J$117,6,0) -> 114.57 | J51: =VLOOKUP($A51,Orçamento!$A$9:$J$117,8,0) -> 263.86 | K51: =VLOOKUP($A51,Orçamento!$A$9:$J$117,10,0) -> 30230.44 | N51: =IF(M51=0,"",TRUNC($J51*M51,2)) | P51: =IF(O51=0,"",TRUNC($J51*O51,2)) | Q51: =I51 -> 114.57 | R51: =IF(Q51=0,"",TRUNC($J51*Q51,2)) -> 30230.44 | T51: =IF(S51=0,"",TRUNC($J51*S51,2)) | V51: =IF(U51=0,"",TRUNC($J51*U51,2)) | Y51: =SUMIF($M$9:$V$9,$M$9,M51:V51) -> 114.57 | Z51: =IF(Y51=I51,"","FALTA") | AA51: =SUMIF($M$9:$V$9,$N$9,M51:V51) -> 30230.44 | AB51: =IF(AA51=K51,"","FALTA")
A52: 3.3 | B52: =VLOOKUP($A52,Orçamento!$A$9:$J$117,4,0) -> EQUIPAMENTOS NOVOS - BRINQUEDO PNE E PLACA | D52: EVENTO 11 | E52: EVENTO 12 | N52: =SUM(N53:N59) -> 0 | P52: =SUM(P53:P59) -> 2906.82 | R52: =SUM(R53:R59) -> 9447.35 | T52: =SUM(T53:T59) -> 0 | V52: =SUM(V53:V59) -> 0
A53: 3.3.1 | B53: =VLOOKUP($A53,Orçamento!$A$9:$J$117,4,0) -> FABRICAÇÃO, MONTAGEM E DESMONTAGEM DE FORMA PARA RADIER, PISO DE CONCRETO OU LAJE SOBRE SOLO, EM MADEIRA SERRADA, 4 UTILIZAÇÕES. AF_07/2026 | C53: =IF(M53=0,"",CONCATENATE(M53," ",$H53)) | D53: =IF(O53=0,"",CONCATENATE(O53," ",$H53)) -> 2,36 M2 | E53: =IF(Q53=0,"",CONCATENATE(Q53," ",$H53)) | F53: =IF(S53=0,"",CONCATENATE(S53," ",$H53)) | G53: =IF(U53=0,"",CONCATENATE(U53," ",$H53)) | H53: =VLOOKUP($A53,Orçamento!$A$9:$J$117,5,0) -> M2 | I53: =VLOOKUP($A53,Orçamento!$A$9:$J$117,6,0) -> 2.36 | J53: =VLOOKUP($A53,Orçamento!$A$9:$J$117,8,0) -> 168.57 | K53: =VLOOKUP($A53,Orçamento!$A$9:$J$117,10,0) -> 397.82 | N53: =IF(M53=0,"",TRUNC($J53*M53,2)) | O53: =I53 -> 2.36 | P53: =IF(O53=0,"",TRUNC($J53*O53,2)) -> 397.82 | R53: =IF(Q53=0,"",TRUNC($J53*Q53,2)) | T53: =IF(S53=0,"",TRUNC($J53*S53,2)) | V53: =IF(U53=0,"",TRUNC($J53*U53,2)) | Y53: =SUMIF($M$9:$V$9,$M$9,M53:V53) -> 2.36 | Z53: =IF(Y53=I53,"","FALTA") | AA53: =SUMIF($M$9:$V$9,$N$9,M53:V53) -> 397.82 | AB53: =IF(AA53=K53,"","FALTA")
A54: 3.3.2 | B54: =VLOOKUP($A54,Orçamento!$A$9:$J$117,4,0) -> LASTRO COM MATERIAL GRANULAR, APLICADO EM PISOS OU LAJES SOBRE SOLO, ESPESSURA DE *5 CM*. AF_01/2024 | C54: =IF(M54=0,"",CONCATENATE(M54," ",$H54)) | D54: =IF(O54=0,"",CONCATENATE(O54," ",$H54)) -> 0,98 M3 | E54: =IF(Q54=0,"",CONCATENATE(Q54," ",$H54)) | F54: =IF(S54=0,"",CONCATENATE(S54," ",$H54)) | G54: =IF(U54=0,"",CONCATENATE(U54," ",$H54)) | H54: =VLOOKUP($A54,Orçamento!$A$9:$J$117,5,0) -> M3 | I54: =VLOOKUP($A54,Orçamento!$A$9:$J$117,6,0) -> 0.98 | J54: =VLOOKUP($A54,Orçamento!$A$9:$J$117,8,0) -> 269.47 | K54: =VLOOKUP($A54,Orçamento!$A$9:$J$117,10,0) -> 264.08 | N54: =IF(M54=0,"",TRUNC($J54*M54,2)) | O54: =I54 -> 0.98 | P54: =IF(O54=0,"",TRUNC($J54*O54,2)) -> 264.08 | R54: =IF(Q54=0,"",TRUNC($J54*Q54,2)) | T54: =IF(S54=0,"",TRUNC($J54*S54,2)) | V54: =IF(U54=0,"",TRUNC($J54*U54,2)) | Y54: =SUMIF($M$9:$V$9,$M$9,M54:V54) -> 0.98 | Z54: =IF(Y54=I54,"","FALTA") | AA54: =SUMIF($M$9:$V$9,$N$9,M54:V54) -> 264.08 | AB54: =IF(AA54=K54,"","FALTA")
A55: 3.3.3 | B55: =VLOOKUP($A55,Orçamento!$A$9:$J$117,4,0) -> ARMAÇÃO PARA EXECUÇÃO DE RADIER, PISO DE CONCRETO OU LAJE SOBRE SOLO, COM USO DE TELA Q-92. AF_07/2026 | C55: =IF(M55=0,"",CONCATENATE(M55," ",$H55)) | D55: =IF(O55=0,"",CONCATENATE(O55," ",$H55)) -> 29,06 KG | E55: =IF(Q55=0,"",CONCATENATE(Q55," ",$H55)) | F55: =IF(S55=0,"",CONCATENATE(S55," ",$H55)) | G55: =IF(U55=0,"",CONCATENATE(U55," ",$H55)) | H55: =VLOOKUP($A55,Orçamento!$A$9:$J$117,5,0) -> KG | I55: =VLOOKUP($A55,Orçamento!$A$9:$J$117,6,0) -> 29.06 | J55: =VLOOKUP($A55,Orçamento!$A$9:$J$117,8,0) -> 18.41 | K55: =VLOOKUP($A55,Orçamento!$A$9:$J$117,10,0) -> 534.99 | N55: =IF(M55=0,"",TRUNC($J55*M55,2)) | O55: =I55 -> 29.06 | P55: =IF(O55=0,"",TRUNC($J55*O55,2)) -> 534.99 | R55: =IF(Q55=0,"",TRUNC($J55*Q55,2)) | T55: =IF(S55=0,"",TRUNC($J55*S55,2)) | V55: =IF(U55=0,"",TRUNC($J55*U55,2)) | Y55: =SUMIF($M$9:$V$9,$M$9,M55:V55) -> 29.06 | Z55: =IF(Y55=I55,"","FALTA") | AA55: =SUMIF($M$9:$V$9,$N$9,M55:V55) -> 534.99 | AB55: =IF(AA55=K55,"","FALTA")
A56: 3.3.4 | B56: =VLOOKUP($A56,Orçamento!$A$9:$J$117,4,0) -> CONCRETAGEM DE RADIER, PISO OU LAJE SOBRE SOLO, FCK 30 MPA - LANÇAMENTO, ADENSAMENTO E ACABAMENTO. AF_07/2026 | C56: =IF(M56=0,"",CONCATENATE(M56," ",$H56)) | D56: =IF(O56=0,"",CONCATENATE(O56," ",$H56)) -> 1,96 M3 | E56: =IF(Q56=0,"",CONCATENATE(Q56," ",$H56)) | F56: =IF(S56=0,"",CONCATENATE(S56," ",$H56)) | G56: =IF(U56=0,"",CONCATENATE(U56," ",$H56)) | H56: =VLOOKUP($A56,Orçamento!$A$9:$J$117,5,0) -> M3 | I56: =VLOOKUP($A56,Orçamento!$A$9:$J$117,6,0) -> 1.96 | J56: =VLOOKUP($A56,Orçamento!$A$9:$J$117,8,0) -> 796.04 | K56: =VLOOKUP($A56,Orçamento!$A$9:$J$117,10,0) -> 1560.23 | N56: =IF(M56=0,"",TRUNC($J56*M56,2)) | O56: =I56 -> 1.96 | P56: =IF(O56=0,"",TRUNC($J56*O56,2)) -> 1560.23 | R56: =IF(Q56=0,"",TRUNC($J56*Q56,2)) | T56: =IF(S56=0,"",TRUNC($J56*S56,2)) | V56: =IF(U56=0,"",TRUNC($J56*U56,2)) | Y56: =SUMIF($M$9:$V$9,$M$9,M56:V56) -> 1.96 | Z56: =IF(Y56=I56,"","FALTA") | AA56: =SUMIF($M$9:$V$9,$N$9,M56:V56) -> 1560.23 | AB56: =IF(AA56=K56,"","FALTA")
A57: 3.3.5 | B57: =VLOOKUP($A57,Orçamento!$A$9:$J$117,4,0) -> CORTE DE JUNTA DE DILATAÇÃO, COM SERRA DE DISCO DIAMANTADO PARA PISOS | C57: =IF(M57=0,"",CONCATENATE(M57," ",$H57)) | D57: =IF(O57=0,"",CONCATENATE(O57," ",$H57)) -> 10 M | E57: =IF(Q57=0,"",CONCATENATE(Q57," ",$H57)) | F57: =IF(S57=0,"",CONCATENATE(S57," ",$H57)) | G57: =IF(U57=0,"",CONCATENATE(U57," ",$H57)) | H57: =VLOOKUP($A57,Orçamento!$A$9:$J$117,5,0) -> M | I57: =VLOOKUP($A57,Orçamento!$A$9:$J$117,6,0) -> 10 | J57: =VLOOKUP($A57,Orçamento!$A$9:$J$117,8,0) -> 14.97 | K57: =VLOOKUP($A57,Orçamento!$A$9:$J$117,10,0) -> 149.7 | N57: =IF(M57=0,"",TRUNC($J57*M57,2)) | O57: =I57 -> 10 | P57: =IF(O57=0,"",TRUNC($J57*O57,2)) -> 149.7 | R57: =IF(Q57=0,"",TRUNC($J57*Q57,2)) | T57: =IF(S57=0,"",TRUNC($J57*S57,2)) | V57: =IF(U57=0,"",TRUNC($J57*U57,2)) | Y57: =SUMIF($M$9:$V$9,$M$9,M57:V57) -> 10 | Z57: =IF(Y57=I57,"","FALTA") | AA57: =SUMIF($M$9:$V$9,$N$9,M57:V57) -> 149.7 | AB57: =IF(AA57=K57,"","FALTA")
A58: 3.3.6 | B58: =VLOOKUP($A58,Orçamento!$A$9:$J$117,4,0) -> GANGORRA ADAPTADA PARA CADEIRANTE – 1,50 X 3,00 M | C58: =IF(M58=0,"",CONCATENATE(M58," ",$H58)) | D58: =IF(O58=0,"",CONCATENATE(O58," ",$H58)) | E58: =IF(Q58=0,"",CONCATENATE(Q58," ",$H58)) -> 1 UN. | F58: =IF(S58=0,"",CONCATENATE(S58," ",$H58)) | G58: =IF(U58=0,"",CONCATENATE(U58," ",$H58)) | H58: =VLOOKUP($A58,Orçamento!$A$9:$J$117,5,0) -> UN. | I58: =VLOOKUP($A58,Orçamento!$A$9:$J$117,6,0) -> 1 | J58: =VLOOKUP($A58,Orçamento!$A$9:$J$117,8,0) -> 6701.99 | K58: =VLOOKUP($A58,Orçamento!$A$9:$J$117,10,0) -> 6701.99 | N58: =IF(M58=0,"",TRUNC($J58*M58,2)) | P58: =IF(O58=0,"",TRUNC($J58*O58,2)) | Q58: =I58 -> 1 | R58: =IF(Q58=0,"",TRUNC($J58*Q58,2)) -> 6701.99 | T58: =IF(S58=0,"",TRUNC($J58*S58,2)) | V58: =IF(U58=0,"",TRUNC($J58*U58,2)) | Y58: =SUMIF($M$9:$V$9,$M$9,M58:V58) -> 1 | Z58: =IF(Y58=I58,"","FALTA") | AA58: =SUMIF($M$9:$V$9,$N$9,M58:V58) -> 6701.99 | AB58: =IF(AA58=K58,"","FALTA")
A59: 3.3.7 | B59: =VLOOKUP($A59,Orçamento!$A$9:$J$117,4,0) -> INSTALAÇÃO DE PLACA ORIENTATIVA SOBRE EXERCÍCIOS, 2,00M X 1,00M, EM TUBO DE AÇO CARBONO - PARA ACADEMIA AO AR LIVRE / ACADEMIA DA TERCEIRA IDADE - ATI, INSTALADO SOBRE SOLO. AF_10/2021 | C59: =IF(M59=0,"",CONCATENATE(M59," ",$H59)) | D59: =IF(O59=0,"",CONCATENATE(O59," ",$H59)) | E59: =IF(Q59=0,"",CONCATENATE(Q59," ",$H59)) -> 1 UN | F59: =IF(S59=0,"",CONCATENATE(S59," ",$H59)) | G59: =IF(U59=0,"",CONCATENATE(U59," ",$H59)) | H59: =VLOOKUP($A59,Orçamento!$A$9:$J$117,5,0) -> UN | I59: =VLOOKUP($A59,Orçamento!$A$9:$J$117,6,0) -> 1 | J59: =VLOOKUP($A59,Orçamento!$A$9:$J$117,8,0) -> 2745.36 | K59: =VLOOKUP($A59,Orçamento!$A$9:$J$117,10,0) -> 2745.36 | N59: =IF(M59=0,"",TRUNC($J59*M59,2)) | P59: =IF(O59=0,"",TRUNC($J59*O59,2)) | Q59: =I59 -> 1 | R59: =IF(Q59=0,"",TRUNC($J59*Q59,2)) -> 2745.36 | T59: =IF(S59=0,"",TRUNC($J59*S59,2)) | V59: =IF(U59=0,"",TRUNC($J59*U59,2)) | Y59: =SUMIF($M$9:$V$9,$M$9,M59:V59) -> 1 | Z59: =IF(Y59=I59,"","FALTA") | AA59: =SUMIF($M$9:$V$9,$N$9,M59:V59) -> 2745.36 | AB59: =IF(AA59=K59,"","FALTA")
A61: 4 | B61: =VLOOKUP($A61,Orçamento!$A$9:$J$117,4,0) -> REVITALIZAÇÃO QUIOSQUE
A62: 4.1 | B62: =VLOOKUP($A62,Orçamento!$A$9:$J$117,4,0) -> MOBILIZAÇÃO | D62: EVENTO 13 | N62: =SUM(N63:N64) -> 0 | P62: =SUM(P63:P64) -> 215.04 | R62: =SUM(R63:R64) -> 0 | T62: =SUM(T63:T64) -> 0 | V62: =SUM(V63:V64) -> 0
A63: 4.1.1 | B63: =VLOOKUP($A63,Orçamento!$A$9:$J$117,4,0) -> MONTAGEM E DESMONTAGEM DE ANDAIME TORRE METÁLICA COM ALTURA ATÉ 10 M | C63: =IF(M63=0,"",CONCATENATE(M63," ",$H63)) | D63: =IF(O63=0,"",CONCATENATE(O63," ",$H63)) -> 4 M | E63: =IF(Q63=0,"",CONCATENATE(Q63," ",$H63)) | F63: =IF(S63=0,"",CONCATENATE(S63," ",$H63)) | G63: =IF(U63=0,"",CONCATENATE(U63," ",$H63)) | H63: =VLOOKUP($A63,Orçamento!$A$9:$J$117,5,0) -> M | I63: =VLOOKUP($A63,Orçamento!$A$9:$J$117,6,0) -> 4 | J63: =VLOOKUP($A63,Orçamento!$A$9:$J$117,8,0) -> 17.96 | K63: =VLOOKUP($A63,Orçamento!$A$9:$J$117,10,0) -> 71.84 | N63: =IF(M63=0,"",TRUNC($J63*M63,2)) | O63: =I63 -> 4 | P63: =IF(O63=0,"",TRUNC($J63*O63,2)) -> 71.84 | R63: =IF(Q63=0,"",TRUNC($J63*Q63,2)) | T63: =IF(S63=0,"",TRUNC($J63*S63,2)) | V63: =IF(U63=0,"",TRUNC($J63*U63,2)) | Y63: =SUMIF($M$9:$V$9,$M$9,M63:V63) -> 4 | Z63: =IF(Y63=I63,"","FALTA") | AA63: =SUMIF($M$9:$V$9,$N$9,M63:V63) -> 71.84 | AB63: =IF(AA63=K63,"","FALTA")
A64: 4.1.2 | B64: =VLOOKUP($A64,Orçamento!$A$9:$J$117,4,0) -> ANDAIME TORRE METÁLICO (1,5 X 1,5 M) COM PISO METÁLICO | C64: =IF(M64=0,"",CONCATENATE(M64," ",$H64)) | D64: =IF(O64=0,"",CONCATENATE(O64," ",$H64)) -> 4 MXMES | E64: =IF(Q64=0,"",CONCATENATE(Q64," ",$H64)) | F64: =IF(S64=0,"",CONCATENATE(S64," ",$H64)) | G64: =IF(U64=0,"",CONCATENATE(U64," ",$H64)) | H64: =VLOOKUP($A64,Orçamento!$A$9:$J$117,5,0) -> MXMES | I64: =VLOOKUP($A64,Orçamento!$A$9:$J$117,6,0) -> 4 | J64: =VLOOKUP($A64,Orçamento!$A$9:$J$117,8,0) -> 35.8 | K64: =VLOOKUP($A64,Orçamento!$A$9:$J$117,10,0) -> 143.2 | N64: =IF(M64=0,"",TRUNC($J64*M64,2)) | O64: =I64 -> 4 | P64: =IF(O64=0,"",TRUNC($J64*O64,2)) -> 143.2 | R64: =IF(Q64=0,"",TRUNC($J64*Q64,2)) | T64: =IF(S64=0,"",TRUNC($J64*S64,2)) | V64: =IF(U64=0,"",TRUNC($J64*U64,2)) | Y64: =SUMIF($M$9:$V$9,$M$9,M64:V64) -> 4 | Z64: =IF(Y64=I64,"","FALTA") | AA64: =SUMIF($M$9:$V$9,$N$9,M64:V64) -> 143.2 | AB64: =IF(AA64=K64,"","FALTA")
A66: 4.2 | B66: =VLOOKUP($A66,Orçamento!$A$9:$J$117,4,0) -> PINTURA COBERTURA | D66: EVENTO 14 | N66: =SUM(N67:N69) -> 0 | P66: =SUM(P67:P69) -> 5859.85 | R66: =SUM(R67:R69) -> 0 | T66: =SUM(T67:T69) -> 0 | V66: =SUM(V67:V69) -> 0
A67: 4.2.1 | B67: =VLOOKUP($A67,Orçamento!$A$9:$J$117,4,0) -> LIXAMENTO MANUAL EM SUPERFÍCIES METÁLICAS EM OBRA. AF_01/2020 | C67: =IF(M67=0,"",CONCATENATE(M67," ",$H67)) | D67: =IF(O67=0,"",CONCATENATE(O67," ",$H67)) -> 82,14 M2 | E67: =IF(Q67=0,"",CONCATENATE(Q67," ",$H67)) | F67: =IF(S67=0,"",CONCATENATE(S67," ",$H67)) | G67: =IF(U67=0,"",CONCATENATE(U67," ",$H67)) | H67: =VLOOKUP($A67,Orçamento!$A$9:$J$117,5,0) -> M2 | I67: =VLOOKUP($A67,Orçamento!$A$9:$J$117,6,0) -> 82.14 | J67: =VLOOKUP($A67,Orçamento!$A$9:$J$117,8,0) -> 15.8 | K67: =VLOOKUP($A67,Orçamento!$A$9:$J$117,10,0) -> 1297.81 | N67: =IF(M67=0,"",TRUNC($J67*M67,2)) | O67: =I67 -> 82.14 | P67: =IF(O67=0,"",TRUNC($J67*O67,2)) -> 1297.81 | R67: =IF(Q67=0,"",TRUNC($J67*Q67,2)) | T67: =IF(S67=0,"",TRUNC($J67*S67,2)) | V67: =IF(U67=0,"",TRUNC($J67*U67,2)) | Y67: =SUMIF($M$9:$V$9,$M$9,M67:V67) -> 82.14 | Z67: =IF(Y67=I67,"","FALTA") | AA67: =SUMIF($M$9:$V$9,$N$9,M67:V67) -> 1297.81 | AB67: =IF(AA67=K67,"","FALTA")
A68: 4.2.2 | B68: =VLOOKUP($A68,Orçamento!$A$9:$J$117,4,0) -> PINTURA COM TINTA ACRILICA DE FUNDO PULVERIZADA SOBRE SUPERFICIES METALICAS (EXCETO PERFIL) EXECUTADO EM OBRA (POR DEMAO). AF_01/2020 | C68: =IF(M68=0,"",CONCATENATE(M68," ",$H68)) | D68: =IF(O68=0,"",CONCATENATE(O68," ",$H68)) -> 82,14 M2 | E68: =IF(Q68=0,"",CONCATENATE(Q68," ",$H68)) | F68: =IF(S68=0,"",CONCATENATE(S68," ",$H68)) | G68: =IF(U68=0,"",CONCATENATE(U68," ",$H68)) | H68: =VLOOKUP($A68,Orçamento!$A$9:$J$117,5,0) -> M2 | I68: =VLOOKUP($A68,Orçamento!$A$9:$J$117,6,0) -> 82.14 | J68: =VLOOKUP($A68,Orçamento!$A$9:$J$117,8,0) -> 19.84 | K68: =VLOOKUP($A68,Orçamento!$A$9:$J$117,10,0) -> 1629.65 | N68: =IF(M68=0,"",TRUNC($J68*M68,2)) | O68: =I68 -> 82.14 | P68: =IF(O68=0,"",TRUNC($J68*O68,2)) -> 1629.65 | R68: =IF(Q68=0,"",TRUNC($J68*Q68,2)) | T68: =IF(S68=0,"",TRUNC($J68*S68,2)) | V68: =IF(U68=0,"",TRUNC($J68*U68,2)) | Y68: =SUMIF($M$9:$V$9,$M$9,M68:V68) -> 82.14 | Z68: =IF(Y68=I68,"","FALTA") | AA68: =SUMIF($M$9:$V$9,$N$9,M68:V68) -> 1629.65 | AB68: =IF(AA68=K68,"","FALTA")
A69: 4.2.3 | B69: =VLOOKUP($A69,Orçamento!$A$9:$J$117,4,0) -> PINTURA COM TINTA ACRILICA DE ACABAMENTO PULVERIZADA SOBRE SUPERFICIES METALICAS (EXCETO PERFIL) EXECUTADO EM OBRA (02 DEMAOS). AF_01/2020 | C69: =IF(M69=0,"",CONCATENATE(M69," ",$H69)) | D69: =IF(O69=0,"",CONCATENATE(O69," ",$H69)) -> 82,14 M2 | E69: =IF(Q69=0,"",CONCATENATE(Q69," ",$H69)) | F69: =IF(S69=0,"",CONCATENATE(S69," ",$H69)) | G69: =IF(U69=0,"",CONCATENATE(U69," ",$H69)) | H69: =VLOOKUP($A69,Orçamento!$A$9:$J$117,5,0) -> M2 | I69: =VLOOKUP($A69,Orçamento!$A$9:$J$117,6,0) -> 82.14 | J69: =VLOOKUP($A69,Orçamento!$A$9:$J$117,8,0) -> 35.7 | K69: =VLOOKUP($A69,Orçamento!$A$9:$J$117,10,0) -> 2932.39 | N69: =IF(M69=0,"",TRUNC($J69*M69,2)) | O69: =I69 -> 82.14 | P69: =IF(O69=0,"",TRUNC($J69*O69,2)) -> 2932.39 | R69: =IF(Q69=0,"",TRUNC($J69*Q69,2)) | T69: =IF(S69=0,"",TRUNC($J69*S69,2)) | V69: =IF(U69=0,"",TRUNC($J69*U69,2)) | Y69: =SUMIF($M$9:$V$9,$M$9,M69:V69) -> 82.14 | Z69: =IF(Y69=I69,"","FALTA") | AA69: =SUMIF($M$9:$V$9,$N$9,M69:V69) -> 2932.39 | AB69: =IF(AA69=K69,"","FALTA")
A71: 4.3 | B71: =VLOOKUP($A71,Orçamento!$A$9:$J$117,4,0) -> PINTURA EM ALVENARIAS | E71: EVENTO 15 | N71: =SUM(N72:N73) -> 0 | P71: =SUM(P72:P73) -> 0 | R71: =SUM(R72:R73) -> 2800.85 | T71: =SUM(T72:T73) -> 0 | V71: =SUM(V72:V73) -> 0
A72: 4.3.1 | B72: =VLOOKUP($A72,Orçamento!$A$9:$J$117,4,0) -> LIXAMENTO MANUAL DE SUPERFÍCIE DE CONCRETO | C72: =IF(M72=0,"",CONCATENATE(M72," ",$H72)) | D72: =IF(O72=0,"",CONCATENATE(O72," ",$H72)) | E72: =IF(Q72=0,"",CONCATENATE(Q72," ",$H72)) -> 71,07 M2 | F72: =IF(S72=0,"",CONCATENATE(S72," ",$H72)) | G72: =IF(U72=0,"",CONCATENATE(U72," ",$H72)) | H72: =VLOOKUP($A72,Orçamento!$A$9:$J$117,5,0) -> M2 | I72: =VLOOKUP($A72,Orçamento!$A$9:$J$117,6,0) -> 71.07 | J72: =VLOOKUP($A72,Orçamento!$A$9:$J$117,8,0) -> 4.13 | K72: =VLOOKUP($A72,Orçamento!$A$9:$J$117,10,0) -> 293.51 | N72: =IF(M72=0,"",TRUNC($J72*M72,2)) | P72: =IF(O72=0,"",TRUNC($J72*O72,2)) | Q72: =I72 -> 71.07 | R72: =IF(Q72=0,"",TRUNC($J72*Q72,2)) -> 293.51 | T72: =IF(S72=0,"",TRUNC($J72*S72,2)) | V72: =IF(U72=0,"",TRUNC($J72*U72,2)) | Y72: =SUMIF($M$9:$V$9,$M$9,M72:V72) -> 71.07 | Z72: =IF(Y72=I72,"","FALTA") | AA72: =SUMIF($M$9:$V$9,$N$9,M72:V72) -> 293.51 | AB72: =IF(AA72=K72,"","FALTA")
A73: 4.3.2 | B73: =VLOOKUP($A73,Orçamento!$A$9:$J$117,4,0) -> TINTA ACRÍLICA TEXTURADA | C73: =IF(M73=0,"",CONCATENATE(M73," ",$H73)) | D73: =IF(O73=0,"",CONCATENATE(O73," ",$H73)) | E73: =IF(Q73=0,"",CONCATENATE(Q73," ",$H73)) -> 71,07 M2 | F73: =IF(S73=0,"",CONCATENATE(S73," ",$H73)) | G73: =IF(U73=0,"",CONCATENATE(U73," ",$H73)) | H73: =VLOOKUP($A73,Orçamento!$A$9:$J$117,5,0) -> M2 | I73: =VLOOKUP($A73,Orçamento!$A$9:$J$117,6,0) -> 71.07 | J73: =VLOOKUP($A73,Orçamento!$A$9:$J$117,8,0) -> 35.28 | K73: =VLOOKUP($A73,Orçamento!$A$9:$J$117,10,0) -> 2507.34 | N73: =IF(M73=0,"",TRUNC($J73*M73,2)) | P73: =IF(O73=0,"",TRUNC($J73*O73,2)) | Q73: =I73 -> 71.07 | R73: =IF(Q73=0,"",TRUNC($J73*Q73,2)) -> 2507.34 | T73: =IF(S73=0,"",TRUNC($J73*S73,2)) | V73: =IF(U73=0,"",TRUNC($J73*U73,2)) | Y73: =SUMIF($M$9:$V$9,$M$9,M73:V73) -> 71.07 | Z73: =IF(Y73=I73,"","FALTA") | AA73: =SUMIF($M$9:$V$9,$N$9,M73:V73) -> 2507.34 | AB73: =IF(AA73=K73,"","FALTA")
A75: 4.4 | B75: =VLOOKUP($A75,Orçamento!$A$9:$J$117,4,0) -> LIMPEZA DO PISO | E75: EVENTO 16 | N75: =SUM(N76) -> 0 | P75: =SUM(P76) -> 0 | R75: =SUM(R76) -> 349.92 | T75: =SUM(T76) -> 0 | V75: =SUM(V76) -> 0
A76: 4.4.1 | B76: =VLOOKUP($A76,Orçamento!$A$9:$J$117,4,0) -> LIMPEZA DE SUPERFÍCIES COM HIDROJATEAMENTO | C76: =IF(M76=0,"",CONCATENATE(M76," ",$H76)) | D76: =IF(O76=0,"",CONCATENATE(O76," ",$H76)) | E76: =IF(Q76=0,"",CONCATENATE(Q76," ",$H76)) -> 60,75 M2 | F76: =IF(S76=0,"",CONCATENATE(S76," ",$H76)) | G76: =IF(U76=0,"",CONCATENATE(U76," ",$H76)) | H76: =VLOOKUP($A76,Orçamento!$A$9:$J$117,5,0) -> M2 | I76: =VLOOKUP($A76,Orçamento!$A$9:$J$117,6,0) -> 60.75 | J76: =VLOOKUP($A76,Orçamento!$A$9:$J$117,8,0) -> 5.76 | K76: =VLOOKUP($A76,Orçamento!$A$9:$J$117,10,0) -> 349.92 | N76: =IF(M76=0,"",TRUNC($J76*M76,2)) | P76: =IF(O76=0,"",TRUNC($J76*O76,2)) | Q76: =I76 -> 60.75 | R76: =IF(Q76=0,"",TRUNC($J76*Q76,2)) -> 349.92 | T76: =IF(S76=0,"",TRUNC($J76*S76,2)) | V76: =IF(U76=0,"",TRUNC($J76*U76,2)) | Y76: =SUMIF($M$9:$V$9,$M$9,M76:V76) -> 60.75 | Z76: =IF(Y76=I76,"","FALTA") | AA76: =SUMIF($M$9:$V$9,$N$9,M76:V76) -> 349.92 | AB76: =IF(AA76=K76,"","FALTA")
A78: 5 | B78: =VLOOKUP($A78,Orçamento!$A$9:$J$117,4,0) -> REVITALIZAÇÃO CORETO
A79: 5.1 | B79: =VLOOKUP($A79,Orçamento!$A$9:$J$117,4,0) -> MOBILIZAÇÃO | D79: EVENTO 17 | N79: =SUM(N80:N81) -> 0 | P79: =SUM(P80:P81) -> 322.56 | R79: =SUM(R80:R81) -> 0 | T79: =SUM(T80:T81) -> 0 | V79: =SUM(V80:V81) -> 0
A80: 5.1.1 | B80: =VLOOKUP($A80,Orçamento!$A$9:$J$117,4,0) -> MONTAGEM E DESMONTAGEM DE ANDAIME TORRE METÁLICA COM ALTURA ATÉ 10 M | C80: =IF(M80=0,"",CONCATENATE(M80," ",$H80)) | D80: =IF(O80=0,"",CONCATENATE(O80," ",$H80)) -> 6 M | E80: =IF(Q80=0,"",CONCATENATE(Q80," ",$H80)) | F80: =IF(S80=0,"",CONCATENATE(S80," ",$H80)) | G80: =IF(U80=0,"",CONCATENATE(U80," ",$H80)) | H80: =VLOOKUP($A80,Orçamento!$A$9:$J$117,5,0) -> M | I80: =VLOOKUP($A80,Orçamento!$A$9:$J$117,6,0) -> 6 | J80: =VLOOKUP($A80,Orçamento!$A$9:$J$117,8,0) -> 17.96 | K80: =VLOOKUP($A80,Orçamento!$A$9:$J$117,10,0) -> 107.76 | N80: =IF(M80=0,"",TRUNC($J80*M80,2)) | O80: =I80 -> 6 | P80: =IF(O80=0,"",TRUNC($J80*O80,2)) -> 107.76 | R80: =IF(Q80=0,"",TRUNC($J80*Q80,2)) | T80: =IF(S80=0,"",TRUNC($J80*S80,2)) | V80: =IF(U80=0,"",TRUNC($J80*U80,2)) | Y80: =SUMIF($M$9:$V$9,$M$9,M80:V80) -> 6 | Z80: =IF(Y80=I80,"","FALTA") | AA80: =SUMIF($M$9:$V$9,$N$9,M80:V80) -> 107.76 | AB80: =IF(AA80=K80,"","FALTA")
A81: 5.1.2 | B81: =VLOOKUP($A81,Orçamento!$A$9:$J$117,4,0) -> ANDAIME TORRE METÁLICO (1,5 X 1,5 M) COM PISO METÁLICO | C81: =IF(M81=0,"",CONCATENATE(M81," ",$H81)) | D81: =IF(O81=0,"",CONCATENATE(O81," ",$H81)) -> 6 MXMES | E81: =IF(Q81=0,"",CONCATENATE(Q81," ",$H81)) | F81: =IF(S81=0,"",CONCATENATE(S81," ",$H81)) | G81: =IF(U81=0,"",CONCATENATE(U81," ",$H81)) | H81: =VLOOKUP($A81,Orçamento!$A$9:$J$117,5,0) -> MXMES | I81: =VLOOKUP($A81,Orçamento!$A$9:$J$117,6,0) -> 6 | J81: =VLOOKUP($A81,Orçamento!$A$9:$J$117,8,0) -> 35.8 | K81: =VLOOKUP($A81,Orçamento!$A$9:$J$117,10,0) -> 214.8 | N81: =IF(M81=0,"",TRUNC($J81*M81,2)) | O81: =I81 -> 6 | P81: =IF(O81=0,"",TRUNC($J81*O81,2)) -> 214.8 | R81: =IF(Q81=0,"",TRUNC($J81*Q81,2)) | T81: =IF(S81=0,"",TRUNC($J81*S81,2)) | V81: =IF(U81=0,"",TRUNC($J81*U81,2)) | Y81: =SUMIF($M$9:$V$9,$M$9,M81:V81) -> 6 | Z81: =IF(Y81=I81,"","FALTA") | AA81: =SUMIF($M$9:$V$9,$N$9,M81:V81) -> 214.8 | AB81: =IF(AA81=K81,"","FALTA")
A83: 5.2 | B83: =VLOOKUP($A83,Orçamento!$A$9:$J$117,4,0) -> PINTURA COBERTURA | D83: EVENTO 18 | N83: =SUM(N84:N86) -> 0 | P83: =SUM(P84:P86) -> 6831.5 | R83: =SUM(R84:R86) -> 0 | T83: =SUM(T84:T86) -> 0 | V83: =SUM(V84:V86) -> 0
A84: 5.2.1 | B84: =VLOOKUP($A84,Orçamento!$A$9:$J$117,4,0) -> LIXAMENTO MANUAL EM SUPERFÍCIES METÁLICAS EM OBRA. AF_01/2020 | C84: =IF(M84=0,"",CONCATENATE(M84," ",$H84)) | D84: =IF(O84=0,"",CONCATENATE(O84," ",$H84)) -> 95,76 M2 | E84: =IF(Q84=0,"",CONCATENATE(Q84," ",$H84)) | F84: =IF(S84=0,"",CONCATENATE(S84," ",$H84)) | G84: =IF(U84=0,"",CONCATENATE(U84," ",$H84)) | H84: =VLOOKUP($A84,Orçamento!$A$9:$J$117,5,0) -> M2 | I84: =VLOOKUP($A84,Orçamento!$A$9:$J$117,6,0) -> 95.76 | J84: =VLOOKUP($A84,Orçamento!$A$9:$J$117,8,0) -> 15.8 | K84: =VLOOKUP($A84,Orçamento!$A$9:$J$117,10,0) -> 1513 | N84: =IF(M84=0,"",TRUNC($J84*M84,2)) | O84: =I84 -> 95.76 | P84: =IF(O84=0,"",TRUNC($J84*O84,2)) -> 1513 | R84: =IF(Q84=0,"",TRUNC($J84*Q84,2)) | T84: =IF(S84=0,"",TRUNC($J84*S84,2)) | V84: =IF(U84=0,"",TRUNC($J84*U84,2)) | Y84: =SUMIF($M$9:$V$9,$M$9,M84:V84) -> 95.76 | Z84: =IF(Y84=I84,"","FALTA") | AA84: =SUMIF($M$9:$V$9,$N$9,M84:V84) -> 1513 | AB84: =IF(AA84=K84,"","FALTA")
A85: 5.2.2 | B85: =VLOOKUP($A85,Orçamento!$A$9:$J$117,4,0) -> PINTURA COM TINTA ACRILICA DE FUNDO PULVERIZADA SOBRE SUPERFICIES METALICAS (EXCETO PERFIL) EXECUTADO EM OBRA (POR DEMAO). AF_01/2020 | C85: =IF(M85=0,"",CONCATENATE(M85," ",$H85)) | D85: =IF(O85=0,"",CONCATENATE(O85," ",$H85)) -> 95,76 M2 | E85: =IF(Q85=0,"",CONCATENATE(Q85," ",$H85)) | F85: =IF(S85=0,"",CONCATENATE(S85," ",$H85)) | G85: =IF(U85=0,"",CONCATENATE(U85," ",$H85)) | H85: =VLOOKUP($A85,Orçamento!$A$9:$J$117,5,0) -> M2 | I85: =VLOOKUP($A85,Orçamento!$A$9:$J$117,6,0) -> 95.76 | J85: =VLOOKUP($A85,Orçamento!$A$9:$J$117,8,0) -> 19.84 | K85: =VLOOKUP($A85,Orçamento!$A$9:$J$117,10,0) -> 1899.87 | N85: =IF(M85=0,"",TRUNC($J85*M85,2)) | O85: =I85 -> 95.76 | P85: =IF(O85=0,"",TRUNC($J85*O85,2)) -> 1899.87 | R85: =IF(Q85=0,"",TRUNC($J85*Q85,2)) | T85: =IF(S85=0,"",TRUNC($J85*S85,2)) | V85: =IF(U85=0,"",TRUNC($J85*U85,2)) | Y85: =SUMIF($M$9:$V$9,$M$9,M85:V85) -> 95.76 | Z85: =IF(Y85=I85,"","FALTA") | AA85: =SUMIF($M$9:$V$9,$N$9,M85:V85) -> 1899.87 | AB85: =IF(AA85=K85,"","FALTA")
A86: 5.2.3 | B86: =VLOOKUP($A86,Orçamento!$A$9:$J$117,4,0) -> PINTURA COM TINTA ACRILICA DE ACABAMENTO PULVERIZADA SOBRE SUPERFICIES METALICAS (EXCETO PERFIL) EXECUTADO EM OBRA (02 DEMAOS). AF_01/2020 | C86: =IF(M86=0,"",CONCATENATE(M86," ",$H86)) | D86: =IF(O86=0,"",CONCATENATE(O86," ",$H86)) -> 95,76 M2 | E86: =IF(Q86=0,"",CONCATENATE(Q86," ",$H86)) | F86: =IF(S86=0,"",CONCATENATE(S86," ",$H86)) | G86: =IF(U86=0,"",CONCATENATE(U86," ",$H86)) | H86: =VLOOKUP($A86,Orçamento!$A$9:$J$117,5,0) -> M2 | I86: =VLOOKUP($A86,Orçamento!$A$9:$J$117,6,0) -> 95.76 | J86: =VLOOKUP($A86,Orçamento!$A$9:$J$117,8,0) -> 35.7 | K86: =VLOOKUP($A86,Orçamento!$A$9:$J$117,10,0) -> 3418.63 | N86: =IF(M86=0,"",TRUNC($J86*M86,2)) | O86: =I86 -> 95.76 | P86: =IF(O86=0,"",TRUNC($J86*O86,2)) -> 3418.63 | R86: =IF(Q86=0,"",TRUNC($J86*Q86,2)) | T86: =IF(S86=0,"",TRUNC($J86*S86,2)) | V86: =IF(U86=0,"",TRUNC($J86*U86,2)) | Y86: =SUMIF($M$9:$V$9,$M$9,M86:V86) -> 95.76 | Z86: =IF(Y86=I86,"","FALTA") | AA86: =SUMIF($M$9:$V$9,$N$9,M86:V86) -> 3418.63 | AB86: =IF(AA86=K86,"","FALTA")
A88: 5.3 | B88: =VLOOKUP($A88,Orçamento!$A$9:$J$117,4,0) -> PINTURA EM ALVENARIAS | D88: EVENTO 19 | E88: EVENTO 20 | N88: =SUM(N89:N93) -> 0 | P88: =SUM(P89:P93) -> 1533.34 | R88: =SUM(R89:R93) -> 3022.78 | T88: =SUM(T89:T93) -> 0 | V88: =SUM(V89:V93) -> 0
A89: 5.3.1 | B89: =VLOOKUP($A89,Orçamento!$A$9:$J$117,4,0) -> DEMOLIÇÃO MANUAL DE REVESTIMENTO EM MASSA DE PAREDE OU TETO | C89: =IF(M89=0,"",CONCATENATE(M89," ",$H89)) | D89: =IF(O89=0,"",CONCATENATE(O89," ",$H89)) -> 27,44 M2 | E89: =IF(Q89=0,"",CONCATENATE(Q89," ",$H89)) | F89: =IF(S89=0,"",CONCATENATE(S89," ",$H89)) | G89: =IF(U89=0,"",CONCATENATE(U89," ",$H89)) | H89: =VLOOKUP($A89,Orçamento!$A$9:$J$117,5,0) -> M2 | I89: =VLOOKUP($A89,Orçamento!$A$9:$J$117,6,0) -> 27.44 | J89: =VLOOKUP($A89,Orçamento!$A$9:$J$117,8,0) -> 8.85 | K89: =VLOOKUP($A89,Orçamento!$A$9:$J$117,10,0) -> 242.84 | N89: =IF(M89=0,"",TRUNC($J89*M89,2)) | O89: =I89 -> 27.44 | P89: =IF(O89=0,"",TRUNC($J89*O89,2)) -> 242.84 | R89: =IF(Q89=0,"",TRUNC($J89*Q89,2)) | T89: =IF(S89=0,"",TRUNC($J89*S89,2)) | V89: =IF(U89=0,"",TRUNC($J89*U89,2)) | Y89: =SUMIF($M$9:$V$9,$M$9,M89:V89) -> 27.44 | Z89: =IF(Y89=I89,"","FALTA") | AA89: =SUMIF($M$9:$V$9,$N$9,M89:V89) -> 242.84 | AB89: =IF(AA89=K89,"","FALTA")
A90: 5.3.2 | B90: =VLOOKUP($A90,Orçamento!$A$9:$J$117,4,0) -> IMPERMEABILIZAÇÃO DE SUPERFÍCIE COM ARGAMASSA POLIMÉRICA / MEMBRANA ACRÍLICA, 3 DEMÃOS. AF_09/2023 | C90: =IF(M90=0,"",CONCATENATE(M90," ",$H90)) | D90: =IF(O90=0,"",CONCATENATE(O90," ",$H90)) -> 27,44 M2 | E90: =IF(Q90=0,"",CONCATENATE(Q90," ",$H90)) | F90: =IF(S90=0,"",CONCATENATE(S90," ",$H90)) | G90: =IF(U90=0,"",CONCATENATE(U90," ",$H90)) | H90: =VLOOKUP($A90,Orçamento!$A$9:$J$117,5,0) -> M2 | I90: =VLOOKUP($A90,Orçamento!$A$9:$J$117,6,0) -> 27.44 | J90: =VLOOKUP($A90,Orçamento!$A$9:$J$117,8,0) -> 47.03 | K90: =VLOOKUP($A90,Orçamento!$A$9:$J$117,10,0) -> 1290.5 | N90: =IF(M90=0,"",TRUNC($J90*M90,2)) | O90: =I90 -> 27.44 | P90: =IF(O90=0,"",TRUNC($J90*O90,2)) -> 1290.5 | R90: =IF(Q90=0,"",TRUNC($J90*Q90,2)) | T90: =IF(S90=0,"",TRUNC($J90*S90,2)) | V90: =IF(U90=0,"",TRUNC($J90*U90,2)) | Y90: =SUMIF($M$9:$V$9,$M$9,M90:V90) -> 27.44 | Z90: =IF(Y90=I90,"","FALTA") | AA90: =SUMIF($M$9:$V$9,$N$9,M90:V90) -> 1290.5 | AB90: =IF(AA90=K90,"","FALTA")
A91: 5.3.3 | B91: =VLOOKUP($A91,Orçamento!$A$9:$J$117,4,0) -> EMBOÇO OU MASSA ÚNICA EM ARGAMASSA TRAÇO 1:2:8, PREPARO MANUAL, APLICADA MANUALMENTE EM PANOS CEGOS DE FACHADA (SEM PRESENÇA DE VÃOS), ESPESSURA DE 25 MM. AF_09/2022 | C91: =IF(M91=0,"",CONCATENATE(M91," ",$H91)) | D91: =IF(O91=0,"",CONCATENATE(O91," ",$H91)) | E91: =IF(Q91=0,"",CONCATENATE(Q91," ",$H91)) -> 27,44 M2 | F91: =IF(S91=0,"",CONCATENATE(S91," ",$H91)) | G91: =IF(U91=0,"",CONCATENATE(U91," ",$H91)) | H91: =VLOOKUP($A91,Orçamento!$A$9:$J$117,5,0) -> M2 | I91: =VLOOKUP($A91,Orçamento!$A$9:$J$117,6,0) -> 27.44 | J91: =VLOOKUP($A91,Orçamento!$A$9:$J$117,8,0) -> 67.55 | K91: =VLOOKUP($A91,Orçamento!$A$9:$J$117,10,0) -> 1853.57 | N91: =IF(M91=0,"",TRUNC($J91*M91,2)) | P91: =IF(O91=0,"",TRUNC($J91*O91,2)) | Q91: =I91 -> 27.44 | R91: =IF(Q91=0,"",TRUNC($J91*Q91,2)) -> 1853.57 | T91: =IF(S91=0,"",TRUNC($J91*S91,2)) | V91: =IF(U91=0,"",TRUNC($J91*U91,2)) | Y91: =SUMIF($M$9:$V$9,$M$9,M91:V91) -> 27.44 | Z91: =IF(Y91=I91,"","FALTA") | AA91: =SUMIF($M$9:$V$9,$N$9,M91:V91) -> 1853.57 | AB91: =IF(AA91=K91,"","FALTA")
A92: 5.3.4 | B92: =VLOOKUP($A92,Orçamento!$A$9:$J$117,4,0) -> FUNDO SELADOR ACRÍLICO, APLICAÇÃO MANUAL EM PAREDE, UMA DEMÃO. AF_04/2023 | C92: =IF(M92=0,"",CONCATENATE(M92," ",$H92)) | D92: =IF(O92=0,"",CONCATENATE(O92," ",$H92)) | E92: =IF(Q92=0,"",CONCATENATE(Q92," ",$H92)) -> 27,44 M2 | F92: =IF(S92=0,"",CONCATENATE(S92," ",$H92)) | G92: =IF(U92=0,"",CONCATENATE(U92," ",$H92)) | H92: =VLOOKUP($A92,Orçamento!$A$9:$J$117,5,0) -> M2 | I92: =VLOOKUP($A92,Orçamento!$A$9:$J$117,6,0) -> 27.44 | J92: =VLOOKUP($A92,Orçamento!$A$9:$J$117,8,0) -> 6.38 | K92: =VLOOKUP($A92,Orçamento!$A$9:$J$117,10,0) -> 175.06 | N92: =IF(M92=0,"",TRUNC($J92*M92,2)) | P92: =IF(O92=0,"",TRUNC($J92*O92,2)) | Q92: =I92 -> 27.44 | R92: =IF(Q92=0,"",TRUNC($J92*Q92,2)) -> 175.06 | T92: =IF(S92=0,"",TRUNC($J92*S92,2)) | V92: =IF(U92=0,"",TRUNC($J92*U92,2)) | Y92: =SUMIF($M$9:$V$9,$M$9,M92:V92) -> 27.44 | Z92: =IF(Y92=I92,"","FALTA") | AA92: =SUMIF($M$9:$V$9,$N$9,M92:V92) -> 175.06 | AB92: =IF(AA92=K92,"","FALTA")
A93: 5.3.5 | B93: =VLOOKUP($A93,Orçamento!$A$9:$J$117,4,0) -> APLICAÇÃO MANUAL DE PINTURA COM TINTA TEXTURIZADA ACRÍLICA EM PAREDES EXTERNAS DE CASAS, DUAS CORES. AF_03/2024 | C93: =IF(M93=0,"",CONCATENATE(M93," ",$H93)) | D93: =IF(O93=0,"",CONCATENATE(O93," ",$H93)) | E93: =IF(Q93=0,"",CONCATENATE(Q93," ",$H93)) -> 27,44 M2 | F93: =IF(S93=0,"",CONCATENATE(S93," ",$H93)) | G93: =IF(U93=0,"",CONCATENATE(U93," ",$H93)) | H93: =VLOOKUP($A93,Orçamento!$A$9:$J$117,5,0) -> M2 | I93: =VLOOKUP($A93,Orçamento!$A$9:$J$117,6,0) -> 27.44 | J93: =VLOOKUP($A93,Orçamento!$A$9:$J$117,8,0) -> 36.23 | K93: =VLOOKUP($A93,Orçamento!$A$9:$J$117,10,0) -> 994.15 | N93: =IF(M93=0,"",TRUNC($J93*M93,2)) | P93: =IF(O93=0,"",TRUNC($J93*O93,2)) | Q93: =I93 -> 27.44 | R93: =IF(Q93=0,"",TRUNC($J93*Q93,2)) -> 994.15 | T93: =IF(S93=0,"",TRUNC($J93*S93,2)) | V93: =IF(U93=0,"",TRUNC($J93*U93,2)) | Y93: =SUMIF($M$9:$V$9,$M$9,M93:V93) -> 27.44 | Z93: =IF(Y93=I93,"","FALTA") | AA93: =SUMIF($M$9:$V$9,$N$9,M93:V93) -> 994.15 | AB93: =IF(AA93=K93,"","FALTA")
A95: 5.4 | B95: =VLOOKUP($A95,Orçamento!$A$9:$J$117,4,0) -> GUARDA-CORPO E CORRIMÃO | E95: EVENTO 21 | N95: =SUM(N96:N99) -> 0 | P95: =SUM(P96:P99) -> 0 | R95: =SUM(R96:R99) -> 2803.56 | T95: =SUM(T96:T99) -> 0 | V95: =SUM(V96:V99) -> 0
A96: 5.4.1 | B96: =VLOOKUP($A96,Orçamento!$A$9:$J$117,4,0) -> CORRIMÃO SIMPLES FIXADO EM PAREDE, DIÂMETRO EXTERNO = 1 1/2", EM AÇO GALVANIZADO. AF_10/2025 | C96: =IF(M96=0,"",CONCATENATE(M96," ",$H96)) | D96: =IF(O96=0,"",CONCATENATE(O96," ",$H96)) | E96: =IF(Q96=0,"",CONCATENATE(Q96," ",$H96)) -> 2,2 M | F96: =IF(S96=0,"",CONCATENATE(S96," ",$H96)) | G96: =IF(U96=0,"",CONCATENATE(U96," ",$H96)) | H96: =VLOOKUP($A96,Orçamento!$A$9:$J$117,5,0) -> M | I96: =VLOOKUP($A96,Orçamento!$A$9:$J$117,6,0) -> 2.2 | J96: =VLOOKUP($A96,Orçamento!$A$9:$J$117,8,0) -> 120.37 | K96: =VLOOKUP($A96,Orçamento!$A$9:$J$117,10,0) -> 264.81 | N96: =IF(M96=0,"",TRUNC($J96*M96,2)) | P96: =IF(O96=0,"",TRUNC($J96*O96,2)) | Q96: =I96 -> 2.2 | R96: =IF(Q96=0,"",TRUNC($J96*Q96,2)) -> 264.81 | T96: =IF(S96=0,"",TRUNC($J96*S96,2)) | V96: =IF(U96=0,"",TRUNC($J96*U96,2)) | Y96: =SUMIF($M$9:$V$9,$M$9,M96:V96) -> 2.2 | Z96: =IF(Y96=I96,"","FALTA") | AA96: =SUMIF($M$9:$V$9,$N$9,M96:V96) -> 264.81 | AB96: =IF(AA96=K96,"","FALTA")
A97: 5.4.2 | B97: =VLOOKUP($A97,Orçamento!$A$9:$J$117,4,0) -> LIXAMENTO MANUAL EM SUPERFÍCIES METÁLICAS EM OBRA. AF_01/2020 | C97: =IF(M97=0,"",CONCATENATE(M97," ",$H97)) | D97: =IF(O97=0,"",CONCATENATE(O97," ",$H97)) | E97: =IF(Q97=0,"",CONCATENATE(Q97," ",$H97)) -> 14,68 M2 | F97: =IF(S97=0,"",CONCATENATE(S97," ",$H97)) | G97: =IF(U97=0,"",CONCATENATE(U97," ",$H97)) | H97: =VLOOKUP($A97,Orçamento!$A$9:$J$117,5,0) -> M2 | I97: =VLOOKUP($A97,Orçamento!$A$9:$J$117,6,0) -> 14.68 | J97: =VLOOKUP($A97,Orçamento!$A$9:$J$117,8,0) -> 15.8 | K97: =VLOOKUP($A97,Orçamento!$A$9:$J$117,10,0) -> 231.94 | N97: =IF(M97=0,"",TRUNC($J97*M97,2)) | P97: =IF(O97=0,"",TRUNC($J97*O97,2)) | Q97: =I97 -> 14.68 | R97: =IF(Q97=0,"",TRUNC($J97*Q97,2)) -> 231.94 | T97: =IF(S97=0,"",TRUNC($J97*S97,2)) | V97: =IF(U97=0,"",TRUNC($J97*U97,2)) | Y97: =SUMIF($M$9:$V$9,$M$9,M97:V97) -> 14.68 | Z97: =IF(Y97=I97,"","FALTA") | AA97: =SUMIF($M$9:$V$9,$N$9,M97:V97) -> 231.94 | AB97: =IF(AA97=K97,"","FALTA")
A98: 5.4.3 | B98: =VLOOKUP($A98,Orçamento!$A$9:$J$117,4,0) -> PINTURA COM TINTA ALQUÍDICA DE FUNDO (TIPO ZARCÃO) APLICADA A ROLO OU PINCEL SOBRE SUPERFÍCIES METÁLICAS (EXCETO PERFIL) EXECUTADO EM OBRA (POR DEMÃO). AF_01/2020 | C98: =IF(M98=0,"",CONCATENATE(M98," ",$H98)) | D98: =IF(O98=0,"",CONCATENATE(O98," ",$H98)) | E98: =IF(Q98=0,"",CONCATENATE(Q98," ",$H98)) -> 29,36 M2 | F98: =IF(S98=0,"",CONCATENATE(S98," ",$H98)) | G98: =IF(U98=0,"",CONCATENATE(U98," ",$H98)) | H98: =VLOOKUP($A98,Orçamento!$A$9:$J$117,5,0) -> M2 | I98: =VLOOKUP($A98,Orçamento!$A$9:$J$117,6,0) -> 29.36 | J98: =VLOOKUP($A98,Orçamento!$A$9:$J$117,8,0) -> 39.03 | K98: =VLOOKUP($A98,Orçamento!$A$9:$J$117,10,0) -> 1145.92 | N98: =IF(M98=0,"",TRUNC($J98*M98,2)) | P98: =IF(O98=0,"",TRUNC($J98*O98,2)) | Q98: =I98 -> 29.36 | R98: =IF(Q98=0,"",TRUNC($J98*Q98,2)) -> 1145.92 | T98: =IF(S98=0,"",TRUNC($J98*S98,2)) | V98: =IF(U98=0,"",TRUNC($J98*U98,2)) | Y98: =SUMIF($M$9:$V$9,$M$9,M98:V98) -> 29.36 | Z98: =IF(Y98=I98,"","FALTA") | AA98: =SUMIF($M$9:$V$9,$N$9,M98:V98) -> 1145.92 | AB98: =IF(AA98=K98,"","FALTA")
A99: 5.4.4 | B99: =VLOOKUP($A99,Orçamento!$A$9:$J$117,4,0) -> PINTURA COM TINTA ALQUÍDICA DE ACABAMENTO (ESMALTE SINTÉTICO BRILHANTE) APLICADA A ROLO OU PINCEL SOBRE SUPERFÍCIES METÁLICAS (EXCETO PERFIL) EXECUTADO EM OBRA (POR DEMÃO). AF_01/2020 | C99: =IF(M99=0,"",CONCATENATE(M99," ",$H99)) | D99: =IF(O99=0,"",CONCATENATE(O99," ",$H99)) | E99: =IF(Q99=0,"",CONCATENATE(Q99," ",$H99)) -> 29,36 M2 | F99: =IF(S99=0,"",CONCATENATE(S99," ",$H99)) | G99: =IF(U99=0,"",CONCATENATE(U99," ",$H99)) | H99: =VLOOKUP($A99,Orçamento!$A$9:$J$117,5,0) -> M2 | I99: =VLOOKUP($A99,Orçamento!$A$9:$J$117,6,0) -> 29.36 | J99: =VLOOKUP($A99,Orçamento!$A$9:$J$117,8,0) -> 39.54 | K99: =VLOOKUP($A99,Orçamento!$A$9:$J$117,10,0) -> 1160.89 | N99: =IF(M99=0,"",TRUNC($J99*M99,2)) | P99: =IF(O99=0,"",TRUNC($J99*O99,2)) | Q99: =I99 -> 29.36 | R99: =IF(Q99=0,"",TRUNC($J99*Q99,2)) -> 1160.89 | T99: =IF(S99=0,"",TRUNC($J99*S99,2)) | V99: =IF(U99=0,"",TRUNC($J99*U99,2)) | Y99: =SUMIF($M$9:$V$9,$M$9,M99:V99) -> 29.36 | Z99: =IF(Y99=I99,"","FALTA") | AA99: =SUMIF($M$9:$V$9,$N$9,M99:V99) -> 1160.89 | AB99: =IF(AA99=K99,"","FALTA")
A101: 5.5 | B101: =VLOOKUP($A101,Orçamento!$A$9:$J$117,4,0) -> LIMPEZA DO PISO | E101: EVENTO 22 | N101: =SUM(N102) -> 0 | P101: =SUM(P102) -> 0 | R101: =SUM(R102) -> 195.37 | T101: =SUM(T102) -> 0 | V101: =SUM(V102) -> 0
A102: 5.5.1 | B102: =VLOOKUP($A102,Orçamento!$A$9:$J$117,4,0) -> LIMPEZA DE SUPERFÍCIES COM HIDROJATEAMENTO | C102: =IF(M102=0,"",CONCATENATE(M102," ",$H102)) | D102: =IF(O102=0,"",CONCATENATE(O102," ",$H102)) | E102: =IF(Q102=0,"",CONCATENATE(Q102," ",$H102)) -> 33,92 M2 | F102: =IF(S102=0,"",CONCATENATE(S102," ",$H102)) | G102: =IF(U102=0,"",CONCATENATE(U102," ",$H102)) | H102: =VLOOKUP($A102,Orçamento!$A$9:$J$117,5,0) -> M2 | I102: =VLOOKUP($A102,Orçamento!$A$9:$J$117,6,0) -> 33.92 | J102: =VLOOKUP($A102,Orçamento!$A$9:$J$117,8,0) -> 5.76 | K102: =VLOOKUP($A102,Orçamento!$A$9:$J$117,10,0) -> 195.37 | N102: =IF(M102=0,"",TRUNC($J102*M102,2)) | P102: =IF(O102=0,"",TRUNC($J102*O102,2)) | Q102: =I102 -> 33.92 | R102: =IF(Q102=0,"",TRUNC($J102*Q102,2)) -> 195.37 | T102: =IF(S102=0,"",TRUNC($J102*S102,2)) | V102: =IF(U102=0,"",TRUNC($J102*U102,2)) | Y102: =SUMIF($M$9:$V$9,$M$9,M102:V102) -> 33.92 | Z102: =IF(Y102=I102,"","FALTA") | AA102: =SUMIF($M$9:$V$9,$N$9,M102:V102) -> 195.37 | AB102: =IF(AA102=K102,"","FALTA")
A104: 6 | B104: =VLOOKUP($A104,Orçamento!$A$9:$J$117,4,0) -> CALÇADA EXTERNA E PASSEIO DA PRAÇA
A105: 6.1 | B105: =VLOOKUP($A105,Orçamento!$A$9:$J$117,4,0) -> REVITALIZAÇÃO DE PINTURA RECREATIVA | D105: EVENTO 23 | E105: EVENTO 24 | N105: =SUM(N106:N109) -> 0 | P105: =SUM(P106:P109) -> 1038.7 | R105: =SUM(R106:R109) -> 6184.54 | T105: =SUM(T106:T109) -> 0 | V105: =SUM(V106:V109) -> 0
A106: 6.1.1 | B106: =VLOOKUP($A106,Orçamento!$A$9:$J$117,4,0) -> PREPARO DO PISO CIMENTADO PARA PINTURA - LIXAMENTO E LIMPEZA. AF_05/2021 | C106: =IF(M106=0,"",CONCATENATE(M106," ",$H106)) | D106: =IF(O106=0,"",CONCATENATE(O106," ",$H106)) -> 170 M2 | E106: =IF(Q106=0,"",CONCATENATE(Q106," ",$H106)) | F106: =IF(S106=0,"",CONCATENATE(S106," ",$H106)) | G106: =IF(U106=0,"",CONCATENATE(U106," ",$H106)) | H106: =VLOOKUP($A106,Orçamento!$A$9:$J$117,5,0) -> M2 | I106: =VLOOKUP($A106,Orçamento!$A$9:$J$117,6,0) -> 170 | J106: =VLOOKUP($A106,Orçamento!$A$9:$J$117,8,0) -> 6.11 | K106: =VLOOKUP($A106,Orçamento!$A$9:$J$117,10,0) -> 1038.7 | N106: =IF(M106=0,"",TRUNC($J106*M106,2)) | O106: =I106 -> 170 | P106: =IF(O106=0,"",TRUNC($J106*O106,2)) -> 1038.7 | R106: =IF(Q106=0,"",TRUNC($J106*Q106,2)) | T106: =IF(S106=0,"",TRUNC($J106*S106,2)) | V106: =IF(U106=0,"",TRUNC($J106*U106,2)) | Y106: =SUMIF($M$9:$V$9,$M$9,M106:V106) -> 170 | Z106: =IF(Y106=I106,"","FALTA") | AA106: =SUMIF($M$9:$V$9,$N$9,M106:V106) -> 1038.7 | AB106: =IF(AA106=K106,"","FALTA")
A107: 6.1.2 | B107: =VLOOKUP($A107,Orçamento!$A$9:$J$117,4,0) -> RD.06 - CARACOL - DEMARCAÇÃO DE PISO | C107: =IF(M107=0,"",CONCATENATE(M107," ",$H107)) | D107: =IF(O107=0,"",CONCATENATE(O107," ",$H107)) | E107: =IF(Q107=0,"",CONCATENATE(Q107," ",$H107)) -> 1 UN | F107: =IF(S107=0,"",CONCATENATE(S107," ",$H107)) | G107: =IF(U107=0,"",CONCATENATE(U107," ",$H107)) | H107: =VLOOKUP($A107,Orçamento!$A$9:$J$117,5,0) -> UN | I107: =VLOOKUP($A107,Orçamento!$A$9:$J$117,6,0) -> 1 | J107: =VLOOKUP($A107,Orçamento!$A$9:$J$117,8,0) -> 568.39 | K107: =VLOOKUP($A107,Orçamento!$A$9:$J$117,10,0) -> 568.39 | N107: =IF(M107=0,"",TRUNC($J107*M107,2)) | P107: =IF(O107=0,"",TRUNC($J107*O107,2)) | Q107: =I107 -> 1 | R107: =IF(Q107=0,"",TRUNC($J107*Q107,2)) -> 568.39 | T107: =IF(S107=0,"",TRUNC($J107*S107,2)) | V107: =IF(U107=0,"",TRUNC($J107*U107,2)) | Y107: =SUMIF($M$9:$V$9,$M$9,M107:V107) -> 1 | Z107: =IF(Y107=I107,"","FALTA") | AA107: =SUMIF($M$9:$V$9,$N$9,M107:V107) -> 568.39 | AB107: =IF(AA107=K107,"","FALTA")
A108: 6.1.3 | B108: =VLOOKUP($A108,Orçamento!$A$9:$J$117,4,0) -> RD.04 - AMARELINHA DEMARCAÇÃO DE PISO | C108: =IF(M108=0,"",CONCATENATE(M108," ",$H108)) | D108: =IF(O108=0,"",CONCATENATE(O108," ",$H108)) | E108: =IF(Q108=0,"",CONCATENATE(Q108," ",$H108)) -> 1 UN | F108: =IF(S108=0,"",CONCATENATE(S108," ",$H108)) | G108: =IF(U108=0,"",CONCATENATE(U108," ",$H108)) | H108: =VLOOKUP($A108,Orçamento!$A$9:$J$117,5,0) -> UN | I108: =VLOOKUP($A108,Orçamento!$A$9:$J$117,6,0) -> 1 | J108: =VLOOKUP($A108,Orçamento!$A$9:$J$117,8,0) -> 250.95 | K108: =VLOOKUP($A108,Orçamento!$A$9:$J$117,10,0) -> 250.95 | N108: =IF(M108=0,"",TRUNC($J108*M108,2)) | P108: =IF(O108=0,"",TRUNC($J108*O108,2)) | Q108: =I108 -> 1 | R108: =IF(Q108=0,"",TRUNC($J108*Q108,2)) -> 250.95 | T108: =IF(S108=0,"",TRUNC($J108*S108,2)) | V108: =IF(U108=0,"",TRUNC($J108*U108,2)) | Y108: =SUMIF($M$9:$V$9,$M$9,M108:V108) -> 1 | Z108: =IF(Y108=I108,"","FALTA") | AA108: =SUMIF($M$9:$V$9,$N$9,M108:V108) -> 250.95 | AB108: =IF(AA108=K108,"","FALTA")
A109: 6.1.4 | B109: =VLOOKUP($A109,Orçamento!$A$9:$J$117,4,0) -> PINTURA DE PISO COM TINTA ACRÍLICA, APLICAÇÃO MANUAL, 2 DEMÃOS, INCLUSO FUNDO PREPARADOR. AF_05/2021 | C109: =IF(M109=0,"",CONCATENATE(M109," ",$H109)) | D109: =IF(O109=0,"",CONCATENATE(O109," ",$H109)) | E109: =IF(Q109=0,"",CONCATENATE(Q109," ",$H109)) -> 170 M2 | F109: =IF(S109=0,"",CONCATENATE(S109," ",$H109)) | G109: =IF(U109=0,"",CONCATENATE(U109," ",$H109)) | H109: =VLOOKUP($A109,Orçamento!$A$9:$J$117,5,0) -> M2 | I109: =VLOOKUP($A109,Orçamento!$A$9:$J$117,6,0) -> 170 | J109: =VLOOKUP($A109,Orçamento!$A$9:$J$117,8,0) -> 31.56 | K109: =VLOOKUP($A109,Orçamento!$A$9:$J$117,10,0) -> 5365.2 | N109: =IF(M109=0,"",TRUNC($J109*M109,2)) | P109: =IF(O109=0,"",TRUNC($J109*O109,2)) | Q109: =I109 -> 170 | R109: =IF(Q109=0,"",TRUNC($J109*Q109,2)) -> 5365.2 | T109: =IF(S109=0,"",TRUNC($J109*S109,2)) | V109: =IF(U109=0,"",TRUNC($J109*U109,2)) | Y109: =SUMIF($M$9:$V$9,$M$9,M109:V109) -> 170 | Z109: =IF(Y109=I109,"","FALTA") | AA109: =SUMIF($M$9:$V$9,$N$9,M109:V109) -> 5365.2 | AB109: =IF(AA109=K109,"","FALTA")
A111: 6.2 | B111: =VLOOKUP($A111,Orçamento!$A$9:$J$117,4,0) -> LIMPEZA GERAL | E111: EVENTO 25 | N111: =SUM(N112) -> 0 | P111: =SUM(P112) -> 0 | R111: =SUM(R112) -> 11169.15 | T111: =SUM(T112) -> 0 | V111: =SUM(V112) -> 0
A112: 6.2.1 | B112: =VLOOKUP($A112,Orçamento!$A$9:$J$117,4,0) -> LIMPEZA DE SUPERFÍCIES COM HIDROJATEAMENTO | C112: =IF(M112=0,"",CONCATENATE(M112," ",$H112)) | D112: =IF(O112=0,"",CONCATENATE(O112," ",$H112)) | E112: =IF(Q112=0,"",CONCATENATE(Q112," ",$H112)) -> 1939,09 M2 | F112: =IF(S112=0,"",CONCATENATE(S112," ",$H112)) | G112: =IF(U112=0,"",CONCATENATE(U112," ",$H112)) | H112: =VLOOKUP($A112,Orçamento!$A$9:$J$117,5,0) -> M2 | I112: =VLOOKUP($A112,Orçamento!$A$9:$J$117,6,0) -> 1939.09 | J112: =VLOOKUP($A112,Orçamento!$A$9:$J$117,8,0) -> 5.76 | K112: =VLOOKUP($A112,Orçamento!$A$9:$J$117,10,0) -> 11169.15 | N112: =IF(M112=0,"",TRUNC($J112*M112,2)) | P112: =IF(O112=0,"",TRUNC($J112*O112,2)) | Q112: =I112 -> 1939.09 | R112: =IF(Q112=0,"",TRUNC($J112*Q112,2)) -> 11169.15 | T112: =IF(S112=0,"",TRUNC($J112*S112,2)) | V112: =IF(U112=0,"",TRUNC($J112*U112,2)) | Y112: =SUMIF($M$9:$V$9,$M$9,M112:V112) -> 1939.09 | Z112: =IF(Y112=I112,"","FALTA") | AA112: =SUMIF($M$9:$V$9,$N$9,M112:V112) -> 11169.15 | AB112: =IF(AA112=K112,"","FALTA")
A114: 7 | B114: =VLOOKUP($A114,Orçamento!$A$9:$J$117,4,0) -> SERVIÇOS COMPLEMENTARES
A115: 7.1 | B115: =VLOOKUP($A115,Orçamento!$A$9:$J$117,4,0) -> PAISAGISMO | E115: EVENTO 26 | F115: EVENTO 27 | G115: EVENTO 28 | N115: =SUM(N116:N118) -> 0 | P115: =SUM(P116:P118) -> 0 | R115: =SUM(R116:R118) -> 7874.98 | T115: =SUM(T116:T118) -> 3341.7 | V115: =SUM(V116:V118) -> 3341.7
A116: 7.1.1 | B116: =VLOOKUP($A116,Orçamento!$A$9:$J$117,4,0) -> PLANTIO DE GRAMA ESMERALDA EM PLACAS (JARDINS E CANTEIROS) | C116: =IF(M116=0,"",CONCATENATE(M116," ",$H116)) | D116: =IF(O116=0,"",CONCATENATE(O116," ",$H116)) | E116: =IF(Q116=0,"",CONCATENATE(Q116," ",$H116)) -> 237 M2 | F116: =IF(S116=0,"",CONCATENATE(S116," ",$H116)) | G116: =IF(U116=0,"",CONCATENATE(U116," ",$H116)) | H116: =VLOOKUP($A116,Orçamento!$A$9:$J$117,5,0) -> M2 | I116: =VLOOKUP($A116,Orçamento!$A$9:$J$117,6,0) -> 237 | J116: =VLOOKUP($A116,Orçamento!$A$9:$J$117,8,0) -> 24.01 | K116: =VLOOKUP($A116,Orçamento!$A$9:$J$117,10,0) -> 5690.37 | N116: =IF(M116=0,"",TRUNC($J116*M116,2)) | P116: =IF(O116=0,"",TRUNC($J116*O116,2)) | Q116: =I116 -> 237 | R116: =IF(Q116=0,"",TRUNC($J116*Q116,2)) -> 5690.37 | T116: =IF(S116=0,"",TRUNC($J116*S116,2)) | V116: =IF(U116=0,"",TRUNC($J116*U116,2)) | Y116: =SUMIF($M$9:$V$9,$M$9,M116:V116) -> 237 | Z116: =IF(Y116=I116,"","FALTA") | AA116: =SUMIF($M$9:$V$9,$N$9,M116:V116) -> 5690.37 | AB116: =IF(AA116=K116,"","FALTA")
A117: 7.1.2 | B117: =VLOOKUP($A117,Orçamento!$A$9:$J$117,4,0) -> TERRA VEGETAL ORGÂNICA COMUM | C117: =IF(M117=0,"",CONCATENATE(M117," ",$H117)) | D117: =IF(O117=0,"",CONCATENATE(O117," ",$H117)) | E117: =IF(Q117=0,"",CONCATENATE(Q117," ",$H117)) -> 7,11 M3 | F117: =IF(S117=0,"",CONCATENATE(S117," ",$H117)) | G117: =IF(U117=0,"",CONCATENATE(U117," ",$H117)) | H117: =VLOOKUP($A117,Orçamento!$A$9:$J$117,5,0) -> M3 | I117: =VLOOKUP($A117,Orçamento!$A$9:$J$117,6,0) -> 7.11 | J117: =VLOOKUP($A117,Orçamento!$A$9:$J$117,8,0) -> 307.26 | K117: =VLOOKUP($A117,Orçamento!$A$9:$J$117,10,0) -> 2184.61 | N117: =IF(M117=0,"",TRUNC($J117*M117,2)) | P117: =IF(O117=0,"",TRUNC($J117*O117,2)) | Q117: =I117 -> 7.11 | R117: =IF(Q117=0,"",TRUNC($J117*Q117,2)) -> 2184.61 | T117: =IF(S117=0,"",TRUNC($J117*S117,2)) | V117: =IF(U117=0,"",TRUNC($J117*U117,2)) | Y117: =SUMIF($M$9:$V$9,$M$9,M117:V117) -> 7.11 | Z117: =IF(Y117=I117,"","FALTA") | AA117: =SUMIF($M$9:$V$9,$N$9,M117:V117) -> 2184.61 | AB117: =IF(AA117=K117,"","FALTA")
A118: 7.1.3 | B118: =VLOOKUP($A118,Orçamento!$A$9:$J$117,4,0) -> IRRIGAÇÃO MENSAL | C118: =IF(M118=0,"",CONCATENATE(M118," ",$H118)) | D118: =IF(O118=0,"",CONCATENATE(O118," ",$H118)) | E118: =IF(Q118=0,"",CONCATENATE(Q118," ",$H118)) | F118: =IF(S118=0,"",CONCATENATE(S118," ",$H118)) -> 237 M2.MÊS | G118: =IF(U118=0,"",CONCATENATE(U118," ",$H118)) -> 237 M2.MÊS | H118: =VLOOKUP($A118,Orçamento!$A$9:$J$117,5,0) -> M2.MÊS | I118: =VLOOKUP($A118,Orçamento!$A$9:$J$117,6,0) -> 474 | J118: =VLOOKUP($A118,Orçamento!$A$9:$J$117,8,0) -> 14.1 | K118: =VLOOKUP($A118,Orçamento!$A$9:$J$117,10,0) -> 6683.4 | N118: =IF(M118=0,"",TRUNC($J118*M118,2)) | P118: =IF(O118=0,"",TRUNC($J118*O118,2)) | R118: =IF(Q118=0,"",TRUNC($J118*Q118,2)) | S118: =I118/2 -> 237 | T118: =IF(S118=0,"",TRUNC($J118*S118,2)) -> 3341.7 | U118: =I118/2 -> 237 | V118: =IF(U118=0,"",TRUNC($J118*U118,2)) -> 3341.7 | Y118: =SUMIF($M$9:$V$9,$M$9,M118:V118) -> 474 | Z118: =IF(Y118=I118,"","FALTA") | AA118: =SUMIF($M$9:$V$9,$N$9,M118:V118) -> 6683.4 | AB118: =IF(AA118=K118,"","FALTA")
A120: 7.2 | B120: =VLOOKUP($A120,Orçamento!$A$9:$J$117,4,0) -> MOBILIÁRIO | E120: EVENTO 29 | N120: =SUM(N121:N122) -> 0 | P120: =SUM(P121:P122) -> 0 | R120: =SUM(R121:R122) -> 5960.62 | T120: =SUM(T121:T122) -> 0 | V120: =SUM(V121:V122) -> 0
A121: 7.2.1 | B121: =VLOOKUP($A121,Orçamento!$A$9:$J$117,4,0) -> INSTALAÇÃO DE LIXEIRA METÁLICA DUPLA, CAPACIDADE DE 60 L, EM TUBO DE AÇO CARBONO E CESTOS EM CHAPA DE AÇO COM PINTURA ELETROSTÁTICA, SOBRE SOLO. AF_11/2021 | C121: =IF(M121=0,"",CONCATENATE(M121," ",$H121)) | D121: =IF(O121=0,"",CONCATENATE(O121," ",$H121)) | E121: =IF(Q121=0,"",CONCATENATE(Q121," ",$H121)) -> 2 UN | F121: =IF(S121=0,"",CONCATENATE(S121," ",$H121)) | G121: =IF(U121=0,"",CONCATENATE(U121," ",$H121)) | H121: =VLOOKUP($A121,Orçamento!$A$9:$J$117,5,0) -> UN | I121: =VLOOKUP($A121,Orçamento!$A$9:$J$117,6,0) -> 2 | J121: =VLOOKUP($A121,Orçamento!$A$9:$J$117,8,0) -> 1607.63 | K121: =VLOOKUP($A121,Orçamento!$A$9:$J$117,10,0) -> 3215.26 | N121: =IF(M121=0,"",TRUNC($J121*M121,2)) | P121: =IF(O121=0,"",TRUNC($J121*O121,2)) | Q121: =I121 -> 2 | R121: =IF(Q121=0,"",TRUNC($J121*Q121,2)) -> 3215.26 | T121: =IF(S121=0,"",TRUNC($J121*S121,2)) | V121: =IF(U121=0,"",TRUNC($J121*U121,2)) | Y121: =SUMIF($M$9:$V$9,$M$9,M121:V121) -> 2 | Z121: =IF(Y121=I121,"","FALTA") | AA121: =SUMIF($M$9:$V$9,$N$9,M121:V121) -> 3215.26 | AB121: =IF(AA121=K121,"","FALTA")
A122: 7.2.2 | B122: =VLOOKUP($A122,Orçamento!$A$9:$J$117,4,0) -> INSTALAÇÃO DE PLACA ORIENTATIVA SOBRE EXERCÍCIOS, 2,00M X 1,00M, EM TUBO DE AÇO CARBONO - PARA ACADEMIA AO AR LIVRE / ACADEMIA DA TERCEIRA IDADE - ATI, INSTALADO SOBRE SOLO. AF_10/2021 | C122: =IF(M122=0,"",CONCATENATE(M122," ",$H122)) | D122: =IF(O122=0,"",CONCATENATE(O122," ",$H122)) | E122: =IF(Q122=0,"",CONCATENATE(Q122," ",$H122)) -> 1 UN | F122: =IF(S122=0,"",CONCATENATE(S122," ",$H122)) | G122: =IF(U122=0,"",CONCATENATE(U122," ",$H122)) | H122: =VLOOKUP($A122,Orçamento!$A$9:$J$117,5,0) -> UN | I122: =VLOOKUP($A122,Orçamento!$A$9:$J$117,6,0) -> 1 | J122: =VLOOKUP($A122,Orçamento!$A$9:$J$117,8,0) -> 2745.36 | K122: =VLOOKUP($A122,Orçamento!$A$9:$J$117,10,0) -> 2745.36 | N122: =IF(M122=0,"",TRUNC($J122*M122,2)) | P122: =IF(O122=0,"",TRUNC($J122*O122,2)) | Q122: =I122 -> 1 | R122: =IF(Q122=0,"",TRUNC($J122*Q122,2)) -> 2745.36 | T122: =IF(S122=0,"",TRUNC($J122*S122,2)) | V122: =IF(U122=0,"",TRUNC($J122*U122,2)) | Y122: =SUMIF($M$9:$V$9,$M$9,M122:V122) -> 1 | Z122: =IF(Y122=I122,"","FALTA") | AA122: =SUMIF($M$9:$V$9,$N$9,M122:V122) -> 2745.36 | AB122: =IF(AA122=K122,"","FALTA")
A124: OBSERVAÇÃO: Os EVENTOS especificadas para cada item só serão consideradas concluídos quando todas as quantidades especificadas para cada subitem a ele pertencentes estiverem executadas (Exemplo: o EVENTO 1 só será considerado concluído após a execução de todos os quantitativos especificados nele para os subitens 1.1.1 a 1.1.4).

Sheet CRONOGRAMA
I2: SERPO
I3: Serviços Públicos e Obras
B4: CRONOGRAMA FÍSICO-FINANCEIRO
B5: OBRA: | C5: =Orçamento!B5 -> REVITALIZAÇÃO DA PRAÇA LAUDELINO DO AMARAL NO BAIRRO VILA NOVA SOROCABA | J5: =Orçamento!G4 -> REV. | K5: =Orçamento!J4 -> 46289
B6: LOCAL: | C6: =Orçamento!B6 -> PRAÇA LAUDELINO DO AMARAL - VILA NOVA SOROCABA, SOROCABA/SP | J6: BDI Obra | K6: =Orçamento!J5 -> 0.2354
B8: ITEM | C8: ETAPA | D8: PREÇO (SEM BDI) | E8: PREÇO (COM BDI) | F8: % SOBRE O TOTAL | G8: 1º MÊS | H8: 2º MÊS | I8: 3º MÊS | J8: 4º MÊS | K8: 5º MÊS | N8: Conferências
B9: 1 | C9: =VLOOKUP($B9,Orçamento!$A$9:$L$117,4,0) -> SERVIÇOS PRELIMINARES | D9: =VLOOKUP($B9,Orçamento!$A$9:$L$117,11,0) -> 17468.67 | E9: =VLOOKUP($B9,Orçamento!$A$9:$L$117,12,0) -> 21579.06 | F9: =E9/$E$60 -> 0.10555234
A10: A | B10: 1.1 | C10: =VLOOKUP($B10,Orçamento!$A$9:$L$117,4,0) -> PLACA E CANTEIRO | D10: =VLOOKUP($B10,Orçamento!$A$9:$L$117,11,0) -> 17191.83 | E10: =VLOOKUP($B10,Orçamento!$A$9:$L$117,12,0) -> 21238.17 | F10: =E10/$E$60 -> 0.1038849 | G10: =VLOOKUP($B10,'Cron. Auxiliar'!$A$9:$V$123,G$82,0) -> 15627.69 | H10: =VLOOKUP($B10,'Cron. Auxiliar'!$A$9:$V$123,H$82,0) -> 2805.24 | I10: =VLOOKUP($B10,'Cron. Auxiliar'!$A$9:$V$123,I$82,0) -> 2805.24 | J10: =VLOOKUP($B10,'Cron. Auxiliar'!$A$9:$V$123,J$82,0) -> 0 | K10: =VLOOKUP($B10,'Cron. Auxiliar'!$A$9:$V$123,K$82,0) -> 0 | P10: =SUM(G10:K10) -> 21238.17 | Q10: =IF(P10=E10,"OK","NOK") -> OK
A11: - | G11: =G10/$E10 -> 0.73583035 | H11: =H10/$E10 -> 0.13208483 | I11: =I10/$E10 -> 0.13208483 | J11: =J10/$E10 -> 0 | K11: =K10/$E10 -> 0 | N11: =SUM(G11:K11) -> 1 | O11: =IF(N11=1,"OK","NOK") -> OK
A12: A | B12: 1.2 | C12: =VLOOKUP($B12,Orçamento!$A$9:$L$117,4,0) -> LOCAÇÃO DE OBRA | D12: =VLOOKUP($B12,Orçamento!$A$9:$L$117,11,0) -> 276.84 | E12: =VLOOKUP($B12,Orçamento!$A$9:$L$117,12,0) -> 340.89 | F12: =E12/$E$60 -> 0.0016674376 | G12: =VLOOKUP($B12,'Cron. Auxiliar'!$A$9:$V$123,G$82,0) -> 340.89 | H12: =VLOOKUP($B12,'Cron. Auxiliar'!$A$9:$V$123,H$82,0) -> 0 | I12: =VLOOKUP($B12,'Cron. Auxiliar'!$A$9:$V$123,I$82,0) -> 0 | J12: =VLOOKUP($B12,'Cron. Auxiliar'!$A$9:$V$123,J$82,0) -> 0 | K12: =VLOOKUP($B12,'Cron. Auxiliar'!$A$9:$V$123,K$82,0) -> 0 | P12: =SUM(G12:K12) -> 340.89 | Q12: =IF(P12=E12,"OK","NOK") -> OK
A13: - | G13: =G12/$E12 -> 1 | H13: =H12/$E12 -> 0 | I13: =I12/$E12 -> 0 | J13: =J12/$E12 -> 0 | K13: =K12/$E12 -> 0 | N13: =SUM(G13:K13) -> 1 | O13: =IF(N13=1,"OK","NOK") -> OK
B14: 2 | C14: =VLOOKUP($B14,Orçamento!$A$9:$L$117,4,0) -> LIMPEZA, TERRAPLENAGEM E DEMOLIÇÕES | D14: =VLOOKUP($B14,Orçamento!$A$9:$L$117,11,0) -> 24392.19 | E14: =VLOOKUP($B14,Orçamento!$A$9:$L$117,12,0) -> 30119.5 | F14: =E14/$E$60 -> 0.14732725
A15: A | B15: 2.1 | C15: =VLOOKUP($B15,Orçamento!$A$9:$L$117,4,0) -> LIMPEZA DO TERRENO | D15: =VLOOKUP($B15,Orçamento!$A$9:$L$117,11,0) -> 305.16 | E15: =VLOOKUP($B15,Orçamento!$A$9:$L$117,12,0) -> 373.42 | F15: =E15/$E$60 -> 0.0018265557 | G15: =VLOOKUP($B15,'Cron. Auxiliar'!$A$9:$V$123,G$82,0) -> 373.42 | H15: =VLOOKUP($B15,'Cron. Auxiliar'!$A$9:$V$123,H$82,0) -> 0 | I15: =VLOOKUP($B15,'Cron. Auxiliar'!$A$9:$V$123,I$82,0) -> 0 | J15: =VLOOKUP($B15,'Cron. Auxiliar'!$A$9:$V$123,J$82,0) -> 0 | K15: =VLOOKUP($B15,'Cron. Auxiliar'!$A$9:$V$123,K$82,0) -> 0 | P15: =SUM(G15:K15) -> 373.42 | Q15: =IF(P15=E15,"OK","NOK") -> OK
A16: - | G16: =G15/$E15 -> 1 | H16: =H15/$E15 -> 0 | I16: =I15/$E15 -> 0 | J16: =J15/$E15 -> 0 | K16: =K15/$E15 -> 0 | N16: =SUM(G16:K16) -> 1 | O16: =IF(N16=1,"OK","NOK") -> OK
A17: A | B17: 2.2 | C17: =VLOOKUP($B17,Orçamento!$A$9:$L$117,4,0) -> TERRAPLENAGEM | D17: =VLOOKUP($B17,Orçamento!$A$9:$L$117,11,0) -> 23068.63 | E17: =VLOOKUP($B17,Orçamento!$A$9:$L$117,12,0) -> 28488 | F17: =E17/$E$60 -> 0.1393469 | G17: =VLOOKUP($B17,'Cron. Auxiliar'!$A$9:$V$123,G$82,0) -> 28488 | H17: =VLOOKUP($B17,'Cron. Auxiliar'!$A$9:$V$123,H$82,0) -> 0 | I17: =VLOOKUP($B17,'Cron. Auxiliar'!$A$9:$V$123,I$82,0) -> 0 | J17: =VLOOKUP($B17,'Cron. Auxiliar'!$A$9:$V$123,J$82,0) -> 0 | K17: =VLOOKUP($B17,'Cron. Auxiliar'!$A$9:$V$123,K$82,0) -> 0 | P17: =SUM(G17:K17) -> 28488 | Q17: =IF(P17=E17,"OK","NOK") -> OK
A18: - | G18: =G17/$E17 -> 1 | H18: =H17/$E17 -> 0 | I18: =I17/$E17 -> 0 | J18: =J17/$E17 -> 0 | K18: =K17/$E17 -> 0 | N18: =SUM(G18:K18) -> 1 | O18: =IF(N18=1,"OK","NOK") -> OK
A19: A | B19: 2.3 | C19: =VLOOKUP($B19,Orçamento!$A$9:$L$117,4,0) -> DEMOLIÇÕES | D19: =VLOOKUP($B19,Orçamento!$A$9:$L$117,11,0) -> 1018.4 | E19: =VLOOKUP($B19,Orçamento!$A$9:$L$117,12,0) -> 1258.08 | F19: =E19/$E$60 -> 0.0061538031 | G19: =VLOOKUP($B19,'Cron. Auxiliar'!$A$9:$V$123,G$82,0) -> 1258.08 | H19: =VLOOKUP($B19,'Cron. Auxiliar'!$A$9:$V$123,H$82,0) -> 0 | I19: =VLOOKUP($B19,'Cron. Auxiliar'!$A$9:$V$123,I$82,0) -> 0 | J19: =VLOOKUP($B19,'Cron. Auxiliar'!$A$9:$V$123,J$82,0) -> 0 | K19: =VLOOKUP($B19,'Cron. Auxiliar'!$A$9:$V$123,K$82,0) -> 0 | P19: =SUM(G19:K19) -> 1258.08 | Q19: =IF(P19=E19,"OK","NOK") -> OK
A20: - | G20: =G19/$E19 -> 1 | H20: =H19/$E19 -> 0 | I20: =I19/$E19 -> 0 | J20: =J19/$E19 -> 0 | K20: =K19/$E19 -> 0 | N20: =SUM(G20:K20) -> 1 | O20: =IF(N20=1,"OK","NOK") -> OK
B21: 3 | C21: =VLOOKUP($B21,Orçamento!$A$9:$L$117,4,0) -> REVITALIZAÇÃO DO PLAYGROUND | D21: =VLOOKUP($B21,Orçamento!$A$9:$L$117,11,0) -> 67186.4 | E21: =VLOOKUP($B21,Orçamento!$A$9:$L$117,12,0) -> 82998.76 | F21: =E21/$E$60 -> 0.40598215
A22: A | B22: 3.1 | C22: =VLOOKUP($B22,Orçamento!$A$9:$L$117,4,0) -> RETIRADA E RECOLOCAÇÃO DE BRINQUEDOS | D22: =VLOOKUP($B22,Orçamento!$A$9:$L$117,11,0) -> 16740.79 | E22: =VLOOKUP($B22,Orçamento!$A$9:$L$117,12,0) -> 20681.54 | F22: =E22/$E$60 -> 0.10116219 | G22: =VLOOKUP($B22,'Cron. Auxiliar'!$A$9:$V$123,G$82,0) -> 20681.54 | H22: =VLOOKUP($B22,'Cron. Auxiliar'!$A$9:$V$123,H$82,0) -> 0 | I22: =VLOOKUP($B22,'Cron. Auxiliar'!$A$9:$V$123,I$82,0) -> 0 | J22: =VLOOKUP($B22,'Cron. Auxiliar'!$A$9:$V$123,J$82,0) -> 0 | K22: =VLOOKUP($B22,'Cron. Auxiliar'!$A$9:$V$123,K$82,0) -> 0 | P22: =SUM(G22:K22) -> 20681.54 | Q22: =IF(P22=E22,"OK","NOK") -> OK
A23: - | G23: =G22/$E22 -> 1 | H23: =H22/$E22 -> 0 | I23: =I22/$E22 -> 0 | J23: =J22/$E22 -> 0 | K23: =K22/$E22 -> 0 | N23: =SUM(G23:K23) -> 1 | O23: =IF(N23=1,"OK","NOK") -> OK
A24: A | B24: 3.2 | C24: =VLOOKUP($B24,Orçamento!$A$9:$L$117,4,0) -> BASE DOS BRINQUEDOS - TANQUES DE AREIA | D24: =VLOOKUP($B24,Orçamento!$A$9:$L$117,11,0) -> 40445.2 | E24: =VLOOKUP($B24,Orçamento!$A$9:$L$117,12,0) -> 49963.05 | F24: =E24/$E$60 -> 0.24439048 | G24: =VLOOKUP($B24,'Cron. Auxiliar'!$A$9:$V$123,G$82,0) -> 0 | H24: =VLOOKUP($B24,'Cron. Auxiliar'!$A$9:$V$123,H$82,0) -> 19732.61 | I24: =VLOOKUP($B24,'Cron. Auxiliar'!$A$9:$V$123,I$82,0) -> 30230.44 | J24: =VLOOKUP($B24,'Cron. Auxiliar'!$A$9:$V$123,J$82,0) -> 0 | K24: =VLOOKUP($B24,'Cron. Auxiliar'!$A$9:$V$123,K$82,0) -> 0 | P24: =SUM(G24:K24) -> 49963.05 | Q24: =IF(P24=E24,"OK","NOK") -> OK
A25: - | G25: =G24/$E24 -> 0 | H25: =H24/$E24 -> 0.39494406 | I25: =I24/$E24 -> 0.60505594 | J25: =J24/$E24 -> 0 | K25: =K24/$E24 -> 0 | N25: =SUM(G25:K25) -> 1 | O25: =IF(N25=1,"OK","NOK") -> OK
A26: A | B26: 3.3 | C26: =VLOOKUP($B26,Orçamento!$A$9:$L$117,4,0) -> EQUIPAMENTOS NOVOS - BRINQUEDO PNE E PLACA | D26: =VLOOKUP($B26,Orçamento!$A$9:$L$117,11,0) -> 10000.41 | E26: =VLOOKUP($B26,Orçamento!$A$9:$L$117,12,0) -> 12354.17 | F26: =E26/$E$60 -> 0.060429488 | G26: =VLOOKUP($B26,'Cron. Auxiliar'!$A$9:$V$123,G$82,0) -> 0 | H26: =VLOOKUP($B26,'Cron. Auxiliar'!$A$9:$V$123,H$82,0) -> 2906.82 | I26: =VLOOKUP($B26,'Cron. Auxiliar'!$A$9:$V$123,I$82,0) -> 9447.35 | J26: =VLOOKUP($B26,'Cron. Auxiliar'!$A$9:$V$123,J$82,0) -> 0 | K26: =VLOOKUP($B26,'Cron. Auxiliar'!$A$9:$V$123,K$82,0) -> 0 | P26: =SUM(G26:K26) -> 12354.17 | Q26: =IF(P26=E26,"OK","NOK") -> OK
A27: - | G27: =G26/$E26 -> 0 | H27: =H26/$E26 -> 0.23529059 | I27: =I26/$E26 -> 0.76470941 | J27: =J26/$E26 -> 0 | K27: =K26/$E26 -> 0 | N27: =SUM(G27:K27) -> 1 | O27: =IF(N27=1,"OK","NOK") -> OK
B28: 4 | C28: =VLOOKUP($B28,Orçamento!$A$9:$L$117,4,0) -> REVITALIZAÇÃO QUIOSQUE | D28: =VLOOKUP($B28,Orçamento!$A$9:$L$117,11,0) -> 7469.18 | E28: =VLOOKUP($B28,Orçamento!$A$9:$L$117,12,0) -> 9225.66 | F28: =E28/$E$60 -> 0.045126618
A29: A | B29: 4.1 | C29: =VLOOKUP($B29,Orçamento!$A$9:$L$117,4,0) -> MOBILIZAÇÃO | D29: =VLOOKUP($B29,Orçamento!$A$9:$L$117,11,0) -> 174.08 | E29: =VLOOKUP($B29,Orçamento!$A$9:$L$117,12,0) -> 215.04 | F29: =E29/$E$60 -> 0.0010518519 | G29: =VLOOKUP($B29,'Cron. Auxiliar'!$A$9:$V$123,G$82,0) -> 0 | H29: =VLOOKUP($B29,'Cron. Auxiliar'!$A$9:$V$123,H$82,0) -> 215.04 | I29: =VLOOKUP($B29,'Cron. Auxiliar'!$A$9:$V$123,I$82,0) -> 0 | J29: =VLOOKUP($B29,'Cron. Auxiliar'!$A$9:$V$123,J$82,0) -> 0 | K29: =VLOOKUP($B29,'Cron. Auxiliar'!$A$9:$V$123,K$82,0) -> 0 | P29: =SUM(G29:K29) -> 215.04 | Q29: =IF(P29=E29,"OK","NOK") -> OK
A30: - | G30: =G29/$E29 -> 0 | H30: =H29/$E29 -> 1 | I30: =I29/$E29 -> 0 | J30: =J29/$E29 -> 0 | K30: =K29/$E29 -> 0 | N30: =SUM(G30:K30) -> 1 | O30: =IF(N30=1,"OK","NOK") -> OK
A31: A | B31: 4.2 | C31: =VLOOKUP($B31,Orçamento!$A$9:$L$117,4,0) -> PINTURA COBERTURA | D31: =VLOOKUP($B31,Orçamento!$A$9:$L$117,11,0) -> 4743.57 | E31: =VLOOKUP($B31,Orçamento!$A$9:$L$117,12,0) -> 5859.85 | F31: =E31/$E$60 -> 0.028663013 | G31: =VLOOKUP($B31,'Cron. Auxiliar'!$A$9:$V$123,G$82,0) -> 0 | H31: =VLOOKUP($B31,'Cron. Auxiliar'!$A$9:$V$123,H$82,0) -> 5859.85 | I31: =VLOOKUP($B31,'Cron. Auxiliar'!$A$9:$V$123,I$82,0) -> 0 | J31: =VLOOKUP($B31,'Cron. Auxiliar'!$A$9:$V$123,J$82,0) -> 0 | K31: =VLOOKUP($B31,'Cron. Auxiliar'!$A$9:$V$123,K$82,0) -> 0 | P31: =SUM(G31:K31) -> 5859.85 | Q31: =IF(P31=E31,"OK","NOK") -> OK
A32: - | G32: =G31/$E31 -> 0 | H32: =H31/$E31 -> 1 | I32: =I31/$E31 -> 0 | J32: =J31/$E31 -> 0 | K32: =K31/$E31 -> 0 | N32: =SUM(G32:K32) -> 1 | O32: =IF(N32=1,"OK","NOK") -> OK
A33: A | B33: 4.3 | C33: =VLOOKUP($B33,Orçamento!$A$9:$L$117,4,0) -> PINTURA EM ALVENARIAS | D33: =VLOOKUP($B33,Orçamento!$A$9:$L$117,11,0) -> 2267.83 | E33: =VLOOKUP($B33,Orçamento!$A$9:$L$117,12,0) -> 2800.85 | F33: =E33/$E$60 -> 0.013700146 | G33: =VLOOKUP($B33,'Cron. Auxiliar'!$A$9:$V$123,G$82,0) -> 0 | H33: =VLOOKUP($B33,'Cron. Auxiliar'!$A$9:$V$123,H$82,0) -> 0 | I33: =VLOOKUP($B33,'Cron. Auxiliar'!$A$9:$V$123,I$82,0) -> 2800.85 | J33: =VLOOKUP($B33,'Cron. Auxiliar'!$A$9:$V$123,J$82,0) -> 0 | K33: =VLOOKUP($B33,'Cron. Auxiliar'!$A$9:$V$123,K$82,0) -> 0 | P33: =SUM(G33:K33) -> 2800.85 | Q33: =IF(P33=E33,"OK","NOK") -> OK
A34: - | G34: =G33/$E33 -> 0 | H34: =H33/$E33 -> 0 | I34: =I33/$E33 -> 1 | J34: =J33/$E33 -> 0 | K34: =K33/$E33 -> 0 | N34: =SUM(G34:K34) -> 1 | O34: =IF(N34=1,"OK","NOK") -> OK
A35: A | B35: 4.4 | C35: =VLOOKUP($B35,Orçamento!$A$9:$L$117,4,0) -> LIMPEZA DO PISO | D35: =VLOOKUP($B35,Orçamento!$A$9:$L$117,11,0) -> 283.7 | E35: =VLOOKUP($B35,Orçamento!$A$9:$L$117,12,0) -> 349.92 | F35: =E35/$E$60 -> 0.0017116072 | G35: =VLOOKUP($B35,'Cron. Auxiliar'!$A$9:$V$123,G$82,0) -> 0 | H35: =VLOOKUP($B35,'Cron. Auxiliar'!$A$9:$V$123,H$82,0) -> 0 | I35: =VLOOKUP($B35,'Cron. Auxiliar'!$A$9:$V$123,I$82,0) -> 349.92 | J35: =VLOOKUP($B35,'Cron. Auxiliar'!$A$9:$V$123,J$82,0) -> 0 | K35: =VLOOKUP($B35,'Cron. Auxiliar'!$A$9:$V$123,K$82,0) -> 0 | P35: =SUM(G35:K35) -> 349.92 | Q35: =IF(P35=E35,"OK","NOK") -> OK
A36: - | G36: =G35/$E35 -> 0 | H36: =H35/$E35 -> 0 | I36: =I35/$E35 -> 1 | J36: =J35/$E35 -> 0 | K36: =K35/$E35 -> 0 | N36: =SUM(G36:K36) -> 1 | O36: =IF(N36=1,"OK","NOK") -> OK
B37: 5 | C37: =VLOOKUP($B37,Orçamento!$A$9:$L$117,4,0) -> REVITALIZAÇÃO CORETO | D37: =VLOOKUP($B37,Orçamento!$A$9:$L$117,11,0) -> 11907.8 | E37: =VLOOKUP($B37,Orçamento!$A$9:$L$117,12,0) -> 14709.11 | F37: =E37/$E$60 -> 0.071948498
A38: A | B38: 5.1 | C38: =VLOOKUP($B38,Orçamento!$A$9:$L$117,4,0) -> MOBILIZAÇÃO | D38: =VLOOKUP($B38,Orçamento!$A$9:$L$117,11,0) -> 261.12 | E38: =VLOOKUP($B38,Orçamento!$A$9:$L$117,12,0) -> 322.56 | F38: =E38/$E$60 -> 0.0015777778 | G38: =VLOOKUP($B38,'Cron. Auxiliar'!$A$9:$V$123,G$82,0) -> 0 | H38: =VLOOKUP($B38,'Cron. Auxiliar'!$A$9:$V$123,H$82,0) -> 322.56 | I38: =VLOOKUP($B38,'Cron. Auxiliar'!$A$9:$V$123,I$82,0) -> 0 | J38: =VLOOKUP($B38,'Cron. Auxiliar'!$A$9:$V$123,J$82,0) -> 0 | K38: =VLOOKUP($B38,'Cron. Auxiliar'!$A$9:$V$123,K$82,0) -> 0 | P38: =SUM(G38:K38) -> 322.56 | Q38: =IF(P38=E38,"OK","NOK") -> OK
A39: - | G39: =G38/$E38 -> 0 | H39: =H38/$E38 -> 1 | I39: =I38/$E38 -> 0 | J39: =J38/$E38 -> 0 | K39: =K38/$E38 -> 0 | N39: =SUM(G39:K39) -> 1 | O39: =IF(N39=1,"OK","NOK") -> OK
A40: A | B40: 5.2 | C40: =VLOOKUP($B40,Orçamento!$A$9:$L$117,4,0) -> PINTURA COBERTURA | D40: =VLOOKUP($B40,Orçamento!$A$9:$L$117,11,0) -> 5530.13 | E40: =VLOOKUP($B40,Orçamento!$A$9:$L$117,12,0) -> 6831.5 | F40: =E40/$E$60 -> 0.033415765 | G40: =VLOOKUP($B40,'Cron. Auxiliar'!$A$9:$V$123,G$82,0) -> 0 | H40: =VLOOKUP($B40,'Cron. Auxiliar'!$A$9:$V$123,H$82,0) -> 6831.5 | I40: =VLOOKUP($B40,'Cron. Auxiliar'!$A$9:$V$123,I$82,0) -> 0 | J40: =VLOOKUP($B40,'Cron. Auxiliar'!$A$9:$V$123,J$82,0) -> 0 | K40: =VLOOKUP($B40,'Cron. Auxiliar'!$A$9:$V$123,K$82,0) -> 0 | P40: =SUM(G40:K40) -> 6831.5 | Q40: =IF(P40=E40,"OK","NOK") -> OK
A41: - | G41: =G40/$E40 -> 0 | H41: =H40/$E40 -> 1 | I41: =I40/$E40 -> 0 | J41: =J40/$E40 -> 0 | K41: =K40/$E40 -> 0 | N41: =SUM(G41:K41) -> 1 | O41: =IF(N41=1,"OK","NOK") -> OK
A42: A | B42: 5.3 | C42: =VLOOKUP($B42,Orçamento!$A$9:$L$117,4,0) -> PINTURA EM ALVENARIAS | D42: =VLOOKUP($B42,Orçamento!$A$9:$L$117,11,0) -> 3688.46 | E42: =VLOOKUP($B42,Orçamento!$A$9:$L$117,12,0) -> 4556.12 | F42: =E42/$E$60 -> 0.022285916 | G42: =VLOOKUP($B42,'Cron. Auxiliar'!$A$9:$V$123,G$82,0) -> 0 | H42: =VLOOKUP($B42,'Cron. Auxiliar'!$A$9:$V$123,H$82,0) -> 1533.34 | I42: =VLOOKUP($B42,'Cron. Auxiliar'!$A$9:$V$123,I$82,0) -> 3022.78 | J42: =VLOOKUP($B42,'Cron. Auxiliar'!$A$9:$V$123,J$82,0) -> 0 | K42: =VLOOKUP($B42,'Cron. Auxiliar'!$A$9:$V$123,K$82,0) -> 0 | P42: =SUM(G42:K42) -> 4556.12 | Q42: =IF(P42=E42,"OK","NOK") -> OK
A43: - | G43: =G42/$E42 -> 0 | H43: =H42/$E42 -> 0.33654513 | I43: =I42/$E42 -> 0.66345487 | J43: =J42/$E42 -> 0 | K43: =K42/$E42 -> 0 | N43: =SUM(G43:K43) -> 1 | O43: =IF(N43=1,"OK","NOK") -> OK
A44: A | B44: 5.4 | C44: =VLOOKUP($B44,Orçamento!$A$9:$L$117,4,0) -> GUARDA-CORPO E CORRIMÃO | D44: =VLOOKUP($B44,Orçamento!$A$9:$L$117,11,0) -> 2269.69 | E44: =VLOOKUP($B44,Orçamento!$A$9:$L$117,12,0) -> 2803.56 | F44: =E44/$E$60 -> 0.013713402 | G44: =VLOOKUP($B44,'Cron. Auxiliar'!$A$9:$V$123,G$82,0) -> 0 | H44: =VLOOKUP($B44,'Cron. Auxiliar'!$A$9:$V$123,H$82,0) -> 0 | I44: =VLOOKUP($B44,'Cron. Auxiliar'!$A$9:$V$123,I$82,0) -> 2803.56 | J44: =VLOOKUP($B44,'Cron. Auxiliar'!$A$9:$V$123,J$82,0) -> 0 | K44: =VLOOKUP($B44,'Cron. Auxiliar'!$A$9:$V$123,K$82,0) -> 0 | P44: =SUM(G44:K44) -> 2803.56 | Q44: =IF(P44=E44,"OK","NOK") -> OK
A45: - | G45: =G44/$E44 -> 0 | H45: =H44/$E44 -> 0 | I45: =I44/$E44 -> 1 | J45: =J44/$E44 -> 0 | K45: =K44/$E44 -> 0 | N45: =SUM(G45:K45) -> 1 | O45: =IF(N45=1,"OK","NOK") -> OK
A46: A | B46: 5.5 | C46: =VLOOKUP($B46,Orçamento!$A$9:$L$117,4,0) -> LIMPEZA DO PISO | D46: =VLOOKUP($B46,Orçamento!$A$9:$L$117,11,0) -> 158.4 | E46: =VLOOKUP($B46,Orçamento!$A$9:$L$117,12,0) -> 195.37 | F46: =E46/$E$60 -> 0.00095563757 | G46: =VLOOKUP($B46,'Cron. Auxiliar'!$A$9:$V$123,G$82,0) -> 0 | H46: =VLOOKUP($B46,'Cron. Auxiliar'!$A$9:$V$123,H$82,0) -> 0 | I46: =VLOOKUP($B46,'Cron. Auxiliar'!$A$9:$V$123,I$82,0) -> 195.37 | J46: =VLOOKUP($B46,'Cron. Auxiliar'!$A$9:$V$123,J$82,0) -> 0 | K46: =VLOOKUP($B46,'Cron. Auxiliar'!$A$9:$V$123,K$82,0) -> 0 | P46: =SUM(G46:K46) -> 195.37 | Q46: =IF(P46=E46,"OK","NOK") -> OK
A47: - | G47: =G46/$E46 -> 0 | H47: =H46/$E46 -> 0 | I47: =I46/$E46 -> 1 | J47: =J46/$E46 -> 0 | K47: =K46/$E46 -> 0 | N47: =SUM(G47:K47) -> 1 | O47: =IF(N47=1,"OK","NOK") -> OK
B48: 6 | C48: =VLOOKUP($B48,Orçamento!$A$9:$L$117,4,0) -> CALÇADA EXTERNA E PASSEIO DA PRAÇA | D48: =VLOOKUP($B48,Orçamento!$A$9:$L$117,11,0) -> 14903.78 | E48: =VLOOKUP($B48,Orçamento!$A$9:$L$117,12,0) -> 18392.39 | F48: =E48/$E$60 -> 0.089964984
A49: A | B49: 6.1 | C49: =VLOOKUP($B49,Orçamento!$A$9:$L$117,4,0) -> REVITALIZAÇÃO DE PINTURA RECREATIVA | D49: =VLOOKUP($B49,Orçamento!$A$9:$L$117,11,0) -> 5848.23 | E49: =VLOOKUP($B49,Orçamento!$A$9:$L$117,12,0) -> 7223.24 | F49: =E49/$E$60 -> 0.035331932 | G49: =VLOOKUP($B49,'Cron. Auxiliar'!$A$9:$V$123,G$82,0) -> 0 | H49: =VLOOKUP($B49,'Cron. Auxiliar'!$A$9:$V$123,H$82,0) -> 1038.7 | I49: =VLOOKUP($B49,'Cron. Auxiliar'!$A$9:$V$123,I$82,0) -> 6184.54 | J49: =VLOOKUP($B49,'Cron. Auxiliar'!$A$9:$V$123,J$82,0) -> 0 | K49: =VLOOKUP($B49,'Cron. Auxiliar'!$A$9:$V$123,K$82,0) -> 0 | P49: =SUM(G49:K49) -> 7223.24 | Q49: =IF(P49=E49,"OK","NOK") -> OK
A50: - | G50: =G49/$E49 -> 0 | H50: =H49/$E49 -> 0.14379974 | I50: =I49/$E49 -> 0.85620026 | J50: =J49/$E49 -> 0 | K50: =K49/$E49 -> 0 | N50: =SUM(G50:K50) -> 1 | O50: =IF(N50=1,"OK","NOK") -> OK
A51: A | B51: 6.2 | C51: =VLOOKUP($B51,Orçamento!$A$9:$L$117,4,0) -> LIMPEZA GERAL | D51: =VLOOKUP($B51,Orçamento!$A$9:$L$117,11,0) -> 9055.55 | E51: =VLOOKUP($B51,Orçamento!$A$9:$L$117,12,0) -> 11169.15 | F51: =E51/$E$60 -> 0.054633052 | G51: =VLOOKUP($B51,'Cron. Auxiliar'!$A$9:$V$123,G$82,0) -> 0 | H51: =VLOOKUP($B51,'Cron. Auxiliar'!$A$9:$V$123,H$82,0) -> 0 | I51: =VLOOKUP($B51,'Cron. Auxiliar'!$A$9:$V$123,I$82,0) -> 11169.15 | J51: =VLOOKUP($B51,'Cron. Auxiliar'!$A$9:$V$123,J$82,0) -> 0 | K51: =VLOOKUP($B51,'Cron. Auxiliar'!$A$9:$V$123,K$82,0) -> 0 | P51: =SUM(G51:K51) -> 11169.15 | Q51: =IF(P51=E51,"OK","NOK") -> OK
A52: - | G52: =G51/$E51 -> 0 | H52: =H51/$E51 -> 0 | I52: =I51/$E51 -> 1 | J52: =J51/$E51 -> 0 | K52: =K51/$E51 -> 0 | N52: =SUM(G52:K52) -> 1 | O52: =IF(N52=1,"OK","NOK") -> OK
B53: 7 | C53: =VLOOKUP($B53,Orçamento!$A$9:$L$117,4,0) -> SERVIÇOS COMPLEMENTARES | D53: =VLOOKUP($B53,Orçamento!$A$9:$L$117,11,0) -> 16613.62 | E53: =VLOOKUP($B53,Orçamento!$A$9:$L$117,12,0) -> 20519 | F53: =E53/$E$60 -> 0.10036714
A54: A | B54: 7.1 | C54: =VLOOKUP($B54,Orçamento!$A$9:$L$117,4,0) -> PAISAGISMO | D54: =VLOOKUP($B54,Orçamento!$A$9:$L$117,11,0) -> 11788.75 | E54: =VLOOKUP($B54,Orçamento!$A$9:$L$117,12,0) -> 14558.38 | F54: =E54/$E$60 -> 0.071211214 | G54: =VLOOKUP($B54,'Cron. Auxiliar'!$A$9:$V$123,G$82,0) -> 0 | H54: =VLOOKUP($B54,'Cron. Auxiliar'!$A$9:$V$123,H$82,0) -> 0 | I54: =VLOOKUP($B54,'Cron. Auxiliar'!$A$9:$V$123,I$82,0) -> 7874.98 | J54: =VLOOKUP($B54,'Cron. Auxiliar'!$A$9:$V$123,J$82,0) -> 3341.7 | K54: =VLOOKUP($B54,'Cron. Auxiliar'!$A$9:$V$123,K$82,0) -> 3341.7 | P54: =SUM(G54:K54) -> 14558.38 | Q54: =IF(P54=E54,"OK","NOK") -> OK
A55: - | G55: =G54/$E54 -> 0 | H55: =H54/$E54 -> 0 | I55: =I54/$E54 -> 0.5409242 | J55: =J54/$E54 -> 0.2295379 | K55: =K54/$E54 -> 0.2295379 | N55: =SUM(G55:K55) -> 1 | O55: =IF(N55=1,"OK","NOK") -> OK
A56: A | B56: 7.2 | C56: =VLOOKUP($B56,Orçamento!$A$9:$L$117,4,0) -> MOBILIÁRIO | D56: =VLOOKUP($B56,Orçamento!$A$9:$L$117,11,0) -> 4824.87 | E56: =VLOOKUP($B56,Orçamento!$A$9:$L$117,12,0) -> 5960.62 | F56: =E56/$E$60 -> 0.029155922 | G56: =VLOOKUP($B56,'Cron. Auxiliar'!$A$9:$V$123,G$82,0) -> 0 | H56: =VLOOKUP($B56,'Cron. Auxiliar'!$A$9:$V$123,H$82,0) -> 0 | I56: =VLOOKUP($B56,'Cron. Auxiliar'!$A$9:$V$123,I$82,0) -> 5960.62 | J56: =VLOOKUP($B56,'Cron. Auxiliar'!$A$9:$V$123,J$82,0) -> 0 | K56: =VLOOKUP($B56,'Cron. Auxiliar'!$A$9:$V$123,K$82,0) -> 0 | P56: =SUM(G56:K56) -> 5960.62 | Q56: =IF(P56=E56,"OK","NOK") -> OK
A57: - | G57: =G56/$E56 -> 0 | H57: =H56/$E56 -> 0 | I57: =I56/$E56 -> 1 | J57: =J56/$E56 -> 0 | K57: =K56/$E56 -> 0 | N57: =SUM(G57:K57) -> 1 | O57: =IF(N57=1,"OK","NOK") -> OK
A58: ** | B58: 8 | C58: =VLOOKUP($B58,Orçamento!$A$9:$L$117,4,0) -> ADMINISTRAÇÃO LOCAL | D58: =VLOOKUP($B58,Orçamento!$A$9:$L$117,11,0) -> 5581.96 | E58: =VLOOKUP($B58,Orçamento!$A$9:$L$117,12,0) -> 6895.95 | F58: =E58/$E$60 -> 0.033731018 | G58: =ROUND($E58*G59,4) -> 2330.8311 | H58: =ROUND($E58*H59,4) -> 1439.8261 | I58: =ROUND($E58*I59,4) -> 2891.989 | J58: =ROUND($E58*J59,4) -> 116.6519 | K58: =ROUND($E58*K59,4) -> 116.6519 | P58: =SUM(G58:K58) -> 6895.95 | Q58: =IF(P58=E58,"OK","NOK") -> OK
G59: =ROUND(G80,6) -> 0.338 | H59: =ROUND(H80,6) -> 0.208793 | I59: =ROUND(I80,6) -> 0.419375 | J59: =ROUND(J80,6) -> 0.016916 | K59: =ROUND(K80,6) -> 0.016916 | N59: =TRUNC(SUM(G59:K59),3) -> 1 | O59: =IF(N59=1,"OK","NOK") -> OK
C60: TOTAL | E60: =SUMIF($A$9:$A$57,"A",E9:E57)+E58 -> 204439.43 | F60: TOTAL (R$) | G60: =SUMIF($A$9:$A$57,"A",G9:G57)+G58 -> 69100.451 | H60: =SUMIF($A$9:$A$57,"A",H9:H57)+H58 -> 42685.486 | I60: =SUMIF($A$9:$A$57,"A",I9:I57)+I58 -> 85736.789 | J60: =SUMIF($A$9:$A$57,"A",J9:J57)+J58 -> 3458.3519 | K60: =SUMIF($A$9:$A$57,"A",K9:K57)+K58 -> 3458.3519 | P60: =SUM(G60:K60) -> 204439.43 | Q60: =IF(P60=E60,"OK","NOK") -> OK
F61: TOTAL (%) | G61: =G60/$E$60 -> 0.33799963 | H61: =H60/$E$60 -> 0.20879282 | I61: =I60/$E$60 -> 0.41937501 | J61: =J60/$E$60 -> 0.016916267 | K61: =K60/$E$60 -> 0.016916267 | N61: =SUM(G61:K61) -> 1 | O61: =IF(N61=1,"OK","NOK") -> OK
E62: TOTAL ACUMULADO ($) | G62: =G60 -> 69100.451 | H62: =G62+H60 -> 111785.94 | I62: =H62+I60 -> 197522.73 | J62: =I62+J60 -> 200981.08 | K62: =J62+K60 -> 204439.43 | P62: =K62 -> 204439.43 | Q62: =IF(P62=E60,"OK","NOK") -> OK
E63: TOTAL ACUMULADO (%) | G63: =G62/$E$60 -> 0.33799963 | H63: =G63+H61 -> 0.54679245 | I63: =H63+I61 -> 0.96616747 | J63: =I63+J61 -> 0.98308373 | K63: =J63+K61 -> 1 | N63: =K63 -> 1 | O63: =IF(N63=1,"OK","NOK") -> OK
M75: TOTAL
N79: TOTAL
G80: =SUMIF($A$9:$A$57,"A",G9:G57)/($E$60-$E$58) -> 0.33799961 | H80: =SUMIF($A$9:$A$57,"A",H9:H57)/($E$60-$E$58) -> 0.20879282 | I80: =SUMIF($A$9:$A$57,"A",I9:I57)/($E$60-$E$58) -> 0.41937502 | J80: =SUMIF($A$9:$A$57,"A",J9:J57)/($E$60-$E$58) -> 0.016916276 | K80: =SUMIF($A$9:$A$57,"A",K9:K57)/($E$60-$E$58) -> 0.016916276 | N80: Planilha | P80: =Orçamento!J117 -> 204439.43
N81: Cronograma | P81: =K62 -> 204439.43 | Q81: =IF(P80=P81,"OK","NOK") -> OK
G82: ='Cron. Auxiliar'!N6 -> 14 | H82: =G82+2 -> 16 | I82: =H82+2 -> 18 | J82: =I82+2 -> 20 | K82: =J82+2 -> 22
